Workbook
Name Afectación_Económica: '3 PROBABIL E IMPACTO INHERENTE'!$X$9:$X$14
Name Definicion_tratamiento: '11 FORMULAS'!#REF!
Name E_Relaciones_Laborales: '11 FORMULAS'!$C$12:$C$17
Name Ejecución_administración_de_procesos: Tabla2[Ejecución_administración_de_procesos]
Name Evento_externo: '11 FORMULAS'!$F$39:$F$42
Name F_Usuarios_Productos_y_Prácticas_Organizacionales: '11 FORMULAS'!$C$18:$C$23
Name Fiscal: '11 FORMULAS'!$B$32:$B$35
Name Fiscal_A: '11 FORMULAS'!#REF!
Name Fiscal_B: '11 FORMULAS'!#REF!
Name G_Daños_Activos_Físicos: '11 FORMULAS'!$C$24:$C$26
Name Gestión: '11 FORMULAS'!$A$32:$A$34
Name Gestiòn: '11 FORMULAS'!#REF!
Name Gestión_A: '11 FORMULAS'!#REF!
Name Gestión_B: '11 FORMULAS'!#REF!
Name IMPACTO_PROCESOS: '[1]LISTAS FORMULAS'!$C$3:$C$7
Name IMPACTO_PROCESOS: '[1]LISTAS FORMULAS'!$C$3:$C$7
Name IMPACTO_PROCESOS: '[1]LISTAS FORMULAS'!$C$3:$C$7
Name IMPACTO_PROCESOS: '[1]LISTAS FORMULAS'!$C$3:$C$7
Name IMPACTO_PROCESOS: '[1]LISTAS FORMULAS'!$C$3:$C$7
Name IMPACTO_PROCESOS: '[1]LISTAS FORMULAS'!$C$3:$C$7
Name Infraestructura: '11 FORMULAS'!$E$39:$E$42
Name Integridad_Pública_Corrupción: '11 FORMULAS'!$D$32:$D$34
Name Integridad_Pública_LA_FT_FP: '11 FORMULAS'!$E$32:$E$34
Name IntegridadPública_Corrupción: '11 FORMULAS'!#REF!
Name IntegridadPública_LA_FT_FP: '11 FORMULAS'!#REF!
Name opciones: '[1]LISTAS FORMULAS'!$F$3:$F$4
Name opciones: '[1]LISTAS FORMULAS'!$F$3:$F$4
Name opciones: '[1]LISTAS FORMULAS'!$F$3:$F$4
Name opciones: '[1]LISTAS FORMULAS'!$F$3:$F$4
Name opciones: '[1]LISTAS FORMULAS'!$F$3:$F$4
Name opciones: '[1]LISTAS FORMULAS'!$F$3:$F$4
Name opciones2: '[1]LISTAS FORMULAS'!$G$3:$G$5
Name opciones2: '[1]LISTAS FORMULAS'!$G$3:$G$5
Name opciones2: '[1]LISTAS FORMULAS'!$G$3:$G$5
Name opciones2: '[1]LISTAS FORMULAS'!$G$3:$G$5
Name opciones2: '[1]LISTAS FORMULAS'!$G$3:$G$5
Name opciones2: '[1]LISTAS FORMULAS'!$G$3:$G$5
Name Plan_accion: '11 FORMULAS'!#REF!
Name Plan_acción: '11 FORMULAS'!#REF!
Name Plan_de_acción: '11 FORMULAS'!#REF!
Name Posibilidad__de_efecto_dañoso_sobre_el_interes_patrimonial: '11 FORMULAS'!#REF!
Name Posibilidad_de_pérdida_Económica: '11 FORMULAS'!#REF!
Name Quince_Cero: '[1]LISTAS FORMULAS'!$F$14:$F$15
Name Quince_Cero: '[1]LISTAS FORMULAS'!$F$14:$F$15
Name Quince_Cero: '[1]LISTAS FORMULAS'!$F$14:$F$15
Name Quince_Cero: '[1]LISTAS FORMULAS'!$F$14:$F$15
Name Quince_Cero: '[1]LISTAS FORMULAS'!$F$14:$F$15
Name Quince_Cero: '[1]LISTAS FORMULAS'!$F$14:$F$15
Name Rango_Calificacion_Ejecucion: '[1]LISTAS FORMULAS'!$H$3:$H$5
Name Rango_Calificacion_Ejecucion: '[1]LISTAS FORMULAS'!$H$3:$H$5
Name Rango_Calificacion_Ejecucion: '[1]LISTAS FORMULAS'!$H$3:$H$5
Name Rango_Calificacion_Ejecucion: '[1]LISTAS FORMULAS'!$H$3:$H$5
Name Rango_Calificacion_Ejecucion: '[1]LISTAS FORMULAS'!$H$3:$H$5
Name Rango_Calificacion_Ejecucion: '[1]LISTAS FORMULAS'!$H$3:$H$5
Name Reducir_mitigar_Transferir_Evitar: '8 MAPA RIESGOS'!$AJ$16:$AJ$18
Name Reputacional: '3 PROBABIL E IMPACTO INHERENTE'!$Y$9:$Y$14
Name Requiere_Plan_de_Acción: '8 MAPA RIESGOS'!$AJ$16:$AJ$18
Name Seg.Información: '11 FORMULAS'!#REF!
Name Seguridad_Información: '11 FORMULAS'!$C$32:$C$34
Name Talento_Humano: '11 FORMULAS'!$C$39:$C$42

Sheet 1 INSTRUCTIVO
B2: Matriz Mapa de Riesgos
B4: Con la expedición del Decreto 1499 de 2017 “Por medio del cual se modifica el Decreto 1083 de 2015, Decreto Único Reglamentario del Sector Función Pública, en lo relacionado con el Sistema de Gestión establecido en el artículo 133 de la Ley 1753 de 2015”, se crea un solo Sistema de Gestión y se alinea con el Sistema de Control Interno, hoy todas las entidades públicas requieren actualizar y/o implementar el Modelo Integrado de Planeación y Gestión MIPG, modelo que incorpora el Modelo Estándar de Control Interno MECI a través de la 7a dimensión del mismo. En este marco general, el proceso de administración del riesgo es un esfuerzo conjunto entre la Alta Dirección y los servidores en todos sus niveles, ejercicio que inicia con la formulación de la política de Administración del Riesgo, la cual incluye los niveles de responsabilidad frente al seguimiento y evaluación, aspectos que deberán definirse acorde con el Esquema de Líneas de Defensa vinculado a la Dimensión 7. Teniendo en cuenta lo anterior y dada la necesidad de las entidades frente a la estructuración de los mapas de riesgos, como herramienta fundamental frente a la gestión del riesgo, el presente formato desarrolla un esquema completo acorde con los contenidos metodológicos de la Guía para la Administración del Riesgo y el diseño de controles V5. El formato cuenta con celdas parametrizadas y permite contar con los respectivos mapas de calor para riesgo inherente y riesgo residual.
B6: Orientaciones Generales
B7: Antes de iniciar con el diligenciamiento de la información en la matriz, se requiere haber avanzado en el análisis del proceso, su objetivo, alcance, actividades clave, considere los lineamientos establecidos en el Paso 2: identificación del riesgo, donde se explica ampliamente las bases para adelantar este análisis. Así mismo, considere en el Paso 3: valoración del riesgo los lineamientos para definir el No. de veces que se hace la actividad con la cual se relaciona el riesgo y su impacto en términos económicos o reputacionales. En este mismo paso se analizan los controles que deben responder a los atributos de eficiencia e informativos.
B9: Las hojas se encuentran protegidas para evidar dañar las formulas, para desprotegerlas no se requiere contraseña
B11: Se debe ingresar información solo en las celdas identificadas con color NARANJA CLARO, las demás contienen formulas de autollenado
B13: El formato de fecha es: DD/MM/AAAA
B15: El archivo contiene las siguientes hojas:
B17: 1 INSTRUCTIVO: Identifica el contenido del archivo y su funcionalidad
B19: 2 CONTEXTO E IDENTIFICACIÓN: Se establece el Número, Descripción y Factor del riesgo
C21: Columna | E21: Descripción - Lineamientos para el diligenciamiento
C22: Proceso | E22: Diligencie el nombre del proceso al cual se le identificarán y valorarán los riesgos.
C23: Objetivo del Proceso | E23: Diligencie el objetivo del proceso.
C24: Elaboración o Actualización: | E24: Fecha en la que realiza el diligenciamiento o actualización del mapa de riesgos, formato (DD/MM/AAAA)
C25: Vigencia: | E25: Vigencia que tiene el mapa de riesgos fecha inicio fecha final, formato (DD/MM/AAAA)
C26: No. de Riesgo | E26: Permite definir unl consecutivo de riesgos. Una entidad puede ir en el riesgo 150, pero tener 70 riesgos, lo que permite llevar una traza de los riesgos. Esta información la debe administrar la oficina asesora de planeación o gerencia de riesgos. Cuando un el riesgo salga del mapa no existirá otro riesgo con el mismo número.
C27: ¿QUÉ? IMPACTO | E27: Analice las consecuencias que puede ocasionar a la organización la materialización del riesgo, Seleccione de la lista desplegable entre: Posibilidad de pérdida Económica Posibilidad de pérdida Reputacional Posibilidad de pérdida Económica y Reputacional
C28: ¿CÓMO? CAUSA INMEDIATA | E28: Circunstancias bajo las cuales se presenta el riesgo, es la situación más evidente frente al riesgo, redacte de la forma más concreta posible. (Iniciar con la palabra por)
C29: ¿PORQUÉ? CAUSA RAÍZ | E29: Causa principal o básica, corresponde a las razones por la cuales se puede presentar el riesgo, redacte de la forma más concreta posible. (Iniciar con debido a)
C30: DESCRIPCIÓN DEL RIESGO | E30: Consolida o resume los análisis sobre impacto + causa inmediata + causa raíz, permitiendo contar con una redacción clara y concreta del riesgo indentificado. Tenga en cuenta la estructura de alto nivel establecida en al guía, inicia con POSIBILIDAD DE + Impacto para la entidad (Qué) + Causa Inmediata (Cómo) + Causa Raíz (Por qué) (Se genera automáticamente)
C31: FACTOR DEL RIESGO / TIPO | E31: Seleccione de la lista desplegable entre las opiciones: A_Ejecución_y_Administración_de_procesos B_Fraude_Externo C_Fraude_Interno D_Fallas_Tecnológicas E_Relaciones_Laborales F_Usuarios_Productos_y_Prácticas_Organizacionales G_Daños_Activos_Físicos
C32: FACTOR DEL RIESGO / SELECCIONE FUENTE GENERADORA DEL EVENTO PARA TIPO E,F,G | E32: Si en TIPO seleccioneó las opiciones: E_Relaciones_Laborales F_Usuarios_Productos_y_Prácticas_Organizacionales G_Daños_Activos_Físicos Debe definir la fuente generadora de la lista desplegable
C33: RESULTADO FUENTE GENERADORA DEL EVENTO | E33: Se rellena automáticamente según lo seleccinado de FACTOR DEL RIESGO
B35: 3 PROBABIL E IMPACTO INHERENTE:
C37: Columna | E37: Descripción - Lineamientos para el diligenciamiento
C38: No. veces que realiza la actividad al año | E38: Defina el número de veces que se ejecuta la actividad durante el año, (Recuerde la probabilidad e ocurrencia del riesgo se define como el No. de veces que se pasa por el punto de riesgo en el periodo de 1 año). La matriz automáticamente hará el cálculo para el nivel de probabilidad inherente. La matriz calcula automáticamente: Frecuencia de la Actividad % Probabilidad Nivel Probabilidad
C39: Afectación Económica | E39: Selecciona de la lista desplegable el rango de afectación económica y la matriz calcula: % Nivel
C40: Reputacional | E40: Selecciona de la lista desplegable el rango de afectación reputacional y la matriz calcula: % Nivel
C41: Resultado / Porcentaje de Impacto / Nivel de Impacto | E41: Se calcula automáticamente según la información de afectación económica y reputacional
B43: 4 MAPA CALOR INHERENTE: Representación gráfica de la ubicación de cada riesgo inherente en el mapa de calor (En esta hoja no se ingresan datos)
B45: 5 VALORACIÓN DEL CONTROL: Se realiza la descripción y atributos del control, calcula automáticamente el Valor Total del Control, Probabilidad residual e Impacto Residual
C47: Columna | E47: Descripción - Lineamientos para el diligenciamiento
C48: Descripción del Control | E48: Recuerde que el control se define como la medida que permite reducir o mitigar un riesgo. Defina el control (es) que atacan la causa raíz del riesgo, considere la estructura explicada en la guía: Responsable de ejecutar el control + Acción + Complemento
C49: Tipo de control | E49: Debe seleccionar de lista desplegable entre: Preventivo Detectivo Correctivo
C50: Peso del Control | E50: Se calcula automáticamente según lo seleccionado en Tipo de Control Preventivo: 25 % Detectivo: 15 % Correctivo: 10 %
C51: Afectación o Desplazamiento en la Matriz | E51: Se calcula automáticamente según lo seleccionado en Tipo de Control Preventivo: 25 % Detectivo: 15 % Correctivo: 10 %
C52: Implementación | E52: Debe seleccionar de lista desplegable entre: Automático: 25 % Manual: 15 %
C53: Peso de la implementación | E53: Se calcula automáticamente según lo seleccionado en Implementación Manual Automático
C54: Informativos | E54: Debe seleccionar de listas desplegables Documentación: Documentado - Sin Documentar Frecuencia: Continua - Aleatoria Evidencia: Con registro - Sin registro
C55: Valor Total del Control | E55: Se calcula automáticamente: Peso del Control + Peso de la implementación
C56: Probabilidad residual | E56: Se calcula automáticamente: % Probabilidad Riesgo Inherente-(% Probabilidad Riesgo Inherente*Valor Total del Control)
C57: Impacto Residual | E57: % Impacto Riesgo Inherente-(% Impacto Riesgo Inherente*Valor Total del Control)
B59: 6 MAPA CALOR RESIDUAL: Representación gráfica de la ubicación de cada riesgo residual en el mapa de calor (En esta hoja no se ingresan datos)
B61: 7 MAPA CALOR INHEREN Y RESIDUAL: Comparación gráfica de la ubicación de cada riesgo inherente y residual en el mapa de calor (En esta hoja no se ingresan dados)
B63: 8 MAPA RIESGOS: Establece el Tratamiento, Plan de Acción, Seguimientos por parte del Líder del Proceso, Verificación por parte de segunda línea de defensa o quien haga sus veces, Verificación por parte de la Oficina de Control Interno o quien haga sus veces y el estado de la acción.
C65: Columna | E65: Descripción - Lineamientos para el diligenciamiento
C66: SEVERIDAD (NIVEL DE RIESGO) | E66: Se calcula automáticamente según CALIFICACIÓN RIESGO RESIDUAL / PROBABILIDAD E IMPACTO
C67: Tratamiento | E67: Se calcula automáticamente según SEVERIDAD (NIVEL DE RIESGO): Extremo, Alto, Moderado: Reducir, mitigar, Transferir, Evitar Bajo: Aceptar
C68: ¿Requiere Plan de Acción? | E68: Se calcula automáticamente según Tratamiento Reducir, mitigar, Transferir, Evitar: Requiere plan de acción Aceptar: No requiere plan de acción
C69: Plan de Acción Descripción de la Acción, basado en el análisis de causas Responsable (Cargo) Fecha de Inicio Fecha de Finalización | E69: Esta casilla dependerá del tratamiento establecido, si es Aceptar no se requieren acciones adicionales, en caso de escoger Reducir (mitigar) se deben diligenciar las acciones que se adelantarán como complemento a los controles establecidos, no necesariamente son controles adicionales. Para Reducir (compartir), es viable diligenciar la acción que deriva de esta (ejemplo póliza seguros, terceración), indicando información relevante.
C70: Seguimientos por parte del Líder del Proceso | E70: Realizar descripción de los seguimientos por parte del proceso
C71: Verificación por parte de segunda línea de defensa o quien haga sus veces (Fecha y Descripción) | E71: Realizar descripción de las verificaciones de la segunda línea de defensa
C72: Verificación por parte de la Oficina de Control Interno o quien haga sus veces (Fecha y Descripción) | E72: Realizar descripción de las verificaciones que realiza Control Interno o quien haga sus veces.
C73: Estado | E73: Utilice la lista de despligue que se encuentra parametrizada, le aparecerán las opciones: Sin Iniciar, En proceso, Cerrado, la selección en este caso dependerá de las acciones del plan que se hayan establecido en cada caso.
B75: 9 RIESGO DEL PROCESO: Calcula el nivel de riesgo del proceso (En esta hoja no se ingresan datos)
B77: 10 CONTROL DE CAMBIOS: En ella se debe registrar los cambios al formato y al contenido del mismo
B79: 11 FORMULAS: La información que contiene se utiliza para realizar operaciones en las demás hojas (En esta hoja no se ingresan datos)
B82: Lista de datos de la matriz:
B85: Hoja | C85: Columna | E85: Descripción - Lineamientos para el diligenciamiento
B86: 2 | C86: Proceso | E86: Diligencie el nombre del proceso al cual se le identificarán y valorarán los riesgos.
B87: 2 | C87: Objetivo del Proceso | E87: Diligencie el objetivo del proceso.
B88: 2 | C88: Elaboración o Actualización: | E88: Fecha en la que realiza el diligenciamiento o actualización del mapa de riesgos, formato (DD/MM/AAAA)
B89: 2 | C89: Vigencia: | E89: Vigencia que tiene el mapa de riesgos fecha inicio fecha final, formato (DD/MM/AAAA)
B90: 2 | C90: No. de Riesgo | E90: Permite definir unl consecutivo de riesgos. Una entidad puede ir en el riesgo 150, pero tener 70 riesgos, lo que permite llevar una traza de los riesgos. Esta información la debe administrar la oficina asesora de planeación o gerencia de riesgos. Cuando un el riesgo salga del mapa no existirá otro riesgo con el mismo número.
B91: 2 | C91: ¿QUÉ? IMPACTO | E91: Analice las consecuencias que puede ocasionar a la organización la materialización del riesgo, Seleccione de la lista desplegable entre: Posibilidad de pérdida Económica Posibilidad de pérdida Reputacional Posibilidad de pérdida Económica y Reputacional
B92: 2 | C92: ¿CÓMO? CAUSA INMEDIATA | E92: Circunstancias bajo las cuales se presenta el riesgo, es la situación más evidente frente al riesgo, redacte de la forma más concreta posible. (Iniciar con la palabra por)
B93: 2 | C93: ¿PORQUÉ? CAUSA RAÍZ | E93: Causa principal o básica, corresponde a las razones por la cuales se puede presentar el riesgo, redacte de la forma más concreta posible. (Iniciar con debido a)
B94: 2 | C94: DESCRIPCIÓN DEL RIESGO | E94: Consolida o resume los análisis sobre impacto + causa inmediata + causa raíz, permitiendo contar con una redacción clara y concreta del riesgo indentificado. Tenga en cuenta la estructura de alto nivel establecida en al guía, inicia con POSIBILIDAD DE + Impacto para la entidad (Qué) + Causa Inmediata (Cómo) + Causa Raíz (Por qué) (Se genera automáticamente)
B95: 2 | C95: FACTOR DEL RIESGO / TIPO | E95: Seleccione de la lista desplegable entre las opiciones: A_Ejecución_y_Administración_de_procesos B_Fraude_Externo C_Fraude_Interno D_Fallas_Tecnológicas E_Relaciones_Laborales F_Usuarios_Productos_y_Prácticas_Organizacionales G_Daños_Activos_Físicos
B96: 2 | C96: FACTOR DEL RIESGO / SELECCIONE FUENTE GENERADORA DEL EVENTO PARA TIPO E,F,G | E96: Si en TIPO seleccioneó las opiciones: E_Relaciones_Laborales F_Usuarios_Productos_y_Prácticas_Organizacionales G_Daños_Activos_Físicos Debe definir la fuente generadora de la lista desplegable
B97: 2 | C97: RESULTADO FUENTE GENERADORA DEL EVENTO | E97: Se rellena automáticamente según lo seleccinado de FACTOR DEL RIESGO
... B119: 8 | C119: Estado | E119: Utilice la lista de despligue que se encuentra parametrizada, le aparecerán las opciones: Sin Iniciar, En proceso, Cerrado, la selección en este caso dependerá de las acciones del plan que se hayan establecido en cada caso.
B126: Archivo creado por:

Sheet 2 CONTEXTO E IDENTIFICACIÓN
A1: MAPA DE RIESGOS
A2: VERSIÓN: | B2: 1
A4: ENTIDAD: | B4: Unidad Administrativa Especial de Organizaciones Solidarias | E4: PROCESO: | F4: Fomento de la Asociatividad Solidaria | I4: Elaboración | J4: 46259
A5: OBJETIVO DEL PROCESO: | B5: Consolidar Territorios Asociativos Solidarios mediante el fomento de la asociatividad solidaria para el desarrollo social, cultural, ambiental, económico y político de las comunidades. | E5: Vigencia: | F5: Del | G5: 46266 | I5: Al | J5: 46387
A7: No. de Riesgo (Mismo consecutivo para toda la entidad) | B7: FACTOR DEL RIESGO
B8: FACTOR DE RIESGO | C8: SELECCIONE FUENTE GENERADORA DEL EVENTO PARA TIPO E,F,G | D8: VALIDACIÓN FUENTE GENERADORA DEL EVENTO PARA TIPO A,B,C,D | E8: DESCRIPCIÓN DEL TIPO DE FACTOR DE RIESGO | F8: TIPOLOGÍA | G8: ¿QUÉ? IMPACTO | H8: ¿CÓMO? CAUSA INMEDIATA (Iniciar con la palabra por) | I8: ¿PORQUÉ? CAUSA RAÍZ (Iniciar con debido a/a causa de) | J8: DESCRIPCIÓN DEL RIESGO | K8: SUB CAUSAS (Si aplica)
A9: R10 | B9: Ejecución_administración_de_procesos | C9: Falta de aplicación de los procedimientos | D9: =+IF(B9='11 FORMULAS'!$B$4,'11 FORMULAS'!$C$4,IF(B9='11 FORMULAS'!$B$6,'11 FORMULAS'!$C$6,IF(B9='11 FORMULAS'!$B$8,'11 FORMULAS'!$C$8,IF(B9='11 FORMULAS'!$B$10,'11 FORMULAS'!$C$10,"")))) | E9: =+IFERROR(VLOOKUP(B9,Tabla3[],2,0),"") -> Eventos relacionados con la ejecución de los procesos y procedimientos determinados para la operación de la entidad, uso de sistemas de información, por errores en las actividades que deben realizar los servidores de la organización. Estructura organizacional que afecta la capacidad organizacional | F9: Gestión | G9: Posibilidad de afectación económica y reputacional | H9: el incumplimiento de las actividades, tiempos y responsables establecidos en el proceso de Fomento de la Asociatividad Solidaria y sus cuatro procedimientos asociados. | I9: el proceso y los procedimientos vigentes se encuentran desactuaizados y no reflejan el modelo de ejecución actual con gestores territoriales contratistas (en lugar de convenios con cooperantes), generando vacíos normativos y ausencia de lineamientos claros para el equipo. | J9: =(CONCATENATE(Tabla1[[#This Row],[¿QUÉ? IMPACTO]]," ","por ",Tabla1[[#This Row],[¿CÓMO? CAUSA INMEDIATA (Iniciar con la palabra por)]]," ","a causa de"," ",Tabla1[[#This Row],[¿PORQUÉ? CAUSA RAÍZ (Iniciar con debido a/a causa de)]])) -> Posibilidad de afectación económica y reputacional por el incumplimiento de las actividades, tiempos y responsables establecidos en el proceso de Fomento de la Asociatividad Solidaria y sus cuatro procedimientos asociados. a causa de el proceso y los procedimientos vigentes se encuentran desactuaizados y no reflejan el modelo de ejecución actual con gestores territoriales contratistas (en lugar de convenios con cooperantes), generando vacíos normativos y ausencia de lineamientos claros para el equipo. | K9: Procedimientos desactualizados y/o desarticulados; ausencia de lineamientos para el modelo de gestores territoriales; falta de puntos de control intermedios; alta rotación de gestores; débil apropiación del proceso por parte del equipo.
A10: R11 | B10: Ejecución_administración_de_procesos | C10: Falta de supervisión o interventoría | D10: =+IF(B10='11 FORMULAS'!$B$4,'11 FORMULAS'!$C$4,IF(B10='11 FORMULAS'!$B$6,'11 FORMULAS'!$C$6,IF(B10='11 FORMULAS'!$B$8,'11 FORMULAS'!$C$8,IF(B10='11 FORMULAS'!$B$10,'11 FORMULAS'!$C$10,"")))) | E10: =+IFERROR(VLOOKUP(B10,Tabla3[],2,0),"") -> Eventos relacionados con la ejecución de los procesos y procedimientos determinados para la operación de la entidad, uso de sistemas de información, por errores en las actividades que deben realizar los servidores de la organización. Estructura organizacional que afecta la capacidad organizacional | F10: Fiscal | G10: Posibilidad de efecto dañoso sobre el recurso público | H10: la asignación de medios de producción o recursos de fortalecimiento a organizaciones cuya caracterización socioeconómica, productiva y de necesidades no fue diagnosticada de forma completa o verificada. | I10: ausencia de una metodología estandarizada y de instrumentos de verificación para que los gestores territoriales realicen la caracterización (diagnóstico económico, social y productivo) de las organizaciones antes de la entrega de medios de producción. | J10: =(CONCATENATE(Tabla1[[#This Row],[¿QUÉ? IMPACTO]]," ","por ",Tabla1[[#This Row],[¿CÓMO? CAUSA INMEDIATA (Iniciar con la palabra por)]]," ","a causa de"," ",Tabla1[[#This Row],[¿PORQUÉ? CAUSA RAÍZ (Iniciar con debido a/a causa de)]])) -> Posibilidad de efecto dañoso sobre el recurso público por la asignación de medios de producción o recursos de fortalecimiento a organizaciones cuya caracterización socioeconómica, productiva y de necesidades no fue diagnosticada de forma completa o verificada. a causa de ausencia de una metodología estandarizada y de instrumentos de verificación para que los gestores territoriales realicen la caracterización (diagnóstico económico, social y productivo) de las organizaciones antes de la entrega de medios de producción. | K10: Diagnósticos incompletos o desactualizados; falta de formato único de caracterización; ausencia de validación cruzada por un segundo responsable; entrega de medios de producción sin soporte técnico suficiente.
A11: R12 | B11: Talento_Humano | C11: Corrupción | D11: =+IF(B11='11 FORMULAS'!$B$4,'11 FORMULAS'!$C$4,IF(B11='11 FORMULAS'!$B$6,'11 FORMULAS'!$C$6,IF(B11='11 FORMULAS'!$B$8,'11 FORMULAS'!$C$8,IF(B11='11 FORMULAS'!$B$10,'11 FORMULAS'!$C$10,"")))) | E11: =+IFERROR(VLOOKUP(B11,Tabla3[],2,0),"") -> Eventos relacionados con las conductas o comportamientos de los empleados que afectan la Integridad Pública | F11: Integridad_Pública_Corrupción | G11: Posibilidad de pérdida económica y reputacional | H11: la selección o priorización indebida de organizaciones o beneficiarios para la entrega de medios de producción y recursos de fortalecimiento, sin sujeción a los criterios técnicos de caracterización y priorización territorial. | I11: ausencia de un procedimiento formal para la entrega de medios de producción, de controles cruzados y de una segunda instancia de aprobación, lo que facilita conflictos de interés no declarados o injerencia indebida de terceros en la decisión de a qué organización se destinan los recursos. | J11: =(CONCATENATE(Tabla1[[#This Row],[¿QUÉ? IMPACTO]]," ","por ",Tabla1[[#This Row],[¿CÓMO? CAUSA INMEDIATA (Iniciar con la palabra por)]]," ","a causa de"," ",Tabla1[[#This Row],[¿PORQUÉ? CAUSA RAÍZ (Iniciar con debido a/a causa de)]])) -> Posibilidad de pérdida económica y reputacional por la selección o priorización indebida de organizaciones o beneficiarios para la entrega de medios de producción y recursos de fortalecimiento, sin sujeción a los criterios técnicos de caracterización y priorización territorial. a causa de ausencia de un procedimiento formal para la entrega de medios de producción, de controles cruzados y de una segunda instancia de aprobación, lo que facilita conflictos de interés no declarados o injerencia indebida de terceros en la decisión de a qué organización se destinan los recursos. | K11: Falta de procedimiento formal de entrega de medios de producción; ausencia de comité o segunda instancia de aprobación; débil trazabilidad documental; presión de terceros o gestores sobre la priorización; declaraciones de conflicto de interés no verificadas.
A12: R13 | B12: Ejecución_administración_de_procesos | C12: Errores de grabación, autorización | D12: =+IF(B12='11 FORMULAS'!$B$4,'11 FORMULAS'!$C$4,IF(B12='11 FORMULAS'!$B$6,'11 FORMULAS'!$C$6,IF(B12='11 FORMULAS'!$B$8,'11 FORMULAS'!$C$8,IF(B12='11 FORMULAS'!$B$10,'11 FORMULAS'!$C$10,"")))) | E12: =+IFERROR(VLOOKUP(B12,Tabla3[],2,0),"") -> Eventos relacionados con la ejecución de los procesos y procedimientos determinados para la operación de la entidad, uso de sistemas de información, por errores en las actividades que deben realizar los servidores de la organización. Estructura organizacional que afecta la capacidad organizacional | F12: Gestión | G12: Posibilidad de afectación económica y reputacional | H12: registros incompletos, inconsistentes o inoportunos de los avances, indicadores y resultados del proceso de Fomento de la Asociatividad Solidaria en los sistemas de información y reportes a Planeación. | I12: deficiencias en el registro, control documental y seguimiento de la información reportada por los gestores territoriales, y a la falta de una fuente única y verificada de datos del proceso. | J12: =(CONCATENATE(Tabla1[[#This Row],[¿QUÉ? IMPACTO]]," ","por ",Tabla1[[#This Row],[¿CÓMO? CAUSA INMEDIATA (Iniciar con la palabra por)]]," ","a causa de"," ",Tabla1[[#This Row],[¿PORQUÉ? CAUSA RAÍZ (Iniciar con debido a/a causa de)]])) -> Posibilidad de afectación económica y reputacional por registros incompletos, inconsistentes o inoportunos de los avances, indicadores y resultados del proceso de Fomento de la Asociatividad Solidaria en los sistemas de información y reportes a Planeación. a causa de deficiencias en el registro, control documental y seguimiento de la información reportada por los gestores territoriales, y a la falta de una fuente única y verificada de datos del proceso. | K12: Errores de digitación; ausencia de validaciones cruzadas; soportes incompletos; reportes de gestores territoriales sin consolidación previa; indicadores desactualizados frente a la Agenda de Asociatividad Solidaria para la Paz.
D13: =+IF(B13='11 FORMULAS'!$B$4,'11 FORMULAS'!$C$4,IF(B13='11 FORMULAS'!$B$6,'11 FORMULAS'!$C$6,IF(B13='11 FORMULAS'!$B$8,'11 FORMULAS'!$C$8,IF(B13='11 FORMULAS'!$B$10,'11 FORMULAS'!$C$10,"")))) | E13: =+IFERROR(VLOOKUP(B13,Tabla3[],2,0),"")
D14: =+IF(B14='11 FORMULAS'!$B$4,'11 FORMULAS'!$C$4,IF(B14='11 FORMULAS'!$B$6,'11 FORMULAS'!$C$6,IF(B14='11 FORMULAS'!$B$8,'11 FORMULAS'!$C$8,IF(B14='11 FORMULAS'!$B$10,'11 FORMULAS'!$C$10,"")))) | E14: =+IFERROR(VLOOKUP(B14,Tabla3[],2,0),"")
D15: =+IF(B15='11 FORMULAS'!$B$4,'11 FORMULAS'!$C$4,IF(B15='11 FORMULAS'!$B$6,'11 FORMULAS'!$C$6,IF(B15='11 FORMULAS'!$B$8,'11 FORMULAS'!$C$8,IF(B15='11 FORMULAS'!$B$10,'11 FORMULAS'!$C$10,"")))) | E15: =+IFERROR(VLOOKUP(B15,Tabla3[],2,0),"")
D16: =+IF(B16='11 FORMULAS'!$B$4,'11 FORMULAS'!$C$4,IF(B16='11 FORMULAS'!$B$6,'11 FORMULAS'!$C$6,IF(B16='11 FORMULAS'!$B$8,'11 FORMULAS'!$C$8,IF(B16='11 FORMULAS'!$B$10,'11 FORMULAS'!$C$10,"")))) | E16: =+IFERROR(VLOOKUP(B16,Tabla3[],2,0),"")
D17: =+IF(B17='11 FORMULAS'!$B$4,'11 FORMULAS'!$C$4,IF(B17='11 FORMULAS'!$B$6,'11 FORMULAS'!$C$6,IF(B17='11 FORMULAS'!$B$8,'11 FORMULAS'!$C$8,IF(B17='11 FORMULAS'!$B$10,'11 FORMULAS'!$C$10,"")))) | E17: =+IFERROR(VLOOKUP(B17,Tabla3[],2,0),"")
D18: =+IF(B18='11 FORMULAS'!$B$4,'11 FORMULAS'!$C$4,IF(B18='11 FORMULAS'!$B$6,'11 FORMULAS'!$C$6,IF(B18='11 FORMULAS'!$B$8,'11 FORMULAS'!$C$8,IF(B18='11 FORMULAS'!$B$10,'11 FORMULAS'!$C$10,"")))) | E18: =+IFERROR(VLOOKUP(B18,Tabla3[],2,0),"")
D19: =+IF(B19='11 FORMULAS'!$B$4,'11 FORMULAS'!$C$4,IF(B19='11 FORMULAS'!$B$6,'11 FORMULAS'!$C$6,IF(B19='11 FORMULAS'!$B$8,'11 FORMULAS'!$C$8,IF(B19='11 FORMULAS'!$B$10,'11 FORMULAS'!$C$10,"")))) | E19: =+IFERROR(VLOOKUP(B19,Tabla3[],2,0),"")
D20: =+IF(B20='11 FORMULAS'!$B$4,'11 FORMULAS'!$C$4,IF(B20='11 FORMULAS'!$B$6,'11 FORMULAS'!$C$6,IF(B20='11 FORMULAS'!$B$8,'11 FORMULAS'!$C$8,IF(B20='11 FORMULAS'!$B$10,'11 FORMULAS'!$C$10,"")))) | E20: =+IFERROR(VLOOKUP(B20,Tabla3[],2,0),"")
D21: =+IF(B21='11 FORMULAS'!$B$4,'11 FORMULAS'!$C$4,IF(B21='11 FORMULAS'!$B$6,'11 FORMULAS'!$C$6,IF(B21='11 FORMULAS'!$B$8,'11 FORMULAS'!$C$8,IF(B21='11 FORMULAS'!$B$10,'11 FORMULAS'!$C$10,"")))) | E21: =+IFERROR(VLOOKUP(B21,Tabla3[],2,0),"")
D22: =+IF(B22='11 FORMULAS'!$B$4,'11 FORMULAS'!$C$4,IF(B22='11 FORMULAS'!$B$6,'11 FORMULAS'!$C$6,IF(B22='11 FORMULAS'!$B$8,'11 FORMULAS'!$C$8,IF(B22='11 FORMULAS'!$B$10,'11 FORMULAS'!$C$10,"")))) | E22: =+IFERROR(VLOOKUP(B22,Tabla3[],2,0),"")
D23: =+IF(B23='11 FORMULAS'!$B$4,'11 FORMULAS'!$C$4,IF(B23='11 FORMULAS'!$B$6,'11 FORMULAS'!$C$6,IF(B23='11 FORMULAS'!$B$8,'11 FORMULAS'!$C$8,IF(B23='11 FORMULAS'!$B$10,'11 FORMULAS'!$C$10,"")))) | E23: =+IFERROR(VLOOKUP(B23,Tabla3[],2,0),"")
D24: =+IF(B24='11 FORMULAS'!$B$4,'11 FORMULAS'!$C$4,IF(B24='11 FORMULAS'!$B$6,'11 FORMULAS'!$C$6,IF(B24='11 FORMULAS'!$B$8,'11 FORMULAS'!$C$8,IF(B24='11 FORMULAS'!$B$10,'11 FORMULAS'!$C$10,"")))) | E24: =+IFERROR(VLOOKUP(B24,Tabla3[],2,0),"")
... D28: =+IF(B28='11 FORMULAS'!$B$4,'11 FORMULAS'!$C$4,IF(B28='11 FORMULAS'!$B$6,'11 FORMULAS'!$C$6,IF(B28='11 FORMULAS'!$B$8,'11 FORMULAS'!$C$8,IF(B28='11 FORMULAS'!$B$10,'11 FORMULAS'!$C$10,"")))) | E28: =+IFERROR(VLOOKUP(B28,Tabla3[],2,0),"")

Sheet 11 FORMULAS
A1: Esta hoja se utiliza para realizar cálculos en las demás, en ella no se ingresan datos | E1: NO REQUIERE CLAVE PARA DESBLOQUEAR LAS HOJAS
B2: FACTOR DEL RIESGO | E2: Eficiencia | K2: Atributos formalización del control | P2: Afectación o Desplazamiento en la Matriz | S2: Tratamiento | U2: ¿QUÉ? IMPACTO | W2: Estado
A3: TIPO | B3: TIPO | C3: FACTOR DEL RIESGO | E3: Tipo de control | F3: Peso del Control | H3: Implementación | I3: Peso de la implementación | K3: Documentación | L3: Frecuencia | M3: Evidencia | N3: Ejecuión | P3: Tipo de control | Q3: Afecta | S3: Reducir | U3: Posibilidad de pérdida Económica | W3: Sin Iniciar
A4: A_Ejecución_y_Administración_de_procesos | B4: A_Ejecución_y_Administración_de_procesos | C4: Procesos | E4: Preventivo | F4: 0.25 | H4: Automático | I4: 0.25 | K4: Procedimientos | L4: Siempre que se ejecuta la actividad | M4: Con registro manual | N4: Interna | P4: Preventivo | Q4: Probabilidad | S4: Mitigar | U4: Posibilidad de pérdida Reputacional | W4: En proceso
A5: B_Fraude_Externo | E5: Detectivo | F5: 0.15 | H5: Manual | I5: 0.15 | K5: Sistemas de información | L5: Periódicamente (diario, mensual, bimestral, trimestral, semestral). | M5: Con registro electrónico | N5: Externa | P5: Detectivo | Q5: Probabilidad | S5: Transferir | U5: Posibilidad de pérdida Económica y Reputacional | W5: Cerrado
A6: C_Fraude_Interno | B6: B_Fraude_Externo | C6: Evento_Externo | E6: Correctivo | F6: 0.1 | K6: Otros Esquemas | N6: Mixta | P6: Correctivo | Q6: Impacto | S6: Aceptar | U6: Posibilidad de pérdida Reputacional y Económica
A7: D_Fallas_Tecnológicas | S7: Evitar
A8: E_Relaciones_Laborales | B8: C_Fraude_Interno | C8: Talento_Humano
A9: F_Usuarios_Productos_y_Prácticas_Organizacionales
A10: G_Daños_Activos_Físicos | B10: D_Fallas_Tecnológicas | C10: Tecnologías
B12: E_Relaciones_Laborales | C12: Procesos
A13: TIPOLOGÍA | C13: Evento_Externo
A14: Gestión | C14: Talento_Humano
A15: Fiscal | C15: Tecnologías
A16: Seg. de la Información | C16: Infraestructura
A17: Integridad Pùblica - Corrupción
A18: Integridad Pùblica - LA/FT/FP | B18: F_Usuarios_Productos_y_Prácticas_Organizacionales | C18: Procesos
C19: Evento_Externo
C20: Talento_Humano
C21: Tecnologías
C22: Infraestructura
B24: G_Daños_Activos_Físicos | C24: Infraestructura
C25: Evento_Externo
A31: Gestión | B31: Fiscal | C31: Seguridad_Información | D31: Integridad_Pública_Corrupción | E31: Integridad_Pública_LA_FT_FP
A32: Posibilidad de afectación económica | B32: Posibilidad de efecto dañoso sobre el recurso público | C32: Posibilidad de perdida de integridad | D32: Posibilidad de pérdida económica | E32: Posibilidad de pérdida económica
A33: Posibilidad de afectación reputacional | B33: Posibilidad de efecto dañoso sobre bienes de uso público | C33: Posibilidad de perdida de confidencialidad | D33: Posibilidad de pérdida reputacional | E33: Posibilidad de pérdida reputacional
A34: Posibilidad de afectación económica y reputacional | B34: Posibilidad de efecto dañoso sobre bienes de uso fiscal | C34: Posibilidad de perdida de disponibilidad | D34: Posibilidad de pérdida económica y reputacional | E34: Posibilidad de pérdida económica y reputacional
B35: Posibilidad de efecto dañoso sobre el interes patrimonial
H37: FACTOR DE RIESGO | I37: Descripción
A38: Ejecución_administración_de_procesos | B38: Transacción_u_Operación_aplica_para_LA_FT_FP | C38: Talento_Humano | D38: Tecnología | E38: Infraestructura | F38: Evento_externo | H38: Ejecución_administración_de_procesos | I38: Eventos relacionados con la ejecución de los procesos y procedimientos determinados para la operación de la entidad, uso de sistemas de información, por errores en las actividades que deben realizar los servidores de la organización. Estructura organizacional que afecta la capacidad organizacional
A39: Falta de aplicación de los procedimientos | B39: Contrapartes de la entidad (naturales o jurídicas) | C39: Fraude interno | D39: Daño de equipos | E39: Derrumbes | F39: Fraude Externo | H39: Transacción_u_Operación_aplica_para_LA_FT_FP | I39: Eventos relacionados con transacciones y Operaciones realizadas por un cliente o usuario, que accede o entrega un bien o servicio a la entidad, a través de los canales dispuestos y en una jurisdicción específica.
A40: Falta segregación de funciones | B40: Productos (bienes o servicios) que oferta/requiere | C40: Soborno | D40: Caída de sistemas de información y aplicaciones | E40: Incendios | F40: Suplantación de identidad | H40: Talento_Humano | I40: Eventos relacionados con las conductas o comportamientos de los empleados que afectan la Integridad Pública
A41: Errores de grabación, autorización | B41: Canales utilizados para la operación | C41: Gestión inadecuada de conflicto de Intereses | D41: Caída de redes | E41: Inundaciones | F41: Asalto a la oficina | H41: Tecnología | I41: Eventos relacionados con la infraestructura tecnológica de la entidad.
A42: Errores en cálculos para pagos internos y externos | B42: Jurisdicciones (nacional o territorial) | C42: Corrupción | D42: Errores en hardware o software | E42: Daños a activos fijos | F42: Atentados, vandalismo, orden público | H42: Infraestructura | I42: Eventos relacionados con la infraestructura física de la entidad.
A43: Falta de supervisión o interventoría | D43: Errores en programas | H43: Evento_externo | I43: Eventos por situaciones externas que afectan la entidad.
A44: Alta rotación o insuficiencia de personal
A45: Acciones contrarias a las leyes o acuerdos de empleo, salud o seguridad en el trabajo
A46: Acciones contrarias a las leyes o acuerdos contractuales
A47: Falta de capacitación y otros temas relacionados con el personal
A50: Características de Eficiencia | C50: Peso | D50: Factor
A51: Tipo | B51: Preventivo | C51: 0.25 | D51: Probabilidad
B52: Detectivo | C52: 0.15 | D52: Probabilidad
B53: Correctivo | C53: 0.1 | D53: Impacto
A54: *Implementación | B54: Automático | C54: 0.25
A55: *Nota: En implementación no se tienen controles semiautomáticos. | B55: Manual | C55: 0.15
A58: Atributos adicionales del control no tienen valoración pero deben cumplir con todos
A59: Características de Eficiencia | C59: Descripción
A60: Documentación | B60: Procedimientos | C60: Basados en la estructura del Modelo de Operación por procesos, despliegue desde cada proceso, sus procedimientos y esquemas asociados, que se encuentren documentados.
B61: Sistemas de información | C61: Sistemas de información de apoyo a la ejecución del control (si existen).
B62: Otros Esquemas | C62: Políticas de operación, manuales o guías específicas.
A63: Frecuencia | B63: Diario | C63: La oportunidad en que se ejecuta el control debe ayudar a prevenir la mitigación del riesgo o a detectar la materialización del riesgo de manera oportuna.
B64: Mensual
B65: Bimestral
B66: Trimestral
B67: Semestral
A68: Evidencia (Trazabilidad de la ejecución) | B68: Con registro manual | C68: Se deja evidencia o rastro de la ejecución del control.
B69: Con registro electrónico
A70: Ejecución (Fuentes de información internas o externas) | B70: Interna | C70: Formatos o registros internos formales.
B71: Externa | C71: Registros externos confiables (extractos bancarios, confirmaciones de autenticidad de documentos, SECOP, SIIF, SIGEP, bases de datos).
B72: Mixta | C72: Combinación de datos de fuentes internas y externas formales.

Sheet 3 PROBABIL E IMPACTO INHERENTE
B1: =+'2 CONTEXTO E IDENTIFICACIÓN'!A1 -> MAPA DE RIESGOS
C2: =+'2 CONTEXTO E IDENTIFICACIÓN'!A2 -> VERSIÓN: | D2: ='2 CONTEXTO E IDENTIFICACIÓN'!B2 -> 1 | G2: =+'2 CONTEXTO E IDENTIFICACIÓN'!$I$4 -> Elaboración | H2: ='2 CONTEXTO E IDENTIFICACIÓN'!J4 -> 46259
A4: ENTIDAD: | B4: ='2 CONTEXTO E IDENTIFICACIÓN'!B4 -> Unidad Administrativa Especial de Organizaciones Solidarias | G4: =+'2 CONTEXTO E IDENTIFICACIÓN'!$E$5 -> Vigencia: | H4: ='2 CONTEXTO E IDENTIFICACIÓN'!G5 -> 46266 | I4: Al | J4: ='2 CONTEXTO E IDENTIFICACIÓN'!J5 -> 46387
A5: PROCESO: | B5: ='2 CONTEXTO E IDENTIFICACIÓN'!F4 -> Fomento de la Asociatividad Solidaria
G6: IMPACTO INHERENTE
C7: PROBABILIDAD INHERENTE | G7: Afectación Económica | J7: Reputacional | M7: Resultado | P7: PROBABILIDAD | V7: IMPACTO
A8: No. Riesgo | B8: Riesgo | C8: No. veces que realiza la actividad al año | D8: Frecuencia de la Actividad | E8: % Probabilidad | F8: Nivel Probabilidad | G8: Afectación Económica | H8: % | I8: Nivel | J8: Reputacional | K8: % | L8: Nivel | M8: Porcentaje de Impacto | N8: Nivel de Impacto | P8: Nivel | Q8: Frecuencia de la Actividad | R8: Mínimo | S8: Máximo | T8: Probabilidad | V8: Nivel | W8: % Impacto | X8: Afectación_Económica | Y8: Reputacional
A9: ='2 CONTEXTO E IDENTIFICACIÓN'!A9 -> R10 | B9: =+'2 CONTEXTO E IDENTIFICACIÓN'!J9 -> Posibilidad de afectación económica y reputacional por el incumplimiento de las actividades, tiempos y responsables establecidos en el proceso de Fomento de la Asociatividad Solidaria y sus cuatro procedimientos asociados. a causa de el proceso y los procedimientos vigentes se encuentran desactuaizados y no reflejan el modelo de ejecución actual con gestores territoriales contratistas (en lugar de convenios con cooperantes), generando vacíos normativos y ausencia de lineamientos claros para el equipo. | C9: 120 | D9: =+IF(C9="","",IF(C9<=$S$9,$Q$9,IF(C9<=$S$10,$Q$10,IF(C9<=$S$11,$Q$11,IF(C9<=$S$12,$Q$12,IF(C9>=$R$13,$Q$13,"")))))) -> La actividad que conlleva el riesgo se ejecuta de 24 a 500 veces por año | E9: =+IF(D9="","",IF(D9=$Q$9,$T$9,IF(D9=$Q$10,$T$10,IF(D9=$Q$11,$T$11,IF(D9=$Q$12,$T$12,IF(D9=$Q$13,$T$13)))))) -> 0.6 | F9: =+IF(D9="","",IF(D9=$Q$9,$P$9,IF(D9=$Q$10,$P$10,IF(D9=$Q$11,$P$11,IF(D9=$Q$12,$P$12,IF(D9=$Q$13,$P$13)))))) -> Media | G9: Entre 100 y 500 SMLMV | H9: =+IF(G9="","",IF(G9="N/A","",IF(OR(G9=$X$9,G9=$Y$9),$W$9,IF(OR(G9=$X$10,G9=$Y$10),$W$10,IF(OR(G9=$X$11,G9=$Y$11),$W$11,IF(OR(G9=$X$12,G9=$Y$12),$W$12,IF(OR(G9=$X$13,G9=$Y$13),$W$13))))))) -> 0.8 | I9: =+IF(G9="","",IF(G9="N/A","",IF(OR(G9=$X$9,G9=$Y$9),$V$9,IF(OR(G9=$X$10,G9=$Y$10),$V$10,IF(OR(G9=$X$11,G9=$Y$11),$V$11,IF(OR(G9=$X$12,G9=$Y$12),$V$12,IF(OR(G9=$X$13,G9=$Y$13),$V$13))))))) -> Mayor | J9: El riesgo afecta la imagen de la entidad con efecto publicitario sostenido a nivel de sector administrativo, nivel departamental o municipal. | K9: =+IF(J9="","",IF(J9="N/A","",IF(OR(J9=$X$9,J9=$Y$9),$W$9,IF(OR(J9=$X$10,J9=$Y$10),$W$10,IF(OR(J9=$X$11,J9=$Y$11),$W$11,IF(OR(J9=$X$12,J9=$Y$12),$W$12,IF(OR(J9=$X$13,J9=$Y$13),$W$13))))))) -> 0.8 | L9: =+IF(J9="","",IF(J9="N/A","",IF(OR(J9=$X$9,J9=$Y$9),$V$9,IF(OR(J9=$X$10,J9=$Y$10),$V$10,IF(OR(J9=$X$11,J9=$Y$11),$V$11,IF(OR(J9=$X$12,J9=$Y$12),$V$12,IF(OR(J9=$X$13,J9=$Y$13),$V$13))))))) -> Mayor | M9: =+IF(H9="",K9,IF(K9="",H9,IF(H9>K9,H9,K9))) -> 0.8 | N9: =+IF(M9="","",IF(M9=$W$9,$V$9,IF(M9=$W$10,$V$10,IF(M9=$W$11,$V$11,IF(M9=$W$12,$V$12,IF(M9=$W$13,$V$13)))))) -> Mayor | P9: Muy Baja | Q9: La actividad que conlleva el riesgo se ejecuta como máximos 2 veces por año | R9: 0 | S9: 2 | T9: 0.2 | V9: Leve | W9: 0.2 | X9: Menor a 10 SMLMV | Y9: El riesgo afecta la imagen de algún área de la organización.
A10: ='2 CONTEXTO E IDENTIFICACIÓN'!A10 -> R11 | B10: =+'2 CONTEXTO E IDENTIFICACIÓN'!J10 -> Posibilidad de efecto dañoso sobre el recurso público por la asignación de medios de producción o recursos de fortalecimiento a organizaciones cuya caracterización socioeconómica, productiva y de necesidades no fue diagnosticada de forma completa o verificada. a causa de ausencia de una metodología estandarizada y de instrumentos de verificación para que los gestores territoriales realicen la caracterización (diagnóstico económico, social y productivo) de las organizaciones antes de la entrega de medios de producción. | C10: 60 | D10: =+IF(C10="","",IF(C10<=$S$9,$Q$9,IF(C10<=$S$10,$Q$10,IF(C10<=$S$11,$Q$11,IF(C10<=$S$12,$Q$12,IF(C10>=$R$13,$Q$13,"")))))) -> La actividad que conlleva el riesgo se ejecuta de 24 a 500 veces por año | E10: =+IF(D10="","",IF(D10=$Q$9,$T$9,IF(D10=$Q$10,$T$10,IF(D10=$Q$11,$T$11,IF(D10=$Q$12,$T$12,IF(D10=$Q$13,$T$13)))))) -> 0.6 | F10: =+IF(D10="","",IF(D10=$Q$9,$P$9,IF(D10=$Q$10,$P$10,IF(D10=$Q$11,$P$11,IF(D10=$Q$12,$P$12,IF(D10=$Q$13,$P$13)))))) -> Media | G10: Entre 100 y 500 SMLMV | H10: =+IF(G10="","",IF(G10="N/A","",IF(OR(G10=$X$9,G10=$Y$9),$W$9,IF(OR(G10=$X$10,G10=$Y$10),$W$10,IF(OR(G10=$X$11,G10=$Y$11),$W$11,IF(OR(G10=$X$12,G10=$Y$12),$W$12,IF(OR(G10=$X$13,G10=$Y$13),$W$13))))))) -> 0.8 | I10: =+IF(G10="","",IF(G10="N/A","",IF(OR(G10=$X$9,G10=$Y$9),$V$9,IF(OR(G10=$X$10,G10=$Y$10),$V$10,IF(OR(G10=$X$11,G10=$Y$11),$V$11,IF(OR(G10=$X$12,G10=$Y$12),$V$12,IF(OR(G10=$X$13,G10=$Y$13),$V$13))))))) -> Mayor | J10: El riesgo afecta la imagen de la entidad con efecto publicitario sostenido a nivel de sector administrativo, nivel departamental o municipal. | K10: =+IF(J10="","",IF(J10="N/A","",IF(OR(J10=$X$9,J10=$Y$9),$W$9,IF(OR(J10=$X$10,J10=$Y$10),$W$10,IF(OR(J10=$X$11,J10=$Y$11),$W$11,IF(OR(J10=$X$12,J10=$Y$12),$W$12,IF(OR(J10=$X$13,J10=$Y$13),$W$13))))))) -> 0.8 | L10: =+IF(J10="","",IF(J10="N/A","",IF(OR(J10=$X$9,J10=$Y$9),$V$9,IF(OR(J10=$X$10,J10=$Y$10),$V$10,IF(OR(J10=$X$11,J10=$Y$11),$V$11,IF(OR(J10=$X$12,J10=$Y$12),$V$12,IF(OR(J10=$X$13,J10=$Y$13),$V$13))))))) -> Mayor | M10: =+IF(H10="",K10,IF(K10="",H10,IF(H10>K10,H10,K10))) -> 0.8 | N10: =+IF(M10="","",IF(M10=$W$9,$V$9,IF(M10=$W$10,$V$10,IF(M10=$W$11,$V$11,IF(M10=$W$12,$V$12,IF(M10=$W$13,$V$13)))))) -> Mayor | P10: Baja | Q10: La actividad que conlleva el riesgo se ejecuta de 3 a 24 veces por año | R10: 3 | S10: 24 | T10: 0.4 | V10: Menor | W10: 0.4 | X10: Entre 10 y 50 SMLMV | Y10: El riesgo afecta la imagen de la entidad internamente, de conocimiento general nivel interno, de junta directiva y accionistas y/o de proveedores.
A11: ='2 CONTEXTO E IDENTIFICACIÓN'!A11 -> R12 | B11: =+'2 CONTEXTO E IDENTIFICACIÓN'!J11 -> Posibilidad de pérdida económica y reputacional por la selección o priorización indebida de organizaciones o beneficiarios para la entrega de medios de producción y recursos de fortalecimiento, sin sujeción a los criterios técnicos de caracterización y priorización territorial. a causa de ausencia de un procedimiento formal para la entrega de medios de producción, de controles cruzados y de una segunda instancia de aprobación, lo que facilita conflictos de interés no declarados o injerencia indebida de terceros en la decisión de a qué organización se destinan los recursos. | C11: 30 | D11: =+IF(C11="","",IF(C11<=$S$9,$Q$9,IF(C11<=$S$10,$Q$10,IF(C11<=$S$11,$Q$11,IF(C11<=$S$12,$Q$12,IF(C11>=$R$13,$Q$13,"")))))) -> La actividad que conlleva el riesgo se ejecuta de 24 a 500 veces por año | E11: =+IF(D11="","",IF(D11=$Q$9,$T$9,IF(D11=$Q$10,$T$10,IF(D11=$Q$11,$T$11,IF(D11=$Q$12,$T$12,IF(D11=$Q$13,$T$13)))))) -> 0.6 | F11: =+IF(D11="","",IF(D11=$Q$9,$P$9,IF(D11=$Q$10,$P$10,IF(D11=$Q$11,$P$11,IF(D11=$Q$12,$P$12,IF(D11=$Q$13,$P$13)))))) -> Media | G11: Mayor a 500 SMLMV | H11: =+IF(G11="","",IF(G11="N/A","",IF(OR(G11=$X$9,G11=$Y$9),$W$9,IF(OR(G11=$X$10,G11=$Y$10),$W$10,IF(OR(G11=$X$11,G11=$Y$11),$W$11,IF(OR(G11=$X$12,G11=$Y$12),$W$12,IF(OR(G11=$X$13,G11=$Y$13),$W$13))))))) -> 1 | I11: =+IF(G11="","",IF(G11="N/A","",IF(OR(G11=$X$9,G11=$Y$9),$V$9,IF(OR(G11=$X$10,G11=$Y$10),$V$10,IF(OR(G11=$X$11,G11=$Y$11),$V$11,IF(OR(G11=$X$12,G11=$Y$12),$V$12,IF(OR(G11=$X$13,G11=$Y$13),$V$13))))))) -> Catastrófico | J11: El riesgo afecta la imagen de la entidad a nivel nacional, con efecto publicitario sostenido a nivel país | K11: =+IF(J11="","",IF(J11="N/A","",IF(OR(J11=$X$9,J11=$Y$9),$W$9,IF(OR(J11=$X$10,J11=$Y$10),$W$10,IF(OR(J11=$X$11,J11=$Y$11),$W$11,IF(OR(J11=$X$12,J11=$Y$12),$W$12,IF(OR(J11=$X$13,J11=$Y$13),$W$13))))))) -> 1 | L11: =+IF(J11="","",IF(J11="N/A","",IF(OR(J11=$X$9,J11=$Y$9),$V$9,IF(OR(J11=$X$10,J11=$Y$10),$V$10,IF(OR(J11=$X$11,J11=$Y$11),$V$11,IF(OR(J11=$X$12,J11=$Y$12),$V$12,IF(OR(J11=$X$13,J11=$Y$13),$V$13))))))) -> Catastrófico | M11: =+IF(H11="",K11,IF(K11="",H11,IF(H11>K11,H11,K11))) -> 1 | N11: =+IF(M11="","",IF(M11=$W$9,$V$9,IF(M11=$W$10,$V$10,IF(M11=$W$11,$V$11,IF(M11=$W$12,$V$12,IF(M11=$W$13,$V$13)))))) -> Catastrófico | P11: Media | Q11: La actividad que conlleva el riesgo se ejecuta de 24 a 500 veces por año | R11: 25 | S11: 500 | T11: 0.6 | V11: Moderado | W11: 0.6 | X11: Entre 50 y 100 SMLMV | Y11: El riesgo afecta la imagen de la entidad con algunos usuarios de relevancia frente al logro de los objetivos.
A12: ='2 CONTEXTO E IDENTIFICACIÓN'!A12 -> R13 | B12: =+'2 CONTEXTO E IDENTIFICACIÓN'!J12 -> Posibilidad de afectación económica y reputacional por registros incompletos, inconsistentes o inoportunos de los avances, indicadores y resultados del proceso de Fomento de la Asociatividad Solidaria en los sistemas de información y reportes a Planeación. a causa de deficiencias en el registro, control documental y seguimiento de la información reportada por los gestores territoriales, y a la falta de una fuente única y verificada de datos del proceso. | C12: 300 | D12: =+IF(C12="","",IF(C12<=$S$9,$Q$9,IF(C12<=$S$10,$Q$10,IF(C12<=$S$11,$Q$11,IF(C12<=$S$12,$Q$12,IF(C12>=$R$13,$Q$13,"")))))) -> La actividad que conlleva el riesgo se ejecuta de 24 a 500 veces por año | E12: =+IF(D12="","",IF(D12=$Q$9,$T$9,IF(D12=$Q$10,$T$10,IF(D12=$Q$11,$T$11,IF(D12=$Q$12,$T$12,IF(D12=$Q$13,$T$13)))))) -> 0.6 | F12: =+IF(D12="","",IF(D12=$Q$9,$P$9,IF(D12=$Q$10,$P$10,IF(D12=$Q$11,$P$11,IF(D12=$Q$12,$P$12,IF(D12=$Q$13,$P$13)))))) -> Media | G12: Entre 100 y 500 SMLMV | H12: =+IF(G12="","",IF(G12="N/A","",IF(OR(G12=$X$9,G12=$Y$9),$W$9,IF(OR(G12=$X$10,G12=$Y$10),$W$10,IF(OR(G12=$X$11,G12=$Y$11),$W$11,IF(OR(G12=$X$12,G12=$Y$12),$W$12,IF(OR(G12=$X$13,G12=$Y$13),$W$13))))))) -> 0.8 | I12: =+IF(G12="","",IF(G12="N/A","",IF(OR(G12=$X$9,G12=$Y$9),$V$9,IF(OR(G12=$X$10,G12=$Y$10),$V$10,IF(OR(G12=$X$11,G12=$Y$11),$V$11,IF(OR(G12=$X$12,G12=$Y$12),$V$12,IF(OR(G12=$X$13,G12=$Y$13),$V$13))))))) -> Mayor | J12: El riesgo afecta la imagen de la entidad internamente, de conocimiento general nivel interno, de junta directiva y accionistas y/o de proveedores. | K12: =+IF(J12="","",IF(J12="N/A","",IF(OR(J12=$X$9,J12=$Y$9),$W$9,IF(OR(J12=$X$10,J12=$Y$10),$W$10,IF(OR(J12=$X$11,J12=$Y$11),$W$11,IF(OR(J12=$X$12,J12=$Y$12),$W$12,IF(OR(J12=$X$13,J12=$Y$13),$W$13))))))) -> 0.4 | L12: =+IF(J12="","",IF(J12="N/A","",IF(OR(J12=$X$9,J12=$Y$9),$V$9,IF(OR(J12=$X$10,J12=$Y$10),$V$10,IF(OR(J12=$X$11,J12=$Y$11),$V$11,IF(OR(J12=$X$12,J12=$Y$12),$V$12,IF(OR(J12=$X$13,J12=$Y$13),$V$13))))))) -> Menor | M12: =+IF(H12="",K12,IF(K12="",H12,IF(H12>K12,H12,K12))) -> 0.8 | N12: =+IF(M12="","",IF(M12=$W$9,$V$9,IF(M12=$W$10,$V$10,IF(M12=$W$11,$V$11,IF(M12=$W$12,$V$12,IF(M12=$W$13,$V$13)))))) -> Mayor | P12: Alta | Q12: La actividad que conlleva el riesgo se ejecuta mínimo 500 veces al año y máximo 5.000 veces por año | R12: 5001 | S12: 5000 | T12: 0.8 | V12: Mayor | W12: 0.8 | X12: Entre 100 y 500 SMLMV | Y12: El riesgo afecta la imagen de la entidad con efecto publicitario sostenido a nivel de sector administrativo, nivel departamental o municipal.
A13: ='2 CONTEXTO E IDENTIFICACIÓN'!A13 -> 0 | B13: =+'2 CONTEXTO E IDENTIFICACIÓN'!J13 -> 0 | D13: =+IF(C13="","",IF(C13<=$S$9,$Q$9,IF(C13<=$S$10,$Q$10,IF(C13<=$S$11,$Q$11,IF(C13<=$S$12,$Q$12,IF(C13>=$R$13,$Q$13,"")))))) | E13: =+IF(D13="","",IF(D13=$Q$9,$T$9,IF(D13=$Q$10,$T$10,IF(D13=$Q$11,$T$11,IF(D13=$Q$12,$T$12,IF(D13=$Q$13,$T$13)))))) | F13: =+IF(D13="","",IF(D13=$Q$9,$P$9,IF(D13=$Q$10,$P$10,IF(D13=$Q$11,$P$11,IF(D13=$Q$12,$P$12,IF(D13=$Q$13,$P$13)))))) | H13: =+IF(G13="","",IF(G13="N/A","",IF(OR(G13=$X$9,G13=$Y$9),$W$9,IF(OR(G13=$X$10,G13=$Y$10),$W$10,IF(OR(G13=$X$11,G13=$Y$11),$W$11,IF(OR(G13=$X$12,G13=$Y$12),$W$12,IF(OR(G13=$X$13,G13=$Y$13),$W$13))))))) | I13: =+IF(G13="","",IF(G13="N/A","",IF(OR(G13=$X$9,G13=$Y$9),$V$9,IF(OR(G13=$X$10,G13=$Y$10),$V$10,IF(OR(G13=$X$11,G13=$Y$11),$V$11,IF(OR(G13=$X$12,G13=$Y$12),$V$12,IF(OR(G13=$X$13,G13=$Y$13),$V$13))))))) | K13: =+IF(J13="","",IF(J13="N/A","",IF(OR(J13=$X$9,J13=$Y$9),$W$9,IF(OR(J13=$X$10,J13=$Y$10),$W$10,IF(OR(J13=$X$11,J13=$Y$11),$W$11,IF(OR(J13=$X$12,J13=$Y$12),$W$12,IF(OR(J13=$X$13,J13=$Y$13),$W$13))))))) | L13: =+IF(J13="","",IF(J13="N/A","",IF(OR(J13=$X$9,J13=$Y$9),$V$9,IF(OR(J13=$X$10,J13=$Y$10),$V$10,IF(OR(J13=$X$11,J13=$Y$11),$V$11,IF(OR(J13=$X$12,J13=$Y$12),$V$12,IF(OR(J13=$X$13,J13=$Y$13),$V$13))))))) | M13: =+IF(H13="",K13,IF(K13="",H13,IF(H13>K13,H13,K13))) | N13: =+IF(M13="","",IF(M13=$W$9,$V$9,IF(M13=$W$10,$V$10,IF(M13=$W$11,$V$11,IF(M13=$W$12,$V$12,IF(M13=$W$13,$V$13)))))) | P13: Muy Alta | Q13: La actividad que conlleva el riesgo se ejecuta más de 5.000 veces por año | R13: 5001 | T13: 1 | V13: Catastrófico | W13: 1 | X13: Mayor a 500 SMLMV | Y13: El riesgo afecta la imagen de la entidad a nivel nacional, con efecto publicitario sostenido a nivel país
A14: ='2 CONTEXTO E IDENTIFICACIÓN'!A14 -> 0 | B14: =+'2 CONTEXTO E IDENTIFICACIÓN'!J14 -> 0 | D14: =+IF(C14="","",IF(C14<=$S$9,$Q$9,IF(C14<=$S$10,$Q$10,IF(C14<=$S$11,$Q$11,IF(C14<=$S$12,$Q$12,IF(C14>=$R$13,$Q$13,"")))))) | E14: =+IF(D14="","",IF(D14=$Q$9,$T$9,IF(D14=$Q$10,$T$10,IF(D14=$Q$11,$T$11,IF(D14=$Q$12,$T$12,IF(D14=$Q$13,$T$13)))))) | F14: =+IF(D14="","",IF(D14=$Q$9,$P$9,IF(D14=$Q$10,$P$10,IF(D14=$Q$11,$P$11,IF(D14=$Q$12,$P$12,IF(D14=$Q$13,$P$13)))))) | H14: =+IF(G14="","",IF(G14="N/A","",IF(OR(G14=$X$9,G14=$Y$9),$W$9,IF(OR(G14=$X$10,G14=$Y$10),$W$10,IF(OR(G14=$X$11,G14=$Y$11),$W$11,IF(OR(G14=$X$12,G14=$Y$12),$W$12,IF(OR(G14=$X$13,G14=$Y$13),$W$13))))))) | I14: =+IF(G14="","",IF(G14="N/A","",IF(OR(G14=$X$9,G14=$Y$9),$V$9,IF(OR(G14=$X$10,G14=$Y$10),$V$10,IF(OR(G14=$X$11,G14=$Y$11),$V$11,IF(OR(G14=$X$12,G14=$Y$12),$V$12,IF(OR(G14=$X$13,G14=$Y$13),$V$13))))))) | K14: =+IF(J14="","",IF(J14="N/A","",IF(OR(J14=$X$9,J14=$Y$9),$W$9,IF(OR(J14=$X$10,J14=$Y$10),$W$10,IF(OR(J14=$X$11,J14=$Y$11),$W$11,IF(OR(J14=$X$12,J14=$Y$12),$W$12,IF(OR(J14=$X$13,J14=$Y$13),$W$13))))))) | L14: =+IF(J14="","",IF(J14="N/A","",IF(OR(J14=$X$9,J14=$Y$9),$V$9,IF(OR(J14=$X$10,J14=$Y$10),$V$10,IF(OR(J14=$X$11,J14=$Y$11),$V$11,IF(OR(J14=$X$12,J14=$Y$12),$V$12,IF(OR(J14=$X$13,J14=$Y$13),$V$13))))))) | M14: =+IF(H14="",K14,IF(K14="",H14,IF(H14>K14,H14,K14))) | N14: =+IF(M14="","",IF(M14=$W$9,$V$9,IF(M14=$W$10,$V$10,IF(M14=$W$11,$V$11,IF(M14=$W$12,$V$12,IF(M14=$W$13,$V$13)))))) | X14: N/A | Y14: N/A
A15: ='2 CONTEXTO E IDENTIFICACIÓN'!A15 -> 0 | B15: =+'2 CONTEXTO E IDENTIFICACIÓN'!J15 -> 0 | D15: =+IF(C15="","",IF(C15<=$S$9,$Q$9,IF(C15<=$S$10,$Q$10,IF(C15<=$S$11,$Q$11,IF(C15<=$S$12,$Q$12,IF(C15>=$R$13,$Q$13,"")))))) | E15: =+IF(D15="","",IF(D15=$Q$9,$T$9,IF(D15=$Q$10,$T$10,IF(D15=$Q$11,$T$11,IF(D15=$Q$12,$T$12,IF(D15=$Q$13,$T$13)))))) | F15: =+IF(D15="","",IF(D15=$Q$9,$P$9,IF(D15=$Q$10,$P$10,IF(D15=$Q$11,$P$11,IF(D15=$Q$12,$P$12,IF(D15=$Q$13,$P$13)))))) | H15: =+IF(G15="","",IF(G15="N/A","",IF(OR(G15=$X$9,G15=$Y$9),$W$9,IF(OR(G15=$X$10,G15=$Y$10),$W$10,IF(OR(G15=$X$11,G15=$Y$11),$W$11,IF(OR(G15=$X$12,G15=$Y$12),$W$12,IF(OR(G15=$X$13,G15=$Y$13),$W$13))))))) | I15: =+IF(G15="","",IF(G15="N/A","",IF(OR(G15=$X$9,G15=$Y$9),$V$9,IF(OR(G15=$X$10,G15=$Y$10),$V$10,IF(OR(G15=$X$11,G15=$Y$11),$V$11,IF(OR(G15=$X$12,G15=$Y$12),$V$12,IF(OR(G15=$X$13,G15=$Y$13),$V$13))))))) | K15: =+IF(J15="","",IF(J15="N/A","",IF(OR(J15=$X$9,J15=$Y$9),$W$9,IF(OR(J15=$X$10,J15=$Y$10),$W$10,IF(OR(J15=$X$11,J15=$Y$11),$W$11,IF(OR(J15=$X$12,J15=$Y$12),$W$12,IF(OR(J15=$X$13,J15=$Y$13),$W$13))))))) | L15: =+IF(J15="","",IF(J15="N/A","",IF(OR(J15=$X$9,J15=$Y$9),$V$9,IF(OR(J15=$X$10,J15=$Y$10),$V$10,IF(OR(J15=$X$11,J15=$Y$11),$V$11,IF(OR(J15=$X$12,J15=$Y$12),$V$12,IF(OR(J15=$X$13,J15=$Y$13),$V$13))))))) | M15: =+IF(H15="",K15,IF(K15="",H15,IF(H15>K15,H15,K15))) | N15: =+IF(M15="","",IF(M15=$W$9,$V$9,IF(M15=$W$10,$V$10,IF(M15=$W$11,$V$11,IF(M15=$W$12,$V$12,IF(M15=$W$13,$V$13))))))
A16: ='2 CONTEXTO E IDENTIFICACIÓN'!A16 -> 0 | B16: =+'2 CONTEXTO E IDENTIFICACIÓN'!J16 -> 0 | D16: =+IF(C16="","",IF(C16<=$S$9,$Q$9,IF(C16<=$S$10,$Q$10,IF(C16<=$S$11,$Q$11,IF(C16<=$S$12,$Q$12,IF(C16>=$R$13,$Q$13,"")))))) | E16: =+IF(D16="","",IF(D16=$Q$9,$T$9,IF(D16=$Q$10,$T$10,IF(D16=$Q$11,$T$11,IF(D16=$Q$12,$T$12,IF(D16=$Q$13,$T$13)))))) | F16: =+IF(D16="","",IF(D16=$Q$9,$P$9,IF(D16=$Q$10,$P$10,IF(D16=$Q$11,$P$11,IF(D16=$Q$12,$P$12,IF(D16=$Q$13,$P$13)))))) | H16: =+IF(G16="","",IF(G16="N/A","",IF(OR(G16=$X$9,G16=$Y$9),$W$9,IF(OR(G16=$X$10,G16=$Y$10),$W$10,IF(OR(G16=$X$11,G16=$Y$11),$W$11,IF(OR(G16=$X$12,G16=$Y$12),$W$12,IF(OR(G16=$X$13,G16=$Y$13),$W$13))))))) | I16: =+IF(G16="","",IF(G16="N/A","",IF(OR(G16=$X$9,G16=$Y$9),$V$9,IF(OR(G16=$X$10,G16=$Y$10),$V$10,IF(OR(G16=$X$11,G16=$Y$11),$V$11,IF(OR(G16=$X$12,G16=$Y$12),$V$12,IF(OR(G16=$X$13,G16=$Y$13),$V$13))))))) | K16: =+IF(J16="","",IF(J16="N/A","",IF(OR(J16=$X$9,J16=$Y$9),$W$9,IF(OR(J16=$X$10,J16=$Y$10),$W$10,IF(OR(J16=$X$11,J16=$Y$11),$W$11,IF(OR(J16=$X$12,J16=$Y$12),$W$12,IF(OR(J16=$X$13,J16=$Y$13),$W$13))))))) | L16: =+IF(J16="","",IF(J16="N/A","",IF(OR(J16=$X$9,J16=$Y$9),$V$9,IF(OR(J16=$X$10,J16=$Y$10),$V$10,IF(OR(J16=$X$11,J16=$Y$11),$V$11,IF(OR(J16=$X$12,J16=$Y$12),$V$12,IF(OR(J16=$X$13,J16=$Y$13),$V$13))))))) | M16: =+IF(H16="",K16,IF(K16="",H16,IF(H16>K16,H16,K16))) | N16: =+IF(M16="","",IF(M16=$W$9,$V$9,IF(M16=$W$10,$V$10,IF(M16=$W$11,$V$11,IF(M16=$W$12,$V$12,IF(M16=$W$13,$V$13))))))
A17: ='2 CONTEXTO E IDENTIFICACIÓN'!A17 -> 0 | B17: =+'2 CONTEXTO E IDENTIFICACIÓN'!J17 -> 0 | D17: =+IF(C17="","",IF(C17<=$S$9,$Q$9,IF(C17<=$S$10,$Q$10,IF(C17<=$S$11,$Q$11,IF(C17<=$S$12,$Q$12,IF(C17>=$R$13,$Q$13,"")))))) | E17: =+IF(D17="","",IF(D17=$Q$9,$T$9,IF(D17=$Q$10,$T$10,IF(D17=$Q$11,$T$11,IF(D17=$Q$12,$T$12,IF(D17=$Q$13,$T$13)))))) | F17: =+IF(D17="","",IF(D17=$Q$9,$P$9,IF(D17=$Q$10,$P$10,IF(D17=$Q$11,$P$11,IF(D17=$Q$12,$P$12,IF(D17=$Q$13,$P$13)))))) | H17: =+IF(G17="","",IF(G17="N/A","",IF(OR(G17=$X$9,G17=$Y$9),$W$9,IF(OR(G17=$X$10,G17=$Y$10),$W$10,IF(OR(G17=$X$11,G17=$Y$11),$W$11,IF(OR(G17=$X$12,G17=$Y$12),$W$12,IF(OR(G17=$X$13,G17=$Y$13),$W$13))))))) | I17: =+IF(G17="","",IF(G17="N/A","",IF(OR(G17=$X$9,G17=$Y$9),$V$9,IF(OR(G17=$X$10,G17=$Y$10),$V$10,IF(OR(G17=$X$11,G17=$Y$11),$V$11,IF(OR(G17=$X$12,G17=$Y$12),$V$12,IF(OR(G17=$X$13,G17=$Y$13),$V$13))))))) | K17: =+IF(J17="","",IF(J17="N/A","",IF(OR(J17=$X$9,J17=$Y$9),$W$9,IF(OR(J17=$X$10,J17=$Y$10),$W$10,IF(OR(J17=$X$11,J17=$Y$11),$W$11,IF(OR(J17=$X$12,J17=$Y$12),$W$12,IF(OR(J17=$X$13,J17=$Y$13),$W$13))))))) | L17: =+IF(J17="","",IF(J17="N/A","",IF(OR(J17=$X$9,J17=$Y$9),$V$9,IF(OR(J17=$X$10,J17=$Y$10),$V$10,IF(OR(J17=$X$11,J17=$Y$11),$V$11,IF(OR(J17=$X$12,J17=$Y$12),$V$12,IF(OR(J17=$X$13,J17=$Y$13),$V$13))))))) | M17: =+IF(H17="",K17,IF(K17="",H17,IF(H17>K17,H17,K17))) | N17: =+IF(M17="","",IF(M17=$W$9,$V$9,IF(M17=$W$10,$V$10,IF(M17=$W$11,$V$11,IF(M17=$W$12,$V$12,IF(M17=$W$13,$V$13))))))
A18: ='2 CONTEXTO E IDENTIFICACIÓN'!A18 -> 0 | B18: =+'2 CONTEXTO E IDENTIFICACIÓN'!J18 -> 0 | D18: =+IF(C18="","",IF(C18<=$S$9,$Q$9,IF(C18<=$S$10,$Q$10,IF(C18<=$S$11,$Q$11,IF(C18<=$S$12,$Q$12,IF(C18>=$R$13,$Q$13,"")))))) | E18: =+IF(D18="","",IF(D18=$Q$9,$T$9,IF(D18=$Q$10,$T$10,IF(D18=$Q$11,$T$11,IF(D18=$Q$12,$T$12,IF(D18=$Q$13,$T$13)))))) | F18: =+IF(D18="","",IF(D18=$Q$9,$P$9,IF(D18=$Q$10,$P$10,IF(D18=$Q$11,$P$11,IF(D18=$Q$12,$P$12,IF(D18=$Q$13,$P$13)))))) | H18: =+IF(G18="","",IF(G18="N/A","",IF(OR(G18=$X$9,G18=$Y$9),$W$9,IF(OR(G18=$X$10,G18=$Y$10),$W$10,IF(OR(G18=$X$11,G18=$Y$11),$W$11,IF(OR(G18=$X$12,G18=$Y$12),$W$12,IF(OR(G18=$X$13,G18=$Y$13),$W$13))))))) | I18: =+IF(G18="","",IF(G18="N/A","",IF(OR(G18=$X$9,G18=$Y$9),$V$9,IF(OR(G18=$X$10,G18=$Y$10),$V$10,IF(OR(G18=$X$11,G18=$Y$11),$V$11,IF(OR(G18=$X$12,G18=$Y$12),$V$12,IF(OR(G18=$X$13,G18=$Y$13),$V$13))))))) | K18: =+IF(J18="","",IF(J18="N/A","",IF(OR(J18=$X$9,J18=$Y$9),$W$9,IF(OR(J18=$X$10,J18=$Y$10),$W$10,IF(OR(J18=$X$11,J18=$Y$11),$W$11,IF(OR(J18=$X$12,J18=$Y$12),$W$12,IF(OR(J18=$X$13,J18=$Y$13),$W$13))))))) | L18: =+IF(J18="","",IF(J18="N/A","",IF(OR(J18=$X$9,J18=$Y$9),$V$9,IF(OR(J18=$X$10,J18=$Y$10),$V$10,IF(OR(J18=$X$11,J18=$Y$11),$V$11,IF(OR(J18=$X$12,J18=$Y$12),$V$12,IF(OR(J18=$X$13,J18=$Y$13),$V$13))))))) | M18: =+IF(H18="",K18,IF(K18="",H18,IF(H18>K18,H18,K18))) | N18: =+IF(M18="","",IF(M18=$W$9,$V$9,IF(M18=$W$10,$V$10,IF(M18=$W$11,$V$11,IF(M18=$W$12,$V$12,IF(M18=$W$13,$V$13))))))
A19: ='2 CONTEXTO E IDENTIFICACIÓN'!A19 -> 0 | B19: =+'2 CONTEXTO E IDENTIFICACIÓN'!J19 -> 0 | D19: =+IF(C19="","",IF(C19<=$S$9,$Q$9,IF(C19<=$S$10,$Q$10,IF(C19<=$S$11,$Q$11,IF(C19<=$S$12,$Q$12,IF(C19>=$R$13,$Q$13,"")))))) | E19: =+IF(D19="","",IF(D19=$Q$9,$T$9,IF(D19=$Q$10,$T$10,IF(D19=$Q$11,$T$11,IF(D19=$Q$12,$T$12,IF(D19=$Q$13,$T$13)))))) | F19: =+IF(D19="","",IF(D19=$Q$9,$P$9,IF(D19=$Q$10,$P$10,IF(D19=$Q$11,$P$11,IF(D19=$Q$12,$P$12,IF(D19=$Q$13,$P$13)))))) | H19: =+IF(G19="","",IF(G19="N/A","",IF(OR(G19=$X$9,G19=$Y$9),$W$9,IF(OR(G19=$X$10,G19=$Y$10),$W$10,IF(OR(G19=$X$11,G19=$Y$11),$W$11,IF(OR(G19=$X$12,G19=$Y$12),$W$12,IF(OR(G19=$X$13,G19=$Y$13),$W$13))))))) | I19: =+IF(G19="","",IF(G19="N/A","",IF(OR(G19=$X$9,G19=$Y$9),$V$9,IF(OR(G19=$X$10,G19=$Y$10),$V$10,IF(OR(G19=$X$11,G19=$Y$11),$V$11,IF(OR(G19=$X$12,G19=$Y$12),$V$12,IF(OR(G19=$X$13,G19=$Y$13),$V$13))))))) | K19: =+IF(J19="","",IF(J19="N/A","",IF(OR(J19=$X$9,J19=$Y$9),$W$9,IF(OR(J19=$X$10,J19=$Y$10),$W$10,IF(OR(J19=$X$11,J19=$Y$11),$W$11,IF(OR(J19=$X$12,J19=$Y$12),$W$12,IF(OR(J19=$X$13,J19=$Y$13),$W$13))))))) | L19: =+IF(J19="","",IF(J19="N/A","",IF(OR(J19=$X$9,J19=$Y$9),$V$9,IF(OR(J19=$X$10,J19=$Y$10),$V$10,IF(OR(J19=$X$11,J19=$Y$11),$V$11,IF(OR(J19=$X$12,J19=$Y$12),$V$12,IF(OR(J19=$X$13,J19=$Y$13),$V$13))))))) | M19: =+IF(H19="",K19,IF(K19="",H19,IF(H19>K19,H19,K19))) | N19: =+IF(M19="","",IF(M19=$W$9,$V$9,IF(M19=$W$10,$V$10,IF(M19=$W$11,$V$11,IF(M19=$W$12,$V$12,IF(M19=$W$13,$V$13))))))
A20: ='2 CONTEXTO E IDENTIFICACIÓN'!A20 -> 0 | B20: =+'2 CONTEXTO E IDENTIFICACIÓN'!J20 -> 0 | D20: =+IF(C20="","",IF(C20<=$S$9,$Q$9,IF(C20<=$S$10,$Q$10,IF(C20<=$S$11,$Q$11,IF(C20<=$S$12,$Q$12,IF(C20>=$R$13,$Q$13,"")))))) | E20: =+IF(D20="","",IF(D20=$Q$9,$T$9,IF(D20=$Q$10,$T$10,IF(D20=$Q$11,$T$11,IF(D20=$Q$12,$T$12,IF(D20=$Q$13,$T$13)))))) | F20: =+IF(D20="","",IF(D20=$Q$9,$P$9,IF(D20=$Q$10,$P$10,IF(D20=$Q$11,$P$11,IF(D20=$Q$12,$P$12,IF(D20=$Q$13,$P$13)))))) | H20: =+IF(G20="","",IF(G20="N/A","",IF(OR(G20=$X$9,G20=$Y$9),$W$9,IF(OR(G20=$X$10,G20=$Y$10),$W$10,IF(OR(G20=$X$11,G20=$Y$11),$W$11,IF(OR(G20=$X$12,G20=$Y$12),$W$12,IF(OR(G20=$X$13,G20=$Y$13),$W$13))))))) | I20: =+IF(G20="","",IF(G20="N/A","",IF(OR(G20=$X$9,G20=$Y$9),$V$9,IF(OR(G20=$X$10,G20=$Y$10),$V$10,IF(OR(G20=$X$11,G20=$Y$11),$V$11,IF(OR(G20=$X$12,G20=$Y$12),$V$12,IF(OR(G20=$X$13,G20=$Y$13),$V$13))))))) | K20: =+IF(J20="","",IF(J20="N/A","",IF(OR(J20=$X$9,J20=$Y$9),$W$9,IF(OR(J20=$X$10,J20=$Y$10),$W$10,IF(OR(J20=$X$11,J20=$Y$11),$W$11,IF(OR(J20=$X$12,J20=$Y$12),$W$12,IF(OR(J20=$X$13,J20=$Y$13),$W$13))))))) | L20: =+IF(J20="","",IF(J20="N/A","",IF(OR(J20=$X$9,J20=$Y$9),$V$9,IF(OR(J20=$X$10,J20=$Y$10),$V$10,IF(OR(J20=$X$11,J20=$Y$11),$V$11,IF(OR(J20=$X$12,J20=$Y$12),$V$12,IF(OR(J20=$X$13,J20=$Y$13),$V$13))))))) | M20: =+IF(H20="",K20,IF(K20="",H20,IF(H20>K20,H20,K20))) | N20: =+IF(M20="","",IF(M20=$W$9,$V$9,IF(M20=$W$10,$V$10,IF(M20=$W$11,$V$11,IF(M20=$W$12,$V$12,IF(M20=$W$13,$V$13))))))
A21: ='2 CONTEXTO E IDENTIFICACIÓN'!A21 -> 0 | B21: =+'2 CONTEXTO E IDENTIFICACIÓN'!J21 -> 0 | D21: =+IF(C21="","",IF(C21<=$S$9,$Q$9,IF(C21<=$S$10,$Q$10,IF(C21<=$S$11,$Q$11,IF(C21<=$S$12,$Q$12,IF(C21>=$R$13,$Q$13,"")))))) | E21: =+IF(D21="","",IF(D21=$Q$9,$T$9,IF(D21=$Q$10,$T$10,IF(D21=$Q$11,$T$11,IF(D21=$Q$12,$T$12,IF(D21=$Q$13,$T$13)))))) | F21: =+IF(D21="","",IF(D21=$Q$9,$P$9,IF(D21=$Q$10,$P$10,IF(D21=$Q$11,$P$11,IF(D21=$Q$12,$P$12,IF(D21=$Q$13,$P$13)))))) | H21: =+IF(G21="","",IF(G21="N/A","",IF(OR(G21=$X$9,G21=$Y$9),$W$9,IF(OR(G21=$X$10,G21=$Y$10),$W$10,IF(OR(G21=$X$11,G21=$Y$11),$W$11,IF(OR(G21=$X$12,G21=$Y$12),$W$12,IF(OR(G21=$X$13,G21=$Y$13),$W$13))))))) | I21: =+IF(G21="","",IF(G21="N/A","",IF(OR(G21=$X$9,G21=$Y$9),$V$9,IF(OR(G21=$X$10,G21=$Y$10),$V$10,IF(OR(G21=$X$11,G21=$Y$11),$V$11,IF(OR(G21=$X$12,G21=$Y$12),$V$12,IF(OR(G21=$X$13,G21=$Y$13),$V$13))))))) | K21: =+IF(J21="","",IF(J21="N/A","",IF(OR(J21=$X$9,J21=$Y$9),$W$9,IF(OR(J21=$X$10,J21=$Y$10),$W$10,IF(OR(J21=$X$11,J21=$Y$11),$W$11,IF(OR(J21=$X$12,J21=$Y$12),$W$12,IF(OR(J21=$X$13,J21=$Y$13),$W$13))))))) | L21: =+IF(J21="","",IF(J21="N/A","",IF(OR(J21=$X$9,J21=$Y$9),$V$9,IF(OR(J21=$X$10,J21=$Y$10),$V$10,IF(OR(J21=$X$11,J21=$Y$11),$V$11,IF(OR(J21=$X$12,J21=$Y$12),$V$12,IF(OR(J21=$X$13,J21=$Y$13),$V$13))))))) | M21: =+IF(H21="",K21,IF(K21="",H21,IF(H21>K21,H21,K21))) | N21: =+IF(M21="","",IF(M21=$W$9,$V$9,IF(M21=$W$10,$V$10,IF(M21=$W$11,$V$11,IF(M21=$W$12,$V$12,IF(M21=$W$13,$V$13))))))
A22: ='2 CONTEXTO E IDENTIFICACIÓN'!A22 -> 0 | B22: =+'2 CONTEXTO E IDENTIFICACIÓN'!J22 -> 0 | D22: =+IF(C22="","",IF(C22<=$S$9,$Q$9,IF(C22<=$S$10,$Q$10,IF(C22<=$S$11,$Q$11,IF(C22<=$S$12,$Q$12,IF(C22>=$R$13,$Q$13,"")))))) | E22: =+IF(D22="","",IF(D22=$Q$9,$T$9,IF(D22=$Q$10,$T$10,IF(D22=$Q$11,$T$11,IF(D22=$Q$12,$T$12,IF(D22=$Q$13,$T$13)))))) | F22: =+IF(D22="","",IF(D22=$Q$9,$P$9,IF(D22=$Q$10,$P$10,IF(D22=$Q$11,$P$11,IF(D22=$Q$12,$P$12,IF(D22=$Q$13,$P$13)))))) | H22: =+IF(G22="","",IF(G22="N/A","",IF(OR(G22=$X$9,G22=$Y$9),$W$9,IF(OR(G22=$X$10,G22=$Y$10),$W$10,IF(OR(G22=$X$11,G22=$Y$11),$W$11,IF(OR(G22=$X$12,G22=$Y$12),$W$12,IF(OR(G22=$X$13,G22=$Y$13),$W$13))))))) | I22: =+IF(G22="","",IF(G22="N/A","",IF(OR(G22=$X$9,G22=$Y$9),$V$9,IF(OR(G22=$X$10,G22=$Y$10),$V$10,IF(OR(G22=$X$11,G22=$Y$11),$V$11,IF(OR(G22=$X$12,G22=$Y$12),$V$12,IF(OR(G22=$X$13,G22=$Y$13),$V$13))))))) | K22: =+IF(J22="","",IF(J22="N/A","",IF(OR(J22=$X$9,J22=$Y$9),$W$9,IF(OR(J22=$X$10,J22=$Y$10),$W$10,IF(OR(J22=$X$11,J22=$Y$11),$W$11,IF(OR(J22=$X$12,J22=$Y$12),$W$12,IF(OR(J22=$X$13,J22=$Y$13),$W$13))))))) | L22: =+IF(J22="","",IF(J22="N/A","",IF(OR(J22=$X$9,J22=$Y$9),$V$9,IF(OR(J22=$X$10,J22=$Y$10),$V$10,IF(OR(J22=$X$11,J22=$Y$11),$V$11,IF(OR(J22=$X$12,J22=$Y$12),$V$12,IF(OR(J22=$X$13,J22=$Y$13),$V$13))))))) | M22: =+IF(H22="",K22,IF(K22="",H22,IF(H22>K22,H22,K22))) | N22: =+IF(M22="","",IF(M22=$W$9,$V$9,IF(M22=$W$10,$V$10,IF(M22=$W$11,$V$11,IF(M22=$W$12,$V$12,IF(M22=$W$13,$V$13))))))
A23: ='2 CONTEXTO E IDENTIFICACIÓN'!A23 -> 0 | B23: =+'2 CONTEXTO E IDENTIFICACIÓN'!J23 -> 0 | D23: =+IF(C23="","",IF(C23<=$S$9,$Q$9,IF(C23<=$S$10,$Q$10,IF(C23<=$S$11,$Q$11,IF(C23<=$S$12,$Q$12,IF(C23>=$R$13,$Q$13,"")))))) | E23: =+IF(D23="","",IF(D23=$Q$9,$T$9,IF(D23=$Q$10,$T$10,IF(D23=$Q$11,$T$11,IF(D23=$Q$12,$T$12,IF(D23=$Q$13,$T$13)))))) | F23: =+IF(D23="","",IF(D23=$Q$9,$P$9,IF(D23=$Q$10,$P$10,IF(D23=$Q$11,$P$11,IF(D23=$Q$12,$P$12,IF(D23=$Q$13,$P$13)))))) | H23: =+IF(G23="","",IF(G23="N/A","",IF(OR(G23=$X$9,G23=$Y$9),$W$9,IF(OR(G23=$X$10,G23=$Y$10),$W$10,IF(OR(G23=$X$11,G23=$Y$11),$W$11,IF(OR(G23=$X$12,G23=$Y$12),$W$12,IF(OR(G23=$X$13,G23=$Y$13),$W$13))))))) | I23: =+IF(G23="","",IF(G23="N/A","",IF(OR(G23=$X$9,G23=$Y$9),$V$9,IF(OR(G23=$X$10,G23=$Y$10),$V$10,IF(OR(G23=$X$11,G23=$Y$11),$V$11,IF(OR(G23=$X$12,G23=$Y$12),$V$12,IF(OR(G23=$X$13,G23=$Y$13),$V$13))))))) | K23: =+IF(J23="","",IF(J23="N/A","",IF(OR(J23=$X$9,J23=$Y$9),$W$9,IF(OR(J23=$X$10,J23=$Y$10),$W$10,IF(OR(J23=$X$11,J23=$Y$11),$W$11,IF(OR(J23=$X$12,J23=$Y$12),$W$12,IF(OR(J23=$X$13,J23=$Y$13),$W$13))))))) | L23: =+IF(J23="","",IF(J23="N/A","",IF(OR(J23=$X$9,J23=$Y$9),$V$9,IF(OR(J23=$X$10,J23=$Y$10),$V$10,IF(OR(J23=$X$11,J23=$Y$11),$V$11,IF(OR(J23=$X$12,J23=$Y$12),$V$12,IF(OR(J23=$X$13,J23=$Y$13),$V$13))))))) | M23: =+IF(H23="",K23,IF(K23="",H23,IF(H23>K23,H23,K23))) | N23: =+IF(M23="","",IF(M23=$W$9,$V$9,IF(M23=$W$10,$V$10,IF(M23=$W$11,$V$11,IF(M23=$W$12,$V$12,IF(M23=$W$13,$V$13))))))
A24: ='2 CONTEXTO E IDENTIFICACIÓN'!A24 -> 0 | B24: =+'2 CONTEXTO E IDENTIFICACIÓN'!J24 -> 0 | D24: =+IF(C24="","",IF(C24<=$S$9,$Q$9,IF(C24<=$S$10,$Q$10,IF(C24<=$S$11,$Q$11,IF(C24<=$S$12,$Q$12,IF(C24>=$R$13,$Q$13,"")))))) | E24: =+IF(D24="","",IF(D24=$Q$9,$T$9,IF(D24=$Q$10,$T$10,IF(D24=$Q$11,$T$11,IF(D24=$Q$12,$T$12,IF(D24=$Q$13,$T$13)))))) | F24: =+IF(D24="","",IF(D24=$Q$9,$P$9,IF(D24=$Q$10,$P$10,IF(D24=$Q$11,$P$11,IF(D24=$Q$12,$P$12,IF(D24=$Q$13,$P$13)))))) | H24: =+IF(G24="","",IF(G24="N/A","",IF(OR(G24=$X$9,G24=$Y$9),$W$9,IF(OR(G24=$X$10,G24=$Y$10),$W$10,IF(OR(G24=$X$11,G24=$Y$11),$W$11,IF(OR(G24=$X$12,G24=$Y$12),$W$12,IF(OR(G24=$X$13,G24=$Y$13),$W$13))))))) | I24: =+IF(G24="","",IF(G24="N/A","",IF(OR(G24=$X$9,G24=$Y$9),$V$9,IF(OR(G24=$X$10,G24=$Y$10),$V$10,IF(OR(G24=$X$11,G24=$Y$11),$V$11,IF(OR(G24=$X$12,G24=$Y$12),$V$12,IF(OR(G24=$X$13,G24=$Y$13),$V$13))))))) | K24: =+IF(J24="","",IF(J24="N/A","",IF(OR(J24=$X$9,J24=$Y$9),$W$9,IF(OR(J24=$X$10,J24=$Y$10),$W$10,IF(OR(J24=$X$11,J24=$Y$11),$W$11,IF(OR(J24=$X$12,J24=$Y$12),$W$12,IF(OR(J24=$X$13,J24=$Y$13),$W$13))))))) | L24: =+IF(J24="","",IF(J24="N/A","",IF(OR(J24=$X$9,J24=$Y$9),$V$9,IF(OR(J24=$X$10,J24=$Y$10),$V$10,IF(OR(J24=$X$11,J24=$Y$11),$V$11,IF(OR(J24=$X$12,J24=$Y$12),$V$12,IF(OR(J24=$X$13,J24=$Y$13),$V$13))))))) | M24: =+IF(H24="",K24,IF(K24="",H24,IF(H24>K24,H24,K24))) | N24: =+IF(M24="","",IF(M24=$W$9,$V$9,IF(M24=$W$10,$V$10,IF(M24=$W$11,$V$11,IF(M24=$W$12,$V$12,IF(M24=$W$13,$V$13))))))
A25: ='2 CONTEXTO E IDENTIFICACIÓN'!A25 -> 0 | B25: =+'2 CONTEXTO E IDENTIFICACIÓN'!J25 -> 0 | D25: =+IF(C25="","",IF(C25<=$S$9,$Q$9,IF(C25<=$S$10,$Q$10,IF(C25<=$S$11,$Q$11,IF(C25<=$S$12,$Q$12,IF(C25>=$R$13,$Q$13,"")))))) | E25: =+IF(D25="","",IF(D25=$Q$9,$T$9,IF(D25=$Q$10,$T$10,IF(D25=$Q$11,$T$11,IF(D25=$Q$12,$T$12,IF(D25=$Q$13,$T$13)))))) | F25: =+IF(D25="","",IF(D25=$Q$9,$P$9,IF(D25=$Q$10,$P$10,IF(D25=$Q$11,$P$11,IF(D25=$Q$12,$P$12,IF(D25=$Q$13,$P$13)))))) | H25: =+IF(G25="","",IF(G25="N/A","",IF(OR(G25=$X$9,G25=$Y$9),$W$9,IF(OR(G25=$X$10,G25=$Y$10),$W$10,IF(OR(G25=$X$11,G25=$Y$11),$W$11,IF(OR(G25=$X$12,G25=$Y$12),$W$12,IF(OR(G25=$X$13,G25=$Y$13),$W$13))))))) | I25: =+IF(G25="","",IF(G25="N/A","",IF(OR(G25=$X$9,G25=$Y$9),$V$9,IF(OR(G25=$X$10,G25=$Y$10),$V$10,IF(OR(G25=$X$11,G25=$Y$11),$V$11,IF(OR(G25=$X$12,G25=$Y$12),$V$12,IF(OR(G25=$X$13,G25=$Y$13),$V$13))))))) | K25: =+IF(J25="","",IF(J25="N/A","",IF(OR(J25=$X$9,J25=$Y$9),$W$9,IF(OR(J25=$X$10,J25=$Y$10),$W$10,IF(OR(J25=$X$11,J25=$Y$11),$W$11,IF(OR(J25=$X$12,J25=$Y$12),$W$12,IF(OR(J25=$X$13,J25=$Y$13),$W$13))))))) | L25: =+IF(J25="","",IF(J25="N/A","",IF(OR(J25=$X$9,J25=$Y$9),$V$9,IF(OR(J25=$X$10,J25=$Y$10),$V$10,IF(OR(J25=$X$11,J25=$Y$11),$V$11,IF(OR(J25=$X$12,J25=$Y$12),$V$12,IF(OR(J25=$X$13,J25=$Y$13),$V$13))))))) | M25: =+IF(H25="",K25,IF(K25="",H25,IF(H25>K25,H25,K25))) | N25: =+IF(M25="","",IF(M25=$W$9,$V$9,IF(M25=$W$10,$V$10,IF(M25=$W$11,$V$11,IF(M25=$W$12,$V$12,IF(M25=$W$13,$V$13))))))
A26: ='2 CONTEXTO E IDENTIFICACIÓN'!A26 -> 0 | B26: =+'2 CONTEXTO E IDENTIFICACIÓN'!J26 -> 0 | D26: =+IF(C26="","",IF(C26<=$S$9,$Q$9,IF(C26<=$S$10,$Q$10,IF(C26<=$S$11,$Q$11,IF(C26<=$S$12,$Q$12,IF(C26>=$R$13,$Q$13,"")))))) | E26: =+IF(D26="","",IF(D26=$Q$9,$T$9,IF(D26=$Q$10,$T$10,IF(D26=$Q$11,$T$11,IF(D26=$Q$12,$T$12,IF(D26=$Q$13,$T$13)))))) | F26: =+IF(D26="","",IF(D26=$Q$9,$P$9,IF(D26=$Q$10,$P$10,IF(D26=$Q$11,$P$11,IF(D26=$Q$12,$P$12,IF(D26=$Q$13,$P$13)))))) | H26: =+IF(G26="","",IF(G26="N/A","",IF(OR(G26=$X$9,G26=$Y$9),$W$9,IF(OR(G26=$X$10,G26=$Y$10),$W$10,IF(OR(G26=$X$11,G26=$Y$11),$W$11,IF(OR(G26=$X$12,G26=$Y$12),$W$12,IF(OR(G26=$X$13,G26=$Y$13),$W$13))))))) | I26: =+IF(G26="","",IF(G26="N/A","",IF(OR(G26=$X$9,G26=$Y$9),$V$9,IF(OR(G26=$X$10,G26=$Y$10),$V$10,IF(OR(G26=$X$11,G26=$Y$11),$V$11,IF(OR(G26=$X$12,G26=$Y$12),$V$12,IF(OR(G26=$X$13,G26=$Y$13),$V$13))))))) | K26: =+IF(J26="","",IF(J26="N/A","",IF(OR(J26=$X$9,J26=$Y$9),$W$9,IF(OR(J26=$X$10,J26=$Y$10),$W$10,IF(OR(J26=$X$11,J26=$Y$11),$W$11,IF(OR(J26=$X$12,J26=$Y$12),$W$12,IF(OR(J26=$X$13,J26=$Y$13),$W$13))))))) | L26: =+IF(J26="","",IF(J26="N/A","",IF(OR(J26=$X$9,J26=$Y$9),$V$9,IF(OR(J26=$X$10,J26=$Y$10),$V$10,IF(OR(J26=$X$11,J26=$Y$11),$V$11,IF(OR(J26=$X$12,J26=$Y$12),$V$12,IF(OR(J26=$X$13,J26=$Y$13),$V$13))))))) | M26: =+IF(H26="",K26,IF(K26="",H26,IF(H26>K26,H26,K26))) | N26: =+IF(M26="","",IF(M26=$W$9,$V$9,IF(M26=$W$10,$V$10,IF(M26=$W$11,$V$11,IF(M26=$W$12,$V$12,IF(M26=$W$13,$V$13))))))
... A28: ='2 CONTEXTO E IDENTIFICACIÓN'!A28 -> 0 | B28: =+'2 CONTEXTO E IDENTIFICACIÓN'!J28 -> 0 | D28: =+IF(C28="","",IF(C28<=$S$9,$Q$9,IF(C28<=$S$10,$Q$10,IF(C28<=$S$11,$Q$11,IF(C28<=$S$12,$Q$12,IF(C28>=$R$13,$Q$13,"")))))) | E28: =+IF(D28="","",IF(D28=$Q$9,$T$9,IF(D28=$Q$10,$T$10,IF(D28=$Q$11,$T$11,IF(D28=$Q$12,$T$12,IF(D28=$Q$13,$T$13)))))) | F28: =+IF(D28="","",IF(D28=$Q$9,$P$9,IF(D28=$Q$10,$P$10,IF(D28=$Q$11,$P$11,IF(D28=$Q$12,$P$12,IF(D28=$Q$13,$P$13)))))) | H28: =+IF(G28="","",IF(G28="N/A","",IF(OR(G28=$X$9,G28=$Y$9),$W$9,IF(OR(G28=$X$10,G28=$Y$10),$W$10,IF(OR(G28=$X$11,G28=$Y$11),$W$11,IF(OR(G28=$X$12,G28=$Y$12),$W$12,IF(OR(G28=$X$13,G28=$Y$13),$W$13))))))) | I28: =+IF(G28="","",IF(G28="N/A","",IF(OR(G28=$X$9,G28=$Y$9),$V$9,IF(OR(G28=$X$10,G28=$Y$10),$V$10,IF(OR(G28=$X$11,G28=$Y$11),$V$11,IF(OR(G28=$X$12,G28=$Y$12),$V$12,IF(OR(G28=$X$13,G28=$Y$13),$V$13))))))) | K28: =+IF(J28="","",IF(J28="N/A","",IF(OR(J28=$X$9,J28=$Y$9),$W$9,IF(OR(J28=$X$10,J28=$Y$10),$W$10,IF(OR(J28=$X$11,J28=$Y$11),$W$11,IF(OR(J28=$X$12,J28=$Y$12),$W$12,IF(OR(J28=$X$13,J28=$Y$13),$W$13))))))) | L28: =+IF(J28="","",IF(J28="N/A","",IF(OR(J28=$X$9,J28=$Y$9),$V$9,IF(OR(J28=$X$10,J28=$Y$10),$V$10,IF(OR(J28=$X$11,J28=$Y$11),$V$11,IF(OR(J28=$X$12,J28=$Y$12),$V$12,IF(OR(J28=$X$13,J28=$Y$13),$V$13))))))) | M28: =+IF(H28="",K28,IF(K28="",H28,IF(H28>K28,H28,K28))) | N28: =+IF(M28="","",IF(M28=$W$9,$V$9,IF(M28=$W$10,$V$10,IF(M28=$W$11,$V$11,IF(M28=$W$12,$V$12,IF(M28=$W$13,$V$13))))))

Sheet 4 MAPA CALOR INHERENTE
B1: =+'2 CONTEXTO E IDENTIFICACIÓN'!A1 -> MAPA DE RIESGOS
C2: =+'2 CONTEXTO E IDENTIFICACIÓN'!A2 -> VERSIÓN: | D2: ='2 CONTEXTO E IDENTIFICACIÓN'!B2 -> 1 | I2: =+'2 CONTEXTO E IDENTIFICACIÓN'!$I$4 -> Elaboración | J2: ='2 CONTEXTO E IDENTIFICACIÓN'!J4 -> 46259
I3: =+'2 CONTEXTO E IDENTIFICACIÓN'!$E$5 -> Vigencia: | J3: ='2 CONTEXTO E IDENTIFICACIÓN'!G5 -> 46266 | K3: Al | L3: ='2 CONTEXTO E IDENTIFICACIÓN'!J5 -> 46387
A4: ENTIDAD: | B4: ='2 CONTEXTO E IDENTIFICACIÓN'!B4 -> Unidad Administrativa Especial de Organizaciones Solidarias
A5: PROCESO: | B5: ='2 CONTEXTO E IDENTIFICACIÓN'!F4 -> Fomento de la Asociatividad Solidaria
G6: MAPA DE CALOR RIESGO INHERENTE | R6: Impacto
C7: CALIFICACIÓN RIESGO INHERENTE | I7: Impacto | R7: 0.2 | S7: 0.4 | T7: 0.6 | U7: 0.8 | V7: 1
A8: No. DEL RIESGO | B8: RIESGO | C8: PROBABILIDAD | D8: IMPACTO | E8: SEVERIDAD (NIVEL DE RIESGO) | I8: Leve | J8: Menor | K8: Moderado | L8: Mayor | M8: Catastrófico | R8: Leve | S8: Menor | T8: Moderado | U8: Mayor | V8: Catastrófico
A9: ='2 CONTEXTO E IDENTIFICACIÓN'!A9 -> R10 | B9: =+'2 CONTEXTO E IDENTIFICACIÓN'!J9 -> Posibilidad de afectación económica y reputacional por el incumplimiento de las actividades, tiempos y responsables establecidos en el proceso de Fomento de la Asociatividad Solidaria y sus cuatro procedimientos asociados. a causa de el proceso y los procedimientos vigentes se encuentran desactuaizados y no reflejan el modelo de ejecución actual con gestores territoriales contratistas (en lugar de convenios con cooperantes), generando vacíos normativos y ausencia de lineamientos claros para el equipo. | C9: =+'3 PROBABIL E IMPACTO INHERENTE'!F9 -> Media | D9: =+'3 PROBABIL E IMPACTO INHERENTE'!N9 -> Mayor | E9: =+IF(C9=$Q$9,IF(D9=$R$8,$R$9,IF(D9=$S$8,$S$9,IF(D9=$T$8,$T$9,IF(D9=$U$8,$U$9,IF(D9=$V$8,$V$9))))),IF(C9=$Q$10,IF(D9=$R$8,$R$10,IF(D9=$S$8,$S$10,IF(D9=$T$8,$T$10,IF(D9=$U$8,$U$10,IF(D9=$V$8,$V$10))))),IF(C9=$Q$11,IF(D9=$R$8,$R$11,IF(D9=$S$8,$S$11,IF(D9=$T$8,$T$11,IF(D9=$U$8,$U$11,IF(D9=$V$8,$V$11))))),IF(C9=$Q$12,IF(D9=$R$8,$R$12,IF(D9=$S$8,$S$12,IF(D9=$T$8,$T$12,IF(D9=$U$8,$U$12,IF(D9=$V$8,$V$12))))),IF(C9=$Q$13,IF(D9=$R$8,$R$13,IF(D9=$S$8,$S$13,IF(D9=$T$8,$T$13,IF(D9=$U$8,$U$13,IF(D9=$V$8,$V$13))))),""))))) -> Alto | G9: Probabilidad | H9: Muy Alta | I9: =+IF(AND(C9=$Q$9,D9=$R$8),A9,"")&" "&IF(AND(C10=$Q$9,D10=$R$8),A10,"")&" "&IF(AND(C11=$Q$9,D11=$R$8),A11,"")&" "&IF(AND(C12=$Q$9,D12=$R$8),A12,"")&" "&IF(AND(C13=$Q$9,D13=$R$8),A13,"")&" "&IF(AND(C14=$Q$9,D14=$R$8),A14,"")&" "&IF(AND(C15=$Q$9,D15=$R$8),A15,"")&" "&IF(AND(C16=$Q$9,D16=$R$8),A16,"")&" "&IF(AND(C17=$Q$9,D17=$R$8),A17,"")&" "&IF(AND(C18=$Q$9,D18=$R$8),A18,"")&" "&IF(AND(C19=$Q$9,D19=$R$8),A19,"")&" "&IF(AND(C20=$Q$9,D20=$R$8),A20,"")&" "&IF(AND(C21=$Q$9,D21=$R$8),A21,"")&" "&IF(AND(C22=$Q$9,D22=$R$8),A22,"")&" "&IF(AND(C23=$Q$9,D23=$R$8),A23,"")&" "&IF(AND(C24=$Q$9,D24=$R$8),A24,"")&" "&IF(AND(C25=$Q$9,D25=$R$8),A25,"")&" "&IF(AND(C26=$Q$9,D26=$R$8),A26,"")&" "&IF(AND(C27=$Q$9,D27=$R$8),A27,"")&" "&IF(AND(C28=$Q$9,D28=$R$8),A28,"") | J9: =+IF(AND(C9=$Q$9,D9=$S$8),A9,"")&" "&IF(AND(C10=$Q$9,D10=$S$8),A10,"")&" "&IF(AND(C11=$Q$9,D11=$S$8),A11,"")&" "&IF(AND(C12=$Q$9,D12=$S$8),A12,"")&" "&IF(AND(C13=$Q$9,D13=$S$8),A13,"")&" "&IF(AND(C14=$Q$9,D14=$S$8),A14,"")&" "&IF(AND(C15=$Q$9,D15=$S$8),A15,"")&" "&IF(AND(C16=$Q$9,D16=$S$8),A16,"")&" "&IF(AND(C17=$Q$9,D17=$S$8),A17,"")&" "&IF(AND(C18=$Q$9,D18=$S$8),A18,"")&" "&IF(AND(C19=$Q$9,D19=$S$8),A19,"")&" "&IF(AND(C20=$Q$9,D20=$S$8),A20,"")&" "&IF(AND(C21=$Q$9,D21=$S$8),A21,"")&" "&IF(AND(C22=$Q$9,D22=$S$8),A22,"")&" "&IF(AND(C23=$Q$9,D23=$S$8),A23,"")&" "&IF(AND(C24=$Q$9,D24=$S$8),A24,"")&" "&IF(AND(C25=$Q$9,D25=$S$8),A25,"")&" "&IF(AND(C26=$Q$9,D26=$S$8),A26,"")&" "&IF(AND(C27=$Q$9,D27=$S$8),A27,"")&" "&IF(AND(C28=$Q$9,D28=$S$8),A28,"") | K9: =+IF(AND(C9=$Q$9,D9=$T$8),A9,"")&" "&IF(AND(C10=$Q$9,D10=$T$8),A10,"")&" "&IF(AND(C11=$Q$9,D11=$T$8),A11,"")&" "&IF(AND(C12=$Q$9,D12=$T$8),A12,"")&" "&IF(AND(C13=$Q$9,D13=$T$8),A13,"")&" "&IF(AND(C14=$Q$9,D14=$T$8),A14,"")&" "&IF(AND(C15=$Q$9,D15=$T$8),A15,"")&" "&IF(AND(C16=$Q$9,D16=$T$8),A16,"")&" "&IF(AND(C17=$Q$9,D17=$T$8),A17,"")&" "&IF(AND(C18=$Q$9,D18=$T$8),A18,"")&" "&IF(AND(C19=$Q$9,D19=$T$8),A19,"")&" "&IF(AND(C20=$Q$9,D20=$T$8),A20,"")&" "&IF(AND(C21=$Q$9,D21=$T$8),A21,"")&" "&IF(AND(C22=$Q$9,D22=$T$8),A22,"")&" "&IF(AND(C23=$Q$9,D23=$T$8),A23,"")&" "&IF(AND(C24=$Q$9,D24=$T$8),A24,"")&" "&IF(AND(C25=$Q$9,D25=$T$8),A25,"")&" "&IF(AND(C26=$Q$9,D26=$T$8),A26,"")&" "&IF(AND(C27=$Q$9,D27=$T$8),A27,"")&" "&IF(AND(C28=$Q$9,D28=$T$8),A28,"") | L9: =+IF(AND(C9=$Q$9,D9=$U$8),A9,"")&" "&IF(AND(C10=$Q$9,D10=$U$8),A10,"")&" "&IF(AND(C11=$Q$9,D11=$U$8),A11,"")&" "&IF(AND(C12=$Q$9,D12=$U$8),A12,"")&" "&IF(AND(C13=$Q$9,D13=$U$8),A13,"")&" "&IF(AND(C14=$Q$9,D14=$U$8),A14,"")&" "&IF(AND(C15=$Q$9,D15=$U$8),A15,"")&" "&IF(AND(C16=$Q$9,D16=$U$8),A16,"")&" "&IF(AND(C17=$Q$9,D17=$U$8),A17,"")&" "&IF(AND(C18=$Q$9,D18=$U$8),A18,"")&" "&IF(AND(C19=$Q$9,D19=$U$8),A19,"")&" "&IF(AND(C20=$Q$9,D20=$U$8),A20,"")&" "&IF(AND(C21=$Q$9,D21=$U$8),A21,"")&" "&IF(AND(C22=$Q$9,D22=$U$8),A22,"")&" "&IF(AND(C23=$Q$9,D23=$U$8),A23,"")&" "&IF(AND(C24=$Q$9,D24=$U$8),A24,"")&" "&IF(AND(C25=$Q$9,D25=$U$8),A25,"")&" "&IF(AND(C26=$Q$9,D26=$U$8),A26,"")&" "&IF(AND(C27=$Q$9,D27=$U$8),A27,"")&" "&IF(AND(C28=$Q$9,D28=$U$8),A28,"") | M9: =+IF(AND(C9=$Q$9,D9=$V$8),A9,"")&" "&IF(AND(C10=$Q$9,D10=$V$8),A10,"")&" "&IF(AND(C11=$Q$9,D11=$V$8),A11,"")&" "&IF(AND(C12=$Q$9,D12=$V$8),A12,"")&" "&IF(AND(C13=$Q$9,D13=$V$8),A13,"")&" "&IF(AND(C14=$Q$9,D14=$V$8),A14,"")&" "&IF(AND(C15=$Q$9,D15=$V$8),A15,"")&" "&IF(AND(C16=$Q$9,D16=$V$8),A16,"")&" "&IF(AND(C17=$Q$9,D17=$V$8),A17,"")&" "&IF(AND(C18=$Q$9,D18=$V$8),A18,"")&" "&IF(AND(C19=$Q$9,D19=$V$8),A19,"")&" "&IF(AND(C20=$Q$9,D20=$V$8),A20,"")&" "&IF(AND(C21=$Q$9,D21=$V$8),A21,"")&" "&IF(AND(C22=$Q$9,D22=$V$8),A22,"")&" "&IF(AND(C23=$Q$9,D23=$V$8),A23,"")&" "&IF(AND(C24=$Q$9,D24=$V$8),A24,"")&" "&IF(AND(C25=$Q$9,D25=$V$8),A25,"")&" "&IF(AND(C26=$Q$9,D26=$V$8),A26,"")&" "&IF(AND(C27=$Q$9,D27=$V$8),A27,"")&" "&IF(AND(C28=$Q$9,D28=$V$8),A28,"") | O9: Probabilidad | P9: 1 | Q9: Muy Alta | R9: Alto | S9: Alto | T9: Alto | U9: Alto | V9: Extremo
A10: ='2 CONTEXTO E IDENTIFICACIÓN'!A10 -> R11 | B10: =+'2 CONTEXTO E IDENTIFICACIÓN'!J10 -> Posibilidad de efecto dañoso sobre el recurso público por la asignación de medios de producción o recursos de fortalecimiento a organizaciones cuya caracterización socioeconómica, productiva y de necesidades no fue diagnosticada de forma completa o verificada. a causa de ausencia de una metodología estandarizada y de instrumentos de verificación para que los gestores territoriales realicen la caracterización (diagnóstico económico, social y productivo) de las organizaciones antes de la entrega de medios de producción. | C10: =+'3 PROBABIL E IMPACTO INHERENTE'!F10 -> Media | D10: =+'3 PROBABIL E IMPACTO INHERENTE'!N10 -> Mayor | E10: =+IF(C10=$Q$9,IF(D10=$R$8,$R$9,IF(D10=$S$8,$S$9,IF(D10=$T$8,$T$9,IF(D10=$U$8,$U$9,IF(D10=$V$8,$V$9))))),IF(C10=$Q$10,IF(D10=$R$8,$R$10,IF(D10=$S$8,$S$10,IF(D10=$T$8,$T$10,IF(D10=$U$8,$U$10,IF(D10=$V$8,$V$10))))),IF(C10=$Q$11,IF(D10=$R$8,$R$11,IF(D10=$S$8,$S$11,IF(D10=$T$8,$T$11,IF(D10=$U$8,$U$11,IF(D10=$V$8,$V$11))))),IF(C10=$Q$12,IF(D10=$R$8,$R$12,IF(D10=$S$8,$S$12,IF(D10=$T$8,$T$12,IF(D10=$U$8,$U$12,IF(D10=$V$8,$V$12))))),IF(C10=$Q$13,IF(D10=$R$8,$R$13,IF(D10=$S$8,$S$13,IF(D10=$T$8,$T$13,IF(D10=$U$8,$U$13,IF(D10=$V$8,$V$13))))),""))))) -> Alto | H10: Alta | I10: =+IF(AND(C9=$Q$10,D9=$R$8),A9,"")&" "&IF(AND(C10=$Q$10,D10=$R$8),A10,"")&" "&IF(AND(C11=$Q$10,D11=$R$8),A11,"")&" "&IF(AND(C12=$Q$10,D12=$R$8),A12,"")&" "&IF(AND(C13=$Q$10,D13=$R$8),A13,"")&" "&IF(AND(C14=$Q$10,D14=$R$8),A14,"")&" "&IF(AND(C15=$Q$10,D15=$R$8),A15,"")&" "&IF(AND(C16=$Q$10,D16=$R$8),A16,"")&" "&IF(AND(C17=$Q$10,D17=$R$8),A17,"")&" "&IF(AND(C18=$Q$10,D18=$R$8),A18,"")&" "&IF(AND(C19=$Q$10,D19=$R$8),A19,"")&" "&IF(AND(C20=$Q$10,D20=$R$8),A20,"")&" "&IF(AND(C21=$Q$10,D21=$R$8),A21,"")&" "&IF(AND(C22=$Q$10,D22=$R$8),A22,"")&" "&IF(AND(C23=$Q$10,D23=$R$8),A23,"")&" "&IF(AND(C24=$Q$10,D24=$R$8),A24,"")&" "&IF(AND(C25=$Q$10,D25=$R$8),A25,"")&" "&IF(AND(C26=$Q$10,D26=$R$8),A26,"")&" "&IF(AND(C27=$Q$10,D27=$R$8),A27,"")&" "&IF(AND(C28=$Q$10,D28=$R$8),A28,"") | J10: =+IF(AND(C9=$Q$10,D9=$S$8),A9,"")&" "&IF(AND(C10=$Q$10,D10=$S$8),A10,"")&" "&IF(AND(C11=$Q$10,D11=$S$8),A11,"")&" "&IF(AND(C12=$Q$10,D12=$S$8),A12,"")&" "&IF(AND(C13=$Q$10,D13=$S$8),A13,"")&" "&IF(AND(C14=$Q$10,D14=$S$8),A14,"")&" "&IF(AND(C15=$Q$10,D15=$S$8),A15,"")&" "&IF(AND(C16=$Q$10,D16=$S$8),A16,"")&" "&IF(AND(C17=$Q$10,D17=$S$8),A17,"")&" "&IF(AND(C18=$Q$10,D18=$S$8),A18,"")&" "&IF(AND(C19=$Q$10,D19=$S$8),A19,"")&" "&IF(AND(C20=$Q$10,D20=$S$8),A20,"")&" "&IF(AND(C21=$Q$10,D21=$S$8),A21,"")&" "&IF(AND(C22=$Q$10,D22=$S$8),A22,"")&" "&IF(AND(C23=$Q$10,D23=$S$8),A23,"")&" "&IF(AND(C24=$Q$10,D24=$S$8),A24,"")&" "&IF(AND(C25=$Q$10,D25=$S$8),A25,"")&" "&IF(AND(C26=$Q$10,D26=$S$8),A26,"")&" "&IF(AND(C27=$Q$10,D27=$S$8),A27,"")&" "&IF(AND(C28=$Q$10,D28=$S$8),A28,"") | K10: =+IF(AND(C9=$Q$10,D9=$T$8),A9,"")&" "&IF(AND(C10=$Q$10,D10=$T$8),A10,"")&" "&IF(AND(C11=$Q$10,D11=$T$8),A11,"")&" "&IF(AND(C12=$Q$10,D12=$T$8),A12,"")&" "&IF(AND(C13=$Q$10,D13=$T$8),A13,"")&" "&IF(AND(C14=$Q$10,D14=$T$8),A14,"")&" "&IF(AND(C15=$Q$10,D15=$T$8),A15,"")&" "&IF(AND(C16=$Q$10,D16=$T$8),A16,"")&" "&IF(AND(C17=$Q$10,D17=$T$8),A17,"")&" "&IF(AND(C18=$Q$10,D18=$T$8),A18,"")&" "&IF(AND(C19=$Q$10,D19=$T$8),A19,"")&" "&IF(AND(C20=$Q$10,D20=$T$8),A20,"")&" "&IF(AND(C21=$Q$10,D21=$T$8),A21,"")&" "&IF(AND(C22=$Q$10,D22=$T$8),A22,"")&" "&IF(AND(C23=$Q$10,D23=$T$8),A23,"")&" "&IF(AND(C24=$Q$10,D24=$T$8),A24,"")&" "&IF(AND(C25=$Q$10,D25=$T$8),A25,"")&" "&IF(AND(C26=$Q$10,D26=$T$8),A26,"")&" "&IF(AND(C27=$Q$10,D27=$T$8),A27,"")&" "&IF(AND(C28=$Q$10,D28=$T$8),A28,"") | L10: =+IF(AND(C9=$Q$10,D9=$U$8),A9,"")&" "&IF(AND(C10=$Q$10,D10=$U$8),A10,"")&" "&IF(AND(C11=$Q$10,D11=$U$8),A11,"")&" "&IF(AND(C12=$Q$10,D12=$U$8),A12,"")&" "&IF(AND(C13=$Q$10,D13=$U$8),A13,"")&" "&IF(AND(C14=$Q$10,D14=$U$8),A14,"")&" "&IF(AND(C15=$Q$10,D15=$U$8),A15,"")&" "&IF(AND(C16=$Q$10,D16=$U$8),A16,"")&" "&IF(AND(C17=$Q$10,D17=$U$8),A17,"")&" "&IF(AND(C18=$Q$10,D18=$U$8),A18,"")&" "&IF(AND(C19=$Q$10,D19=$U$8),A19,"")&" "&IF(AND(C20=$Q$10,D20=$U$8),A20,"")&" "&IF(AND(C21=$Q$10,D21=$U$8),A21,"")&" "&IF(AND(C22=$Q$10,D22=$U$8),A22,"")&" "&IF(AND(C23=$Q$10,D23=$U$8),A23,"")&" "&IF(AND(C24=$Q$10,D24=$U$8),A24,"")&" "&IF(AND(C25=$Q$10,D25=$U$8),A25,"")&" "&IF(AND(C26=$Q$10,D26=$U$8),A26,"")&" "&IF(AND(C27=$Q$10,D27=$U$8),A27,"")&" "&IF(AND(C28=$Q$10,D28=$U$8),A28,"") | M10: =+IF(AND(C9=$Q$10,D9=$V$8),A9,"")&" "&IF(AND(C10=$Q$10,D10=$V$8),A10,"")&" "&IF(AND(C11=$Q$10,D11=$V$8),A11,"")&" "&IF(AND(C12=$Q$10,D12=$V$8),A12,"")&" "&IF(AND(C13=$Q$10,D13=$V$8),A13,"")&" "&IF(AND(C14=$Q$10,D14=$V$8),A14,"")&" "&IF(AND(C15=$Q$10,D15=$V$8),A15,"")&" "&IF(AND(C16=$Q$10,D16=$V$8),A16,"")&" "&IF(AND(C17=$Q$10,D17=$V$8),A17,"")&" "&IF(AND(C18=$Q$10,D18=$V$8),A18,"")&" "&IF(AND(C19=$Q$10,D19=$V$8),A19,"")&" "&IF(AND(C20=$Q$10,D20=$V$8),A20,"")&" "&IF(AND(C21=$Q$10,D21=$V$8),A21,"")&" "&IF(AND(C22=$Q$10,D22=$V$8),A22,"")&" "&IF(AND(C23=$Q$10,D23=$V$8),A23,"")&" "&IF(AND(C24=$Q$10,D24=$V$8),A24,"")&" "&IF(AND(C25=$Q$10,D25=$V$8),A25,"")&" "&IF(AND(C26=$Q$10,D26=$V$8),A26,"")&" "&IF(AND(C27=$Q$10,D27=$V$8),A27,"")&" "&IF(AND(C28=$Q$10,D28=$V$8),A28,"") | P10: 0.8 | Q10: Alta | R10: Moderado | S10: Moderado | T10: Alto | U10: Alto | V10: Extremo
A11: ='2 CONTEXTO E IDENTIFICACIÓN'!A11 -> R12 | B11: =+'2 CONTEXTO E IDENTIFICACIÓN'!J11 -> Posibilidad de pérdida económica y reputacional por la selección o priorización indebida de organizaciones o beneficiarios para la entrega de medios de producción y recursos de fortalecimiento, sin sujeción a los criterios técnicos de caracterización y priorización territorial. a causa de ausencia de un procedimiento formal para la entrega de medios de producción, de controles cruzados y de una segunda instancia de aprobación, lo que facilita conflictos de interés no declarados o injerencia indebida de terceros en la decisión de a qué organización se destinan los recursos. | C11: =+'3 PROBABIL E IMPACTO INHERENTE'!F11 -> Media | D11: =+'3 PROBABIL E IMPACTO INHERENTE'!N11 -> Catastrófico | E11: =+IF(C11=$Q$9,IF(D11=$R$8,$R$9,IF(D11=$S$8,$S$9,IF(D11=$T$8,$T$9,IF(D11=$U$8,$U$9,IF(D11=$V$8,$V$9))))),IF(C11=$Q$10,IF(D11=$R$8,$R$10,IF(D11=$S$8,$S$10,IF(D11=$T$8,$T$10,IF(D11=$U$8,$U$10,IF(D11=$V$8,$V$10))))),IF(C11=$Q$11,IF(D11=$R$8,$R$11,IF(D11=$S$8,$S$11,IF(D11=$T$8,$T$11,IF(D11=$U$8,$U$11,IF(D11=$V$8,$V$11))))),IF(C11=$Q$12,IF(D11=$R$8,$R$12,IF(D11=$S$8,$S$12,IF(D11=$T$8,$T$12,IF(D11=$U$8,$U$12,IF(D11=$V$8,$V$12))))),IF(C11=$Q$13,IF(D11=$R$8,$R$13,IF(D11=$S$8,$S$13,IF(D11=$T$8,$T$13,IF(D11=$U$8,$U$13,IF(D11=$V$8,$V$13))))),""))))) -> Extremo | H11: Media | I11: =+IF(AND(C9=$Q$11,D9=$R$8),A9,"")&" "&IF(AND(C10=$Q$11,D10=$R$8),A10,"")&" "&IF(AND(C11=$Q$11,D11=$R$8),A11,"")&" "&IF(AND(C12=$Q$11,D12=$R$8),A12,"")&" "&IF(AND(C13=$Q$11,D13=$R$8),A13,"")&" "&IF(AND(C14=$Q$11,D14=$R$8),A14,"")&" "&IF(AND(C15=$Q$11,D15=$R$8),A15,"")&" "&IF(AND(C16=$Q$11,D16=$R$8),A16,"")&" "&IF(AND(C17=$Q$11,D17=$R$8),A17,"")&" "&IF(AND(C18=$Q$11,D18=$R$8),A18,"")&" "&IF(AND(C19=$Q$11,D19=$R$8),A19,"")&" "&IF(AND(C20=$Q$11,D20=$R$8),A20,"")&" "&IF(AND(C21=$Q$11,D21=$R$8),A21,"")&" "&IF(AND(C22=$Q$11,D22=$R$8),A22,"")&" "&IF(AND(C23=$Q$11,D23=$R$8),A23,"")&" "&IF(AND(C24=$Q$11,D24=$R$8),A24,"")&" "&IF(AND(C25=$Q$11,D25=$R$8),A25,"")&" "&IF(AND(C26=$Q$11,D26=$R$8),A26,"")&" "&IF(AND(C27=$Q$11,D27=$R$8),A27,"")&" "&IF(AND(C28=$Q$11,D28=$R$8),A28,"") | J11: =+IF(AND(C9=$Q$11,D9=$S$8),A9,"")&" "&IF(AND(C10=$Q$11,D10=$S$8),A10,"")&" "&IF(AND(C11=$Q$11,D11=$S$8),A11,"")&" "&IF(AND(C12=$Q$11,D12=$S$8),A12,"")&" "&IF(AND(C13=$Q$11,D13=$S$8),A13,"")&" "&IF(AND(C14=$Q$11,D14=$S$8),A14,"")&" "&IF(AND(C15=$Q$11,D15=$S$8),A15,"")&" "&IF(AND(C16=$Q$11,D16=$S$8),A16,"")&" "&IF(AND(C17=$Q$11,D17=$S$8),A17,"")&" "&IF(AND(C18=$Q$11,D18=$S$8),A18,"")&" "&IF(AND(C19=$Q$11,D19=$S$8),A19,"")&" "&IF(AND(C20=$Q$11,D20=$S$8),A20,"")&" "&IF(AND(C21=$Q$11,D21=$S$8),A21,"")&" "&IF(AND(C22=$Q$11,D22=$S$8),A22,"")&" "&IF(AND(C23=$Q$11,D23=$S$8),A23,"")&" "&IF(AND(C24=$Q$11,D24=$S$8),A24,"")&" "&IF(AND(C25=$Q$11,D25=$S$8),A25,"")&" "&IF(AND(C26=$Q$11,D26=$S$8),A26,"")&" "&IF(AND(C27=$Q$11,D27=$S$8),A27,"")&" "&IF(AND(C28=$Q$11,D28=$S$8),A28,"") | K11: =+IF(AND(C9=$Q$11,D9=$T$8),A9,"")&" "&IF(AND(C10=$Q$11,D10=$T$8),A10,"")&" "&IF(AND(C11=$Q$11,D11=$T$8),A11,"")&" "&IF(AND(C12=$Q$11,D12=$T$8),A12,"")&" "&IF(AND(C13=$Q$11,D13=$T$8),A13,"")&" "&IF(AND(C14=$Q$11,D14=$T$8),A14,"")&" "&IF(AND(C15=$Q$11,D15=$T$8),A15,"")&" "&IF(AND(C16=$Q$11,D16=$T$8),A16,"")&" "&IF(AND(C17=$Q$11,D17=$T$8),A17,"")&" "&IF(AND(C18=$Q$11,D18=$T$8),A18,"")&" "&IF(AND(C19=$Q$11,D19=$T$8),A19,"")&" "&IF(AND(C20=$Q$11,D20=$T$8),A20,"")&" "&IF(AND(C21=$Q$11,D21=$T$8),A21,"")&" "&IF(AND(C22=$Q$11,D22=$T$8),A22,"")&" "&IF(AND(C23=$Q$11,D23=$T$8),A23,"")&" "&IF(AND(C24=$Q$11,D24=$T$8),A24,"")&" "&IF(AND(C25=$Q$11,D25=$T$8),A25,"")&" "&IF(AND(C26=$Q$11,D26=$T$8),A26,"")&" "&IF(AND(C27=$Q$11,D27=$T$8),A27,"")&" "&IF(AND(C28=$Q$11,D28=$T$8),A28,"") | L11: =+IF(AND(C9=$Q$11,D9=$U$8),A9,"")&" "&IF(AND(C10=$Q$11,D10=$U$8),A10,"")&" "&IF(AND(C11=$Q$11,D11=$U$8),A11,"")&" "&IF(AND(C12=$Q$11,D12=$U$8),A12,"")&" "&IF(AND(C13=$Q$11,D13=$U$8),A13,"")&" "&IF(AND(C14=$Q$11,D14=$U$8),A14,"")&" "&IF(AND(C15=$Q$11,D15=$U$8),A15,"")&" "&IF(AND(C16=$Q$11,D16=$U$8),A16,"")&" "&IF(AND(C17=$Q$11,D17=$U$8),A17,"")&" "&IF(AND(C18=$Q$11,D18=$U$8),A18,"")&" "&IF(AND(C19=$Q$11,D19=$U$8),A19,"")&" "&IF(AND(C20=$Q$11,D20=$U$8),A20,"")&" "&IF(AND(C21=$Q$11,D21=$U$8),A21,"")&" "&IF(AND(C22=$Q$11,D22=$U$8),A22,"")&" "&IF(AND(C23=$Q$11,D23=$U$8),A23,"")&" "&IF(AND(C24=$Q$11,D24=$U$8),A24,"")&" "&IF(AND(C25=$Q$11,D25=$U$8),A25,"")&" "&IF(AND(C26=$Q$11,D26=$U$8),A26,"")&" "&IF(AND(C27=$Q$11,D27=$U$8),A27,"")&" "&IF(AND(C28=$Q$11,D28=$U$8),A28,"") -> R10 R11 R13 | M11: =+IF(AND(C9=$Q$11,D9=$V$8),A9,"")&" "&IF(AND(C10=$Q$11,D10=$V$8),A10,"")&" "&IF(AND(C11=$Q$11,D11=$V$8),A11,"")&" "&IF(AND(C12=$Q$11,D12=$V$8),A12,"")&" "&IF(AND(C13=$Q$11,D13=$V$8),A13,"")&" "&IF(AND(C14=$Q$11,D14=$V$8),A14,"")&" "&IF(AND(C15=$Q$11,D15=$V$8),A15,"")&" "&IF(AND(C16=$Q$11,D16=$V$8),A16,"")&" "&IF(AND(C17=$Q$11,D17=$V$8),A17,"")&" "&IF(AND(C18=$Q$11,D18=$V$8),A18,"")&" "&IF(AND(C19=$Q$11,D19=$V$8),A19,"")&" "&IF(AND(C20=$Q$11,D20=$V$8),A20,"")&" "&IF(AND(C21=$Q$11,D21=$V$8),A21,"")&" "&IF(AND(C22=$Q$11,D22=$V$8),A22,"")&" "&IF(AND(C23=$Q$11,D23=$V$8),A23,"")&" "&IF(AND(C24=$Q$11,D24=$V$8),A24,"")&" "&IF(AND(C25=$Q$11,D25=$V$8),A25,"")&" "&IF(AND(C26=$Q$11,D26=$V$8),A26,"")&" "&IF(AND(C27=$Q$11,D27=$V$8),A27,"")&" "&IF(AND(C28=$Q$11,D28=$V$8),A28,"") -> R12 | P11: 0.6 | Q11: Media | R11: Moderado | S11: Moderado | T11: Moderado | U11: Alto | V11: Extremo
A12: ='2 CONTEXTO E IDENTIFICACIÓN'!A12 -> R13 | B12: =+'2 CONTEXTO E IDENTIFICACIÓN'!J12 -> Posibilidad de afectación económica y reputacional por registros incompletos, inconsistentes o inoportunos de los avances, indicadores y resultados del proceso de Fomento de la Asociatividad Solidaria en los sistemas de información y reportes a Planeación. a causa de deficiencias en el registro, control documental y seguimiento de la información reportada por los gestores territoriales, y a la falta de una fuente única y verificada de datos del proceso. | C12: =+'3 PROBABIL E IMPACTO INHERENTE'!F12 -> Media | D12: =+'3 PROBABIL E IMPACTO INHERENTE'!N12 -> Mayor | E12: =+IF(C12=$Q$9,IF(D12=$R$8,$R$9,IF(D12=$S$8,$S$9,IF(D12=$T$8,$T$9,IF(D12=$U$8,$U$9,IF(D12=$V$8,$V$9))))),IF(C12=$Q$10,IF(D12=$R$8,$R$10,IF(D12=$S$8,$S$10,IF(D12=$T$8,$T$10,IF(D12=$U$8,$U$10,IF(D12=$V$8,$V$10))))),IF(C12=$Q$11,IF(D12=$R$8,$R$11,IF(D12=$S$8,$S$11,IF(D12=$T$8,$T$11,IF(D12=$U$8,$U$11,IF(D12=$V$8,$V$11))))),IF(C12=$Q$12,IF(D12=$R$8,$R$12,IF(D12=$S$8,$S$12,IF(D12=$T$8,$T$12,IF(D12=$U$8,$U$12,IF(D12=$V$8,$V$12))))),IF(C12=$Q$13,IF(D12=$R$8,$R$13,IF(D12=$S$8,$S$13,IF(D12=$T$8,$T$13,IF(D12=$U$8,$U$13,IF(D12=$V$8,$V$13))))),""))))) -> Alto | H12: Baja | I12: =+IF(AND(C9=$Q$12,D9=$R$8),A9,"")&" "&IF(AND(C10=$Q$12,D10=$R$8),A10,"")&" "&IF(AND(C11=$Q$12,D11=$R$8),A11,"")&" "&IF(AND(C12=$Q$12,D12=$R$8),A12,"")&" "&IF(AND(C13=$Q$12,D13=$R$8),A13,"")&" "&IF(AND(C14=$Q$12,D14=$R$8),A14,"")&" "&IF(AND(C15=$Q$12,D15=$R$8),A15,"")&" "&IF(AND(C16=$Q$12,D16=$R$8),A16,"")&" "&IF(AND(C17=$Q$12,D17=$R$8),A17,"")&" "&IF(AND(C18=$Q$12,D18=$R$8),A18,"")&" "&IF(AND(C19=$Q$12,D19=$R$8),A19,"")&" "&IF(AND(C20=$Q$12,D20=$R$8),A20,"")&" "&IF(AND(C21=$Q$12,D21=$R$8),A21,"")&" "&IF(AND(C22=$Q$12,D22=$R$8),A22,"")&" "&IF(AND(C23=$Q$12,D23=$R$8),A23,"")&" "&IF(AND(C24=$Q$12,D24=$R$8),A24,"")&" "&IF(AND(C25=$Q$12,D25=$R$8),A25,"")&" "&IF(AND(C26=$Q$12,D26=$R$8),A26,"")&" "&IF(AND(C27=$Q$12,D27=$R$8),A27,"")&" "&IF(AND(C28=$Q$12,D28=$R$8),A28,"") | J12: =+IF(AND(C9=$Q$12,D9=$S$8),A9,"")&" "&IF(AND(C10=$Q$12,D10=$S$8),A10,"")&" "&IF(AND(C11=$Q$12,D11=$S$8),A11,"")&" "&IF(AND(C12=$Q$12,D12=$S$8),A12,"")&" "&IF(AND(C13=$Q$12,D13=$S$8),A13,"")&" "&IF(AND(C14=$Q$12,D14=$S$8),A14,"")&" "&IF(AND(C15=$Q$12,D15=$S$8),A15,"")&" "&IF(AND(C16=$Q$12,D16=$S$8),A16,"")&" "&IF(AND(C17=$Q$12,D17=$S$8),A17,"")&" "&IF(AND(C18=$Q$12,D18=$S$8),A18,"")&" "&IF(AND(C19=$Q$12,D19=$S$8),A19,"")&" "&IF(AND(C20=$Q$12,D20=$S$8),A20,"")&" "&IF(AND(C21=$Q$12,D21=$S$8),A21,"")&" "&IF(AND(C22=$Q$12,D22=$S$8),A22,"")&" "&IF(AND(C23=$Q$12,D23=$S$8),A23,"")&" "&IF(AND(C24=$Q$12,D24=$S$8),A24,"")&" "&IF(AND(C25=$Q$12,D25=$S$8),A25,"")&" "&IF(AND(C26=$Q$12,D26=$S$8),A26,"")&" "&IF(AND(C27=$Q$12,D27=$S$8),A27,"")&" "&IF(AND(C28=$Q$12,D28=$S$8),A28,"") | K12: =+IF(AND(C9=$Q$12,D9=$T$8),A9,"")&" "&IF(AND(C10=$Q$12,D10=$T$8),A10,"")&" "&IF(AND(C11=$Q$12,D11=$T$8),A11,"")&" "&IF(AND(C12=$Q$12,D12=$T$8),A12,"")&" "&IF(AND(C13=$Q$12,D13=$T$8),A13,"")&" "&IF(AND(C14=$Q$12,D14=$T$8),A14,"")&" "&IF(AND(C15=$Q$12,D15=$T$8),A15,"")&" "&IF(AND(C16=$Q$12,D16=$T$8),A16,"")&" "&IF(AND(C17=$Q$12,D17=$T$8),A17,"")&" "&IF(AND(C18=$Q$12,D18=$T$8),A18,"")&" "&IF(AND(C19=$Q$12,D19=$T$8),A19,"")&" "&IF(AND(C20=$Q$12,D20=$T$8),A20,"")&" "&IF(AND(C21=$Q$12,D21=$T$8),A21,"")&" "&IF(AND(C22=$Q$12,D22=$T$8),A22,"")&" "&IF(AND(C23=$Q$12,D23=$T$8),A23,"")&" "&IF(AND(C24=$Q$12,D24=$T$8),A24,"")&" "&IF(AND(C25=$Q$12,D25=$T$8),A25,"")&" "&IF(AND(C26=$Q$12,D26=$T$8),A26,"")&" "&IF(AND(C27=$Q$12,D27=$T$8),A27,"")&" "&IF(AND(C28=$Q$12,D28=$T$8),A28,"") | L12: =+IF(AND(C9=$Q$12,D9=$U$8),A9,"")&" "&IF(AND(C10=$Q$12,D10=$U$8),A10,"")&" "&IF(AND(C11=$Q$12,D11=$U$8),A11,"")&" "&IF(AND(C12=$Q$12,D12=$U$8),A12,"")&" "&IF(AND(C13=$Q$12,D13=$U$8),A13,"")&" "&IF(AND(C14=$Q$12,D14=$U$8),A14,"")&" "&IF(AND(C15=$Q$12,D15=$U$8),A15,"")&" "&IF(AND(C16=$Q$12,D16=$U$8),A16,"")&" "&IF(AND(C17=$Q$12,D17=$U$8),A17,"")&" "&IF(AND(C18=$Q$12,D18=$U$8),A18,"")&" "&IF(AND(C19=$Q$12,D19=$U$8),A19,"")&" "&IF(AND(C20=$Q$12,D20=$U$8),A20,"")&" "&IF(AND(C21=$Q$12,D21=$U$8),A21,"")&" "&IF(AND(C22=$Q$12,D22=$U$8),A22,"")&" "&IF(AND(C23=$Q$12,D23=$U$8),A23,"")&" "&IF(AND(C24=$Q$12,D24=$U$8),A24,"")&" "&IF(AND(C25=$Q$12,D25=$U$8),A25,"")&" "&IF(AND(C26=$Q$12,D26=$U$8),A26,"")&" "&IF(AND(C27=$Q$12,D27=$U$8),A27,"")&" "&IF(AND(C28=$Q$12,D28=$U$8),A28,"") | M12: =+IF(AND(C9=$Q$12,D9=$V$8),A9,"")&" "&IF(AND(C10=$Q$12,D10=$V$8),A10,"")&" "&IF(AND(C11=$Q$12,D11=$V$8),A11,"")&" "&IF(AND(C12=$Q$12,D12=$V$8),A12,"")&" "&IF(AND(C13=$Q$12,D13=$V$8),A13,"")&" "&IF(AND(C14=$Q$12,D14=$V$8),A14,"")&" "&IF(AND(C15=$Q$12,D15=$V$8),A15,"")&" "&IF(AND(C16=$Q$12,D16=$V$8),A16,"")&" "&IF(AND(C17=$Q$12,D17=$V$8),A17,"")&" "&IF(AND(C18=$Q$12,D18=$V$8),A18,"")&" "&IF(AND(C19=$Q$12,D19=$V$8),A19,"")&" "&IF(AND(C20=$Q$12,D20=$V$8),A20,"")&" "&IF(AND(C21=$Q$12,D21=$V$8),A21,"")&" "&IF(AND(C22=$Q$12,D22=$V$8),A22,"")&" "&IF(AND(C23=$Q$12,D23=$V$8),A23,"")&" "&IF(AND(C24=$Q$12,D24=$V$8),A24,"")&" "&IF(AND(C25=$Q$12,D25=$V$8),A25,"")&" "&IF(AND(C26=$Q$12,D26=$V$8),A26,"")&" "&IF(AND(C27=$Q$12,D27=$V$8),A27,"")&" "&IF(AND(C28=$Q$12,D28=$V$8),A28,"") | P12: 0.4 | Q12: Baja | R12: Bajo | S12: Moderado | T12: Moderado | U12: Alto | V12: Extremo
A13: ='2 CONTEXTO E IDENTIFICACIÓN'!A13 -> 0 | B13: =+'2 CONTEXTO E IDENTIFICACIÓN'!J13 -> 0 | C13: =+'3 PROBABIL E IMPACTO INHERENTE'!F13 | D13: =+'3 PROBABIL E IMPACTO INHERENTE'!N13 | E13: =+IF(C13=$Q$9,IF(D13=$R$8,$R$9,IF(D13=$S$8,$S$9,IF(D13=$T$8,$T$9,IF(D13=$U$8,$U$9,IF(D13=$V$8,$V$9))))),IF(C13=$Q$10,IF(D13=$R$8,$R$10,IF(D13=$S$8,$S$10,IF(D13=$T$8,$T$10,IF(D13=$U$8,$U$10,IF(D13=$V$8,$V$10))))),IF(C13=$Q$11,IF(D13=$R$8,$R$11,IF(D13=$S$8,$S$11,IF(D13=$T$8,$T$11,IF(D13=$U$8,$U$11,IF(D13=$V$8,$V$11))))),IF(C13=$Q$12,IF(D13=$R$8,$R$12,IF(D13=$S$8,$S$12,IF(D13=$T$8,$T$12,IF(D13=$U$8,$U$12,IF(D13=$V$8,$V$12))))),IF(C13=$Q$13,IF(D13=$R$8,$R$13,IF(D13=$S$8,$S$13,IF(D13=$T$8,$T$13,IF(D13=$U$8,$U$13,IF(D13=$V$8,$V$13))))),""))))) | H13: Muy Baja | I13: =+IF(AND(C9=$Q$13,D9=$R$8),A9,"")&" "&IF(AND(C10=$Q$13,D10=$R$8),A10,"")&" "&IF(AND(C11=$Q$13,D11=$R$8),A11,"")&" "&IF(AND(C12=$Q$13,D12=$R$8),A12,"")&" "&IF(AND(C13=$Q$13,D13=$R$8),A13,"")&" "&IF(AND(C14=$Q$13,D14=$R$8),A14,"")&" "&IF(AND(C15=$Q$13,D15=$R$8),A15,"")&" "&IF(AND(C16=$Q$13,D16=$R$8),A16,"")&" "&IF(AND(C17=$Q$13,D17=$R$8),A17,"")&" "&IF(AND(C18=$Q$13,D18=$R$8),A18,"")&" "&IF(AND(C19=$Q$13,D19=$R$8),A19,"")&" "&IF(AND(C20=$Q$13,D20=$R$8),A20,"")&" "&IF(AND(C21=$Q$13,D21=$R$8),A21,"")&" "&IF(AND(C22=$Q$13,D22=$R$8),A22,"")&" "&IF(AND(C23=$Q$13,D23=$R$8),A23,"")&" "&IF(AND(C24=$Q$13,D24=$R$8),A24,"")&" "&IF(AND(C25=$Q$13,D25=$R$8),A25,"")&" "&IF(AND(C26=$Q$13,D26=$R$8),A26,"")&" "&IF(AND(C27=$Q$13,D27=$R$8),A27,"")&" "&IF(AND(C28=$Q$13,D28=$R$8),A28,"") | J13: =+IF(AND(C9=$Q$13,D9=$S$8),A9,"")&" "&IF(AND(C10=$Q$13,D10=$S$8),A10,"")&" "&IF(AND(C11=$Q$13,D11=$S$8),A11,"")&" "&IF(AND(C12=$Q$13,D12=$S$8),A12,"")&" "&IF(AND(C13=$Q$13,D13=$S$8),A13,"")&" "&IF(AND(C14=$Q$13,D14=$S$8),A14,"")&" "&IF(AND(C15=$Q$13,D15=$S$8),A15,"")&" "&IF(AND(C16=$Q$13,D16=$S$8),A16,"")&" "&IF(AND(C17=$Q$13,D17=$S$8),A17,"")&" "&IF(AND(C18=$Q$13,D18=$S$8),A18,"")&" "&IF(AND(C19=$Q$13,D19=$S$8),A19,"")&" "&IF(AND(C20=$Q$13,D20=$S$8),A20,"")&" "&IF(AND(C21=$Q$13,D21=$S$8),A21,"")&" "&IF(AND(C22=$Q$13,D22=$S$8),A22,"")&" "&IF(AND(C23=$Q$13,D23=$S$8),A23,"")&" "&IF(AND(C24=$Q$13,D24=$S$8),A24,"")&" "&IF(AND(C25=$Q$13,D25=$S$8),A25,"")&" "&IF(AND(C26=$Q$13,D26=$S$8),A26,"")&" "&IF(AND(C27=$Q$13,D27=$S$8),A27,"")&" "&IF(AND(C28=$Q$13,D28=$S$8),A28,"") | K13: =+IF(AND(C9=$Q$13,D9=$T$8),A9,"")&" "&IF(AND(C10=$Q$13,D10=$T$8),A10,"")&" "&IF(AND(C11=$Q$13,D11=$T$8),A11,"")&" "&IF(AND(C12=$Q$13,D12=$T$8),A12,"")&" "&IF(AND(C13=$Q$13,D13=$T$8),A13,"")&" "&IF(AND(C14=$Q$13,D14=$T$8),A14,"")&" "&IF(AND(C15=$Q$13,D15=$T$8),A15,"")&" "&IF(AND(C16=$Q$13,D16=$T$8),A16,"")&" "&IF(AND(C17=$Q$13,D17=$T$8),A17,"")&" "&IF(AND(C18=$Q$13,D18=$T$8),A18,"")&" "&IF(AND(C19=$Q$13,D19=$T$8),A19,"")&" "&IF(AND(C20=$Q$13,D20=$T$8),A20,"")&" "&IF(AND(C21=$Q$13,D21=$T$8),A21,"")&" "&IF(AND(C22=$Q$13,D22=$T$8),A22,"")&" "&IF(AND(C23=$Q$13,D23=$T$8),A23,"")&" "&IF(AND(C24=$Q$13,D24=$T$8),A24,"")&" "&IF(AND(C25=$Q$13,D25=$T$8),A25,"")&" "&IF(AND(C26=$Q$13,D26=$T$8),A26,"")&" "&IF(AND(C27=$Q$13,D27=$T$8),A27,"")&" "&IF(AND(C28=$Q$13,D28=$T$8),A28,"") | L13: =+IF(AND(C9=$Q$13,D9=$U$8),A9,"")&" "&IF(AND(C10=$Q$13,D10=$U$8),A10,"")&" "&IF(AND(C11=$Q$13,D11=$U$8),A11,"")&" "&IF(AND(C12=$Q$13,D12=$U$8),A12,"")&" "&IF(AND(C13=$Q$13,D13=$U$8),A13,"")&" "&IF(AND(C14=$Q$13,D14=$U$8),A14,"")&" "&IF(AND(C15=$Q$13,D15=$U$8),A15,"")&" "&IF(AND(C16=$Q$13,D16=$U$8),A16,"")&" "&IF(AND(C17=$Q$13,D17=$U$8),A17,"")&" "&IF(AND(C18=$Q$13,D18=$U$8),A18,"")&" "&IF(AND(C19=$Q$13,D19=$U$8),A19,"")&" "&IF(AND(C20=$Q$13,D20=$U$8),A20,"")&" "&IF(AND(C21=$Q$13,D21=$U$8),A21,"")&" "&IF(AND(C22=$Q$13,D22=$U$8),A22,"")&" "&IF(AND(C23=$Q$13,D23=$U$8),A23,"")&" "&IF(AND(C24=$Q$13,D24=$U$8),A24,"")&" "&IF(AND(C25=$Q$13,D25=$U$8),A25,"")&" "&IF(AND(C26=$Q$13,D26=$U$8),A26,"")&" "&IF(AND(C27=$Q$13,D27=$U$8),A27,"")&" "&IF(AND(C28=$Q$13,D28=$U$8),A28,"") | M13: =+IF(AND(C9=$Q$13,D9=$V$8),A9,"")&" "&IF(AND(C10=$Q$13,D10=$V$8),A10,"")&" "&IF(AND(C11=$Q$13,D11=$V$8),A11,"")&" "&IF(AND(C12=$Q$13,D12=$V$8),A12,"")&" "&IF(AND(C13=$Q$13,D13=$V$8),A13,"")&" "&IF(AND(C14=$Q$13,D14=$V$8),A14,"")&" "&IF(AND(C15=$Q$13,D15=$V$8),A15,"")&" "&IF(AND(C16=$Q$13,D16=$V$8),A16,"")&" "&IF(AND(C17=$Q$13,D17=$V$8),A17,"")&" "&IF(AND(C18=$Q$13,D18=$V$8),A18,"")&" "&IF(AND(C19=$Q$13,D19=$V$8),A19,"")&" "&IF(AND(C20=$Q$13,D20=$V$8),A20,"")&" "&IF(AND(C21=$Q$13,D21=$V$8),A21,"")&" "&IF(AND(C22=$Q$13,D22=$V$8),A22,"")&" "&IF(AND(C23=$Q$13,D23=$V$8),A23,"")&" "&IF(AND(C24=$Q$13,D24=$V$8),A24,"")&" "&IF(AND(C25=$Q$13,D25=$V$8),A25,"")&" "&IF(AND(C26=$Q$13,D26=$V$8),A26,"")&" "&IF(AND(C27=$Q$13,D27=$V$8),A27,"")&" "&IF(AND(C28=$Q$13,D28=$V$8),A28,"") | P13: 0.2 | Q13: Muy Baja | R13: Bajo | S13: Bajo | T13: Moderado | U13: Alto | V13: Extremo
A14: ='2 CONTEXTO E IDENTIFICACIÓN'!A14 -> 0 | B14: =+'2 CONTEXTO E IDENTIFICACIÓN'!J14 -> 0 | C14: =+'3 PROBABIL E IMPACTO INHERENTE'!F14 | D14: =+'3 PROBABIL E IMPACTO INHERENTE'!N14 | E14: =+IF(C14=$Q$9,IF(D14=$R$8,$R$9,IF(D14=$S$8,$S$9,IF(D14=$T$8,$T$9,IF(D14=$U$8,$U$9,IF(D14=$V$8,$V$9))))),IF(C14=$Q$10,IF(D14=$R$8,$R$10,IF(D14=$S$8,$S$10,IF(D14=$T$8,$T$10,IF(D14=$U$8,$U$10,IF(D14=$V$8,$V$10))))),IF(C14=$Q$11,IF(D14=$R$8,$R$11,IF(D14=$S$8,$S$11,IF(D14=$T$8,$T$11,IF(D14=$U$8,$U$11,IF(D14=$V$8,$V$11))))),IF(C14=$Q$12,IF(D14=$R$8,$R$12,IF(D14=$S$8,$S$12,IF(D14=$T$8,$T$12,IF(D14=$U$8,$U$12,IF(D14=$V$8,$V$12))))),IF(C14=$Q$13,IF(D14=$R$8,$R$13,IF(D14=$S$8,$S$13,IF(D14=$T$8,$T$13,IF(D14=$U$8,$U$13,IF(D14=$V$8,$V$13))))),"")))))
A15: ='2 CONTEXTO E IDENTIFICACIÓN'!A15 -> 0 | B15: =+'2 CONTEXTO E IDENTIFICACIÓN'!J15 -> 0 | C15: =+'3 PROBABIL E IMPACTO INHERENTE'!F15 | D15: =+'3 PROBABIL E IMPACTO INHERENTE'!N15 | E15: =+IF(C15=$Q$9,IF(D15=$R$8,$R$9,IF(D15=$S$8,$S$9,IF(D15=$T$8,$T$9,IF(D15=$U$8,$U$9,IF(D15=$V$8,$V$9))))),IF(C15=$Q$10,IF(D15=$R$8,$R$10,IF(D15=$S$8,$S$10,IF(D15=$T$8,$T$10,IF(D15=$U$8,$U$10,IF(D15=$V$8,$V$10))))),IF(C15=$Q$11,IF(D15=$R$8,$R$11,IF(D15=$S$8,$S$11,IF(D15=$T$8,$T$11,IF(D15=$U$8,$U$11,IF(D15=$V$8,$V$11))))),IF(C15=$Q$12,IF(D15=$R$8,$R$12,IF(D15=$S$8,$S$12,IF(D15=$T$8,$T$12,IF(D15=$U$8,$U$12,IF(D15=$V$8,$V$12))))),IF(C15=$Q$13,IF(D15=$R$8,$R$13,IF(D15=$S$8,$S$13,IF(D15=$T$8,$T$13,IF(D15=$U$8,$U$13,IF(D15=$V$8,$V$13))))),""))))) | R15: NIVELES DE RIESGO
A16: ='2 CONTEXTO E IDENTIFICACIÓN'!A16 -> 0 | B16: =+'2 CONTEXTO E IDENTIFICACIÓN'!J16 -> 0 | C16: =+'3 PROBABIL E IMPACTO INHERENTE'!F16 | D16: =+'3 PROBABIL E IMPACTO INHERENTE'!N16 | E16: =+IF(C16=$Q$9,IF(D16=$R$8,$R$9,IF(D16=$S$8,$S$9,IF(D16=$T$8,$T$9,IF(D16=$U$8,$U$9,IF(D16=$V$8,$V$9))))),IF(C16=$Q$10,IF(D16=$R$8,$R$10,IF(D16=$S$8,$S$10,IF(D16=$T$8,$T$10,IF(D16=$U$8,$U$10,IF(D16=$V$8,$V$10))))),IF(C16=$Q$11,IF(D16=$R$8,$R$11,IF(D16=$S$8,$S$11,IF(D16=$T$8,$T$11,IF(D16=$U$8,$U$11,IF(D16=$V$8,$V$11))))),IF(C16=$Q$12,IF(D16=$R$8,$R$12,IF(D16=$S$8,$S$12,IF(D16=$T$8,$T$12,IF(D16=$U$8,$U$12,IF(D16=$V$8,$V$12))))),IF(C16=$Q$13,IF(D16=$R$8,$R$13,IF(D16=$S$8,$S$13,IF(D16=$T$8,$T$13,IF(D16=$U$8,$U$13,IF(D16=$V$8,$V$13))))),""))))) | R16: Extremo
A17: ='2 CONTEXTO E IDENTIFICACIÓN'!A17 -> 0 | B17: =+'2 CONTEXTO E IDENTIFICACIÓN'!J17 -> 0 | C17: =+'3 PROBABIL E IMPACTO INHERENTE'!F17 | D17: =+'3 PROBABIL E IMPACTO INHERENTE'!N17 | E17: =+IF(C17=$Q$9,IF(D17=$R$8,$R$9,IF(D17=$S$8,$S$9,IF(D17=$T$8,$T$9,IF(D17=$U$8,$U$9,IF(D17=$V$8,$V$9))))),IF(C17=$Q$10,IF(D17=$R$8,$R$10,IF(D17=$S$8,$S$10,IF(D17=$T$8,$T$10,IF(D17=$U$8,$U$10,IF(D17=$V$8,$V$10))))),IF(C17=$Q$11,IF(D17=$R$8,$R$11,IF(D17=$S$8,$S$11,IF(D17=$T$8,$T$11,IF(D17=$U$8,$U$11,IF(D17=$V$8,$V$11))))),IF(C17=$Q$12,IF(D17=$R$8,$R$12,IF(D17=$S$8,$S$12,IF(D17=$T$8,$T$12,IF(D17=$U$8,$U$12,IF(D17=$V$8,$V$12))))),IF(C17=$Q$13,IF(D17=$R$8,$R$13,IF(D17=$S$8,$S$13,IF(D17=$T$8,$T$13,IF(D17=$U$8,$U$13,IF(D17=$V$8,$V$13))))),""))))) | R17: Alto
A18: ='2 CONTEXTO E IDENTIFICACIÓN'!A18 -> 0 | B18: =+'2 CONTEXTO E IDENTIFICACIÓN'!J18 -> 0 | C18: =+'3 PROBABIL E IMPACTO INHERENTE'!F18 | D18: =+'3 PROBABIL E IMPACTO INHERENTE'!N18 | E18: =+IF(C18=$Q$9,IF(D18=$R$8,$R$9,IF(D18=$S$8,$S$9,IF(D18=$T$8,$T$9,IF(D18=$U$8,$U$9,IF(D18=$V$8,$V$9))))),IF(C18=$Q$10,IF(D18=$R$8,$R$10,IF(D18=$S$8,$S$10,IF(D18=$T$8,$T$10,IF(D18=$U$8,$U$10,IF(D18=$V$8,$V$10))))),IF(C18=$Q$11,IF(D18=$R$8,$R$11,IF(D18=$S$8,$S$11,IF(D18=$T$8,$T$11,IF(D18=$U$8,$U$11,IF(D18=$V$8,$V$11))))),IF(C18=$Q$12,IF(D18=$R$8,$R$12,IF(D18=$S$8,$S$12,IF(D18=$T$8,$T$12,IF(D18=$U$8,$U$12,IF(D18=$V$8,$V$12))))),IF(C18=$Q$13,IF(D18=$R$8,$R$13,IF(D18=$S$8,$S$13,IF(D18=$T$8,$T$13,IF(D18=$U$8,$U$13,IF(D18=$V$8,$V$13))))),""))))) | R18: Moderado
A19: ='2 CONTEXTO E IDENTIFICACIÓN'!A19 -> 0 | B19: =+'2 CONTEXTO E IDENTIFICACIÓN'!J19 -> 0 | C19: =+'3 PROBABIL E IMPACTO INHERENTE'!F19 | D19: =+'3 PROBABIL E IMPACTO INHERENTE'!N19 | E19: =+IF(C19=$Q$9,IF(D19=$R$8,$R$9,IF(D19=$S$8,$S$9,IF(D19=$T$8,$T$9,IF(D19=$U$8,$U$9,IF(D19=$V$8,$V$9))))),IF(C19=$Q$10,IF(D19=$R$8,$R$10,IF(D19=$S$8,$S$10,IF(D19=$T$8,$T$10,IF(D19=$U$8,$U$10,IF(D19=$V$8,$V$10))))),IF(C19=$Q$11,IF(D19=$R$8,$R$11,IF(D19=$S$8,$S$11,IF(D19=$T$8,$T$11,IF(D19=$U$8,$U$11,IF(D19=$V$8,$V$11))))),IF(C19=$Q$12,IF(D19=$R$8,$R$12,IF(D19=$S$8,$S$12,IF(D19=$T$8,$T$12,IF(D19=$U$8,$U$12,IF(D19=$V$8,$V$12))))),IF(C19=$Q$13,IF(D19=$R$8,$R$13,IF(D19=$S$8,$S$13,IF(D19=$T$8,$T$13,IF(D19=$U$8,$U$13,IF(D19=$V$8,$V$13))))),""))))) | R19: Bajo
A20: ='2 CONTEXTO E IDENTIFICACIÓN'!A20 -> 0 | B20: =+'2 CONTEXTO E IDENTIFICACIÓN'!J20 -> 0 | C20: =+'3 PROBABIL E IMPACTO INHERENTE'!F20 | D20: =+'3 PROBABIL E IMPACTO INHERENTE'!N20 | E20: =+IF(C20=$Q$9,IF(D20=$R$8,$R$9,IF(D20=$S$8,$S$9,IF(D20=$T$8,$T$9,IF(D20=$U$8,$U$9,IF(D20=$V$8,$V$9))))),IF(C20=$Q$10,IF(D20=$R$8,$R$10,IF(D20=$S$8,$S$10,IF(D20=$T$8,$T$10,IF(D20=$U$8,$U$10,IF(D20=$V$8,$V$10))))),IF(C20=$Q$11,IF(D20=$R$8,$R$11,IF(D20=$S$8,$S$11,IF(D20=$T$8,$T$11,IF(D20=$U$8,$U$11,IF(D20=$V$8,$V$11))))),IF(C20=$Q$12,IF(D20=$R$8,$R$12,IF(D20=$S$8,$S$12,IF(D20=$T$8,$T$12,IF(D20=$U$8,$U$12,IF(D20=$V$8,$V$12))))),IF(C20=$Q$13,IF(D20=$R$8,$R$13,IF(D20=$S$8,$S$13,IF(D20=$T$8,$T$13,IF(D20=$U$8,$U$13,IF(D20=$V$8,$V$13))))),"")))))
A21: ='2 CONTEXTO E IDENTIFICACIÓN'!A21 -> 0 | B21: =+'2 CONTEXTO E IDENTIFICACIÓN'!J21 -> 0 | C21: =+'3 PROBABIL E IMPACTO INHERENTE'!F21 | D21: =+'3 PROBABIL E IMPACTO INHERENTE'!N21 | E21: =+IF(C21=$Q$9,IF(D21=$R$8,$R$9,IF(D21=$S$8,$S$9,IF(D21=$T$8,$T$9,IF(D21=$U$8,$U$9,IF(D21=$V$8,$V$9))))),IF(C21=$Q$10,IF(D21=$R$8,$R$10,IF(D21=$S$8,$S$10,IF(D21=$T$8,$T$10,IF(D21=$U$8,$U$10,IF(D21=$V$8,$V$10))))),IF(C21=$Q$11,IF(D21=$R$8,$R$11,IF(D21=$S$8,$S$11,IF(D21=$T$8,$T$11,IF(D21=$U$8,$U$11,IF(D21=$V$8,$V$11))))),IF(C21=$Q$12,IF(D21=$R$8,$R$12,IF(D21=$S$8,$S$12,IF(D21=$T$8,$T$12,IF(D21=$U$8,$U$12,IF(D21=$V$8,$V$12))))),IF(C21=$Q$13,IF(D21=$R$8,$R$13,IF(D21=$S$8,$S$13,IF(D21=$T$8,$T$13,IF(D21=$U$8,$U$13,IF(D21=$V$8,$V$13))))),"")))))
A22: ='2 CONTEXTO E IDENTIFICACIÓN'!A22 -> 0 | B22: =+'2 CONTEXTO E IDENTIFICACIÓN'!J22 -> 0 | C22: =+'3 PROBABIL E IMPACTO INHERENTE'!F22 | D22: =+'3 PROBABIL E IMPACTO INHERENTE'!N22 | E22: =+IF(C22=$Q$9,IF(D22=$R$8,$R$9,IF(D22=$S$8,$S$9,IF(D22=$T$8,$T$9,IF(D22=$U$8,$U$9,IF(D22=$V$8,$V$9))))),IF(C22=$Q$10,IF(D22=$R$8,$R$10,IF(D22=$S$8,$S$10,IF(D22=$T$8,$T$10,IF(D22=$U$8,$U$10,IF(D22=$V$8,$V$10))))),IF(C22=$Q$11,IF(D22=$R$8,$R$11,IF(D22=$S$8,$S$11,IF(D22=$T$8,$T$11,IF(D22=$U$8,$U$11,IF(D22=$V$8,$V$11))))),IF(C22=$Q$12,IF(D22=$R$8,$R$12,IF(D22=$S$8,$S$12,IF(D22=$T$8,$T$12,IF(D22=$U$8,$U$12,IF(D22=$V$8,$V$12))))),IF(C22=$Q$13,IF(D22=$R$8,$R$13,IF(D22=$S$8,$S$13,IF(D22=$T$8,$T$13,IF(D22=$U$8,$U$13,IF(D22=$V$8,$V$13))))),"")))))
A23: ='2 CONTEXTO E IDENTIFICACIÓN'!A23 -> 0 | B23: =+'2 CONTEXTO E IDENTIFICACIÓN'!J23 -> 0 | C23: =+'3 PROBABIL E IMPACTO INHERENTE'!F23 | D23: =+'3 PROBABIL E IMPACTO INHERENTE'!N23 | E23: =+IF(C23=$Q$9,IF(D23=$R$8,$R$9,IF(D23=$S$8,$S$9,IF(D23=$T$8,$T$9,IF(D23=$U$8,$U$9,IF(D23=$V$8,$V$9))))),IF(C23=$Q$10,IF(D23=$R$8,$R$10,IF(D23=$S$8,$S$10,IF(D23=$T$8,$T$10,IF(D23=$U$8,$U$10,IF(D23=$V$8,$V$10))))),IF(C23=$Q$11,IF(D23=$R$8,$R$11,IF(D23=$S$8,$S$11,IF(D23=$T$8,$T$11,IF(D23=$U$8,$U$11,IF(D23=$V$8,$V$11))))),IF(C23=$Q$12,IF(D23=$R$8,$R$12,IF(D23=$S$8,$S$12,IF(D23=$T$8,$T$12,IF(D23=$U$8,$U$12,IF(D23=$V$8,$V$12))))),IF(C23=$Q$13,IF(D23=$R$8,$R$13,IF(D23=$S$8,$S$13,IF(D23=$T$8,$T$13,IF(D23=$U$8,$U$13,IF(D23=$V$8,$V$13))))),"")))))
A24: ='2 CONTEXTO E IDENTIFICACIÓN'!A24 -> 0 | B24: =+'2 CONTEXTO E IDENTIFICACIÓN'!J24 -> 0 | C24: =+'3 PROBABIL E IMPACTO INHERENTE'!F24 | D24: =+'3 PROBABIL E IMPACTO INHERENTE'!N24 | E24: =+IF(C24=$Q$9,IF(D24=$R$8,$R$9,IF(D24=$S$8,$S$9,IF(D24=$T$8,$T$9,IF(D24=$U$8,$U$9,IF(D24=$V$8,$V$9))))),IF(C24=$Q$10,IF(D24=$R$8,$R$10,IF(D24=$S$8,$S$10,IF(D24=$T$8,$T$10,IF(D24=$U$8,$U$10,IF(D24=$V$8,$V$10))))),IF(C24=$Q$11,IF(D24=$R$8,$R$11,IF(D24=$S$8,$S$11,IF(D24=$T$8,$T$11,IF(D24=$U$8,$U$11,IF(D24=$V$8,$V$11))))),IF(C24=$Q$12,IF(D24=$R$8,$R$12,IF(D24=$S$8,$S$12,IF(D24=$T$8,$T$12,IF(D24=$U$8,$U$12,IF(D24=$V$8,$V$12))))),IF(C24=$Q$13,IF(D24=$R$8,$R$13,IF(D24=$S$8,$S$13,IF(D24=$T$8,$T$13,IF(D24=$U$8,$U$13,IF(D24=$V$8,$V$13))))),"")))))
A25: ='2 CONTEXTO E IDENTIFICACIÓN'!A25 -> 0 | B25: =+'2 CONTEXTO E IDENTIFICACIÓN'!J25 -> 0 | C25: =+'3 PROBABIL E IMPACTO INHERENTE'!F25 | D25: =+'3 PROBABIL E IMPACTO INHERENTE'!N25 | E25: =+IF(C25=$Q$9,IF(D25=$R$8,$R$9,IF(D25=$S$8,$S$9,IF(D25=$T$8,$T$9,IF(D25=$U$8,$U$9,IF(D25=$V$8,$V$9))))),IF(C25=$Q$10,IF(D25=$R$8,$R$10,IF(D25=$S$8,$S$10,IF(D25=$T$8,$T$10,IF(D25=$U$8,$U$10,IF(D25=$V$8,$V$10))))),IF(C25=$Q$11,IF(D25=$R$8,$R$11,IF(D25=$S$8,$S$11,IF(D25=$T$8,$T$11,IF(D25=$U$8,$U$11,IF(D25=$V$8,$V$11))))),IF(C25=$Q$12,IF(D25=$R$8,$R$12,IF(D25=$S$8,$S$12,IF(D25=$T$8,$T$12,IF(D25=$U$8,$U$12,IF(D25=$V$8,$V$12))))),IF(C25=$Q$13,IF(D25=$R$8,$R$13,IF(D25=$S$8,$S$13,IF(D25=$T$8,$T$13,IF(D25=$U$8,$U$13,IF(D25=$V$8,$V$13))))),"")))))
A26: ='2 CONTEXTO E IDENTIFICACIÓN'!A26 -> 0 | B26: =+'2 CONTEXTO E IDENTIFICACIÓN'!J26 -> 0 | C26: =+'3 PROBABIL E IMPACTO INHERENTE'!F26 | D26: =+'3 PROBABIL E IMPACTO INHERENTE'!N26 | E26: =+IF(C26=$Q$9,IF(D26=$R$8,$R$9,IF(D26=$S$8,$S$9,IF(D26=$T$8,$T$9,IF(D26=$U$8,$U$9,IF(D26=$V$8,$V$9))))),IF(C26=$Q$10,IF(D26=$R$8,$R$10,IF(D26=$S$8,$S$10,IF(D26=$T$8,$T$10,IF(D26=$U$8,$U$10,IF(D26=$V$8,$V$10))))),IF(C26=$Q$11,IF(D26=$R$8,$R$11,IF(D26=$S$8,$S$11,IF(D26=$T$8,$T$11,IF(D26=$U$8,$U$11,IF(D26=$V$8,$V$11))))),IF(C26=$Q$12,IF(D26=$R$8,$R$12,IF(D26=$S$8,$S$12,IF(D26=$T$8,$T$12,IF(D26=$U$8,$U$12,IF(D26=$V$8,$V$12))))),IF(C26=$Q$13,IF(D26=$R$8,$R$13,IF(D26=$S$8,$S$13,IF(D26=$T$8,$T$13,IF(D26=$U$8,$U$13,IF(D26=$V$8,$V$13))))),"")))))
A27: ='2 CONTEXTO E IDENTIFICACIÓN'!A27 -> 0 | B27: =+'2 CONTEXTO E IDENTIFICACIÓN'!J27 -> 0 | C27: =+'3 PROBABIL E IMPACTO INHERENTE'!F27 | D27: =+'3 PROBABIL E IMPACTO INHERENTE'!N27 | E27: =+IF(C27=$Q$9,IF(D27=$R$8,$R$9,IF(D27=$S$8,$S$9,IF(D27=$T$8,$T$9,IF(D27=$U$8,$U$9,IF(D27=$V$8,$V$9))))),IF(C27=$Q$10,IF(D27=$R$8,$R$10,IF(D27=$S$8,$S$10,IF(D27=$T$8,$T$10,IF(D27=$U$8,$U$10,IF(D27=$V$8,$V$10))))),IF(C27=$Q$11,IF(D27=$R$8,$R$11,IF(D27=$S$8,$S$11,IF(D27=$T$8,$T$11,IF(D27=$U$8,$U$11,IF(D27=$V$8,$V$11))))),IF(C27=$Q$12,IF(D27=$R$8,$R$12,IF(D27=$S$8,$S$12,IF(D27=$T$8,$T$12,IF(D27=$U$8,$U$12,IF(D27=$V$8,$V$12))))),IF(C27=$Q$13,IF(D27=$R$8,$R$13,IF(D27=$S$8,$S$13,IF(D27=$T$8,$T$13,IF(D27=$U$8,$U$13,IF(D27=$V$8,$V$13))))),"")))))
A28: ='2 CONTEXTO E IDENTIFICACIÓN'!A28 -> 0 | B28: =+'2 CONTEXTO E IDENTIFICACIÓN'!J28 -> 0 | C28: =+'3 PROBABIL E IMPACTO INHERENTE'!F28 | D28: =+'3 PROBABIL E IMPACTO INHERENTE'!N28 | E28: =+IF(C28=$Q$9,IF(D28=$R$8,$R$9,IF(D28=$S$8,$S$9,IF(D28=$T$8,$T$9,IF(D28=$U$8,$U$9,IF(D28=$V$8,$V$9))))),IF(C28=$Q$10,IF(D28=$R$8,$R$10,IF(D28=$S$8,$S$10,IF(D28=$T$8,$T$10,IF(D28=$U$8,$U$10,IF(D28=$V$8,$V$10))))),IF(C28=$Q$11,IF(D28=$R$8,$R$11,IF(D28=$S$8,$S$11,IF(D28=$T$8,$T$11,IF(D28=$U$8,$U$11,IF(D28=$V$8,$V$11))))),IF(C28=$Q$12,IF(D28=$R$8,$R$12,IF(D28=$S$8,$S$12,IF(D28=$T$8,$T$12,IF(D28=$U$8,$U$12,IF(D28=$V$8,$V$12))))),IF(C28=$Q$13,IF(D28=$R$8,$R$13,IF(D28=$S$8,$S$13,IF(D28=$T$8,$T$13,IF(D28=$U$8,$U$13,IF(D28=$V$8,$V$13))))),"")))))

Sheet 5 VALORACIÓN DEL CONTROL
B1: =+'2 CONTEXTO E IDENTIFICACIÓN'!A1 -> MAPA DE RIESGOS | G1: =+'2 CONTEXTO E IDENTIFICACIÓN'!$I$4 -> Elaboración | H1: ='2 CONTEXTO E IDENTIFICACIÓN'!J4 -> 46259
C2: =+'2 CONTEXTO E IDENTIFICACIÓN'!A2 -> VERSIÓN: | D2: ='2 CONTEXTO E IDENTIFICACIÓN'!B2 -> 1 | G2: =+'2 CONTEXTO E IDENTIFICACIÓN'!$E$5 -> Vigencia: | H2: ='2 CONTEXTO E IDENTIFICACIÓN'!G5 -> 46266 | I2: Al | J2: ='2 CONTEXTO E IDENTIFICACIÓN'!J5 -> 46387
A3: ENTIDAD: | B3: ='2 CONTEXTO E IDENTIFICACIÓN'!B4 -> Unidad Administrativa Especial de Organizaciones Solidarias
A4: PROCESO: | B4: ='2 CONTEXTO E IDENTIFICACIÓN'!F4 -> Fomento de la Asociatividad Solidaria | F4: VALORACIÓN DEL CONTROL | S4: Peso del Control + Peso de la implementación | T4: % Probabilidad Riesgo Inherente-(% Probabilidad Riesgo Inherente*Valor Total del Control) | U4: % Impacto Riesgo Inherente-(% Impacto Riesgo Inherente*Valor Total del Control) | Y4: NIVEL
J5: Atributos del control | Y5: Nivel | Z5: % MIN | AA5: % MAX
A6: No. Riesgo | B6: Riesgo | C6: % Probabilidad Riesgo Inherente | D6: % Impacto Riesgo Inherente | E6: No. Control | F6: Descripción del Control | J6: Eficiencia | O6: Formalización del control | Y6: Muy Baja | Z6: 0.01 | AA6: 0.2
F7: Responsable (Cargo y/o Aplicativo) | G7: Acción (Inicia con un verbo) | H7: Complemento (Periodicidad - Observaciones o Desviaciones) | I7: Descripción del control | J7: Tipo de control | K7: Peso del Control | L7: Afectación o Desplazamiento en la Matriz | M7: Implementación | N7: Peso de la implementación | O7: Documentación | P7: Frecuencia | Q7: Evidencia (Trazabilidad de la ejecución) | R7: Ejecución | S7: Valor Total del Control | T7: Probabilidad residual | U7: Impacto Residual | V7: Probabilidad residual Final | W7: Impacto Residual Final | Y7: Baja | Z7: 0.21 | AA7: 0.4
A8: ='2 CONTEXTO E IDENTIFICACIÓN'!A9 -> R10 | B8: =+'2 CONTEXTO E IDENTIFICACIÓN'!J9 -> Posibilidad de afectación económica y reputacional por el incumplimiento de las actividades, tiempos y responsables establecidos en el proceso de Fomento de la Asociatividad Solidaria y sus cuatro procedimientos asociados. a causa de el proceso y los procedimientos vigentes se encuentran desactuaizados y no reflejan el modelo de ejecución actual con gestores territoriales contratistas (en lugar de convenios con cooperantes), generando vacíos normativos y ausencia de lineamientos claros para el equipo. | C8: =+'3 PROBABIL E IMPACTO INHERENTE'!E9 -> 0.6 | D8: =+'3 PROBABIL E IMPACTO INHERENTE'!M9 -> 0.8 | E8: 1 | F8: Profesional Especializado / Contratista responsable | G8: Verificar | H8: la aplicación de la metodología de caracterización y el cumplimiento de los requisitos antes de aprobar la intervención. | I8: =+CONCATENATE(F8," ",G8," ",H8) -> Profesional Especializado / Contratista responsable Verificar la aplicación de la metodología de caracterización y el cumplimiento de los requisitos antes de aprobar la intervención. | J8: Preventivo | K8: 0.5 | L8: =+IFERROR(VLOOKUP($J8,'11 FORMULAS'!$B$51:$D$53,3,0),"") -> Probabilidad | M8: Manual | N8: =+IFERROR(VLOOKUP($M8,'11 FORMULAS'!$B$54:$C$55,2,0),"") -> 0.15 | O8: Procedimientos | P8: Diario | Q8: Con registro manual | R8: Interna | S8: =+IFERROR($K8+$N8,"") -> 0.65 | T8: =IF($L8='11 FORMULAS'!$D$51,$C$8-($C$8*$S8),$C$8) -> 0.21 | U8: =IF($L8='11 FORMULAS'!$D$53,$D$8-($D$8*$S8),$D$8) -> 0.8 | V8: =+IF(T9="","",T9) -> 0.0735 | W8: =+IF(U9="","",U9) -> 0.8 | Y8: Media | Z8: 0.41 | AA8: 0.6
E9: 2 | F9: Líder del proceso | G9: Aprobar | H9: la priorización de organizaciones conforme a los criterios definidos | I9: =+CONCATENATE(F9," ",G9," ",H9) -> Líder del proceso Aprobar la priorización de organizaciones conforme a los criterios definidos | J9: Preventivo | K9: 0.5 | L9: =+IFERROR(VLOOKUP($J9,'11 FORMULAS'!$B$51:$D$53,3,0),"") -> Probabilidad | M9: Manual | N9: =+IFERROR(VLOOKUP($M9,'11 FORMULAS'!$B$54:$C$55,2,0),"") -> 0.15 | O9: Sistemas de información | P9: Mensual | Q9: Con registro manual | R9: Interna | S9: =+IFERROR($K9+$N9,"") -> 0.65 | T9: =IF($L9='11 FORMULAS'!$D$51,T8-(T8*$S9),T8) -> 0.0735 | U9: =IF($L9='11 FORMULAS'!$D$53,U8-(U8*$S9),U8) -> 0.8 | Y9: Alta | Z9: 0.61 | AA9: 0.8
E10: 3 | I10: =+CONCATENATE(F10," ",G10," ",H10) | K10: 0 | L10: =+IFERROR(VLOOKUP($J10,'11 FORMULAS'!$B$51:$D$53,3,0),"") | N10: =+IFERROR(VLOOKUP($M10,'11 FORMULAS'!$B$54:$C$55,2,0),"") | S10: =+IFERROR($K10+$N10,"") | Y10: Muy Alta | Z10: 0.81 | AA10: 1
E11: 4 | I11: =+CONCATENATE(F11," ",G11," ",H11) | K11: 0 | L11: =+IFERROR(VLOOKUP($J11,'11 FORMULAS'!$B$51:$D$53,3,0),"") | N11: =+IFERROR(VLOOKUP($M11,'11 FORMULAS'!$B$54:$C$55,2,0),"") | S11: =+IFERROR($K11+$N11,"")
E12: 5 | I12: =+CONCATENATE(F12," ",G12," ",H12) | K12: 0 | L12: =+IFERROR(VLOOKUP($J12,'11 FORMULAS'!$B$51:$D$53,3,0),"") | N12: =+IFERROR(VLOOKUP($M12,'11 FORMULAS'!$B$54:$C$55,2,0),"") | S12: =+IFERROR($K12+$N12,"")
E13: 6 | I13: =+CONCATENATE(F13," ",G13," ",H13) | K13: 0 | L13: =+IFERROR(VLOOKUP($J13,'11 FORMULAS'!$B$51:$D$53,3,0),"") | N13: =+IFERROR(VLOOKUP($M13,'11 FORMULAS'!$B$54:$C$55,2,0),"") | S13: =+IFERROR($K13+$N13,"")
A14: ='2 CONTEXTO E IDENTIFICACIÓN'!A10 -> R11 | B14: =+'2 CONTEXTO E IDENTIFICACIÓN'!J10 -> Posibilidad de efecto dañoso sobre el recurso público por la asignación de medios de producción o recursos de fortalecimiento a organizaciones cuya caracterización socioeconómica, productiva y de necesidades no fue diagnosticada de forma completa o verificada. a causa de ausencia de una metodología estandarizada y de instrumentos de verificación para que los gestores territoriales realicen la caracterización (diagnóstico económico, social y productivo) de las organizaciones antes de la entrega de medios de producción. | C14: =+'3 PROBABIL E IMPACTO INHERENTE'!E10 -> 0.6 | D14: =+'3 PROBABIL E IMPACTO INHERENTE'!M10 -> 0.8 | E14: 1 | F14: Profesional Especializado | G14: Revisar | H14: las agendas territoriales y planes de intervención | I14: =+CONCATENATE(F14," ",G14," ",H14) -> Profesional Especializado Revisar las agendas territoriales y planes de intervención | J14: Preventivo | K14: 0.5 | L14: =+IFERROR(VLOOKUP($J14,'11 FORMULAS'!$B$51:$D$53,3,0),"") -> Probabilidad | M14: Manual | N14: =+IFERROR(VLOOKUP($M14,'11 FORMULAS'!$B$54:$C$55,2,0),"") -> 0.15 | O14: Procedimientos | P14: Mensual | Q14: Con registro electrónico | R14: Interna | S14: =+IFERROR($K14+$N14,"") -> 0.65 | T14: =IF($L14='11 FORMULAS'!$D$51,$C$14-($C$14*$S14),$C$14) -> 0.21 | U14: =IF($L14='11 FORMULAS'!$D$53,$D$14-($D$14*$S14),$D$14) -> 0.8 | V14: =+IF(T15="","",T15) -> 0.0735 | W14: =+IF(U15="","",U15) -> 0.8
E15: 2 | F15: Líder del proceso | G15: Aprobar | H15: los planes de intervención y cronogramas | I15: =+CONCATENATE(F15," ",G15," ",H15) -> Líder del proceso Aprobar los planes de intervención y cronogramas | J15: Preventivo | K15: 0.5 | L15: =+IFERROR(VLOOKUP($J15,'11 FORMULAS'!$B$51:$D$53,3,0),"") -> Probabilidad | M15: Manual | N15: =+IFERROR(VLOOKUP($M15,'11 FORMULAS'!$B$54:$C$55,2,0),"") -> 0.15 | O15: Sistemas de información | P15: Mensual | Q15: Con registro manual | R15: Interna | S15: =+IFERROR($K15+$N15,"") -> 0.65 | T15: =IF($L15='11 FORMULAS'!$D$51,T14-(T14*$S15),T14) -> 0.0735 | U15: =IF($L15='11 FORMULAS'!$D$53,U14-(U14*$S15),U14) -> 0.8
E16: 3 | I16: =+CONCATENATE(F16," ",G16," ",H16) | K16: 0 | L16: =+IFERROR(VLOOKUP($J16,'11 FORMULAS'!$B$51:$D$53,3,0),"") | N16: =+IFERROR(VLOOKUP($M16,'11 FORMULAS'!$B$54:$C$55,2,0),"") | S16: =+IFERROR($K16+$N16,"")
E17: 4 | I17: =+CONCATENATE(F17," ",G17," ",H17) | K17: 0 | L17: =+IFERROR(VLOOKUP($J17,'11 FORMULAS'!$B$51:$D$53,3,0),"") | N17: =+IFERROR(VLOOKUP($M17,'11 FORMULAS'!$B$54:$C$55,2,0),"") | S17: =+IFERROR($K17+$N17,"")
E18: 5 | I18: =+CONCATENATE(F18," ",G18," ",H18) | K18: 0 | L18: =+IFERROR(VLOOKUP($J18,'11 FORMULAS'!$B$51:$D$53,3,0),"") | N18: =+IFERROR(VLOOKUP($M18,'11 FORMULAS'!$B$54:$C$55,2,0),"") | S18: =+IFERROR($K18+$N18,"")
E19: 6 | I19: =+CONCATENATE(F19," ",G19," ",H19) | K19: 0 | L19: =+IFERROR(VLOOKUP($J19,'11 FORMULAS'!$B$51:$D$53,3,0),"") | N19: =+IFERROR(VLOOKUP($M19,'11 FORMULAS'!$B$54:$C$55,2,0),"") | S19: =+IFERROR($K19+$N19,"")
A20: ='2 CONTEXTO E IDENTIFICACIÓN'!A11 -> R12 | B20: =+'2 CONTEXTO E IDENTIFICACIÓN'!J11 -> Posibilidad de pérdida económica y reputacional por la selección o priorización indebida de organizaciones o beneficiarios para la entrega de medios de producción y recursos de fortalecimiento, sin sujeción a los criterios técnicos de caracterización y priorización territorial. a causa de ausencia de un procedimiento formal para la entrega de medios de producción, de controles cruzados y de una segunda instancia de aprobación, lo que facilita conflictos de interés no declarados o injerencia indebida de terceros en la decisión de a qué organización se destinan los recursos. | C20: =+'3 PROBABIL E IMPACTO INHERENTE'!E11 -> 0.6 | D20: =+'3 PROBABIL E IMPACTO INHERENTE'!M11 -> 1 | E20: 1 | F20: Profesional de Fortalecimiento | G20: Realizar | H20: seguimiento al plan de fortalecimiento | I20: =+CONCATENATE(F20," ",G20," ",H20) -> Profesional de Fortalecimiento Realizar seguimiento al plan de fortalecimiento | J20: Preventivo | K20: 0.5 | L20: =+IFERROR(VLOOKUP($J20,'11 FORMULAS'!$B$51:$D$53,3,0),"") -> Probabilidad | M20: Manual | N20: =+IFERROR(VLOOKUP($M20,'11 FORMULAS'!$B$54:$C$55,2,0),"") -> 0.15 | O20: Sistemas de información | P20: Mensual | Q20: Con registro manual | R20: Interna | S20: =+IFERROR($K20+$N20,"") -> 0.65 | T20: =IF($L20='11 FORMULAS'!$D$51,$C$20-($C$20*$S20),$C$20) -> 0.21 | U20: =IF($L20='11 FORMULAS'!$D$53,$D$20-($D$20*$S20),$D$20) -> 1 | V20: =+IF(T21="","",T21) -> 0.0735 | W20: =+IF(U21="","",U21) -> 1
E21: 2 | F21: Líder del proceso | G21: Evaluar | H21: los resultados del acompañamiento técnico | I21: =+CONCATENATE(F21," ",G21," ",H21) -> Líder del proceso Evaluar los resultados del acompañamiento técnico | J21: Detectivo | K21: 0.5 | L21: =+IFERROR(VLOOKUP($J21,'11 FORMULAS'!$B$51:$D$53,3,0),"") -> Probabilidad | M21: Manual | N21: =+IFERROR(VLOOKUP($M21,'11 FORMULAS'!$B$54:$C$55,2,0),"") -> 0.15 | O21: Sistemas de información | P21: Bimestral | Q21: Con registro manual | R21: Interna | S21: =+IFERROR($K21+$N21,"") -> 0.65 | T21: =IF($L21='11 FORMULAS'!$D$51,T20-(T20*$S21),T20) -> 0.0735 | U21: =IF($L21='11 FORMULAS'!$D$53,U20-(U20*$S21),U20) -> 1
E22: 3 | I22: =+CONCATENATE(F22," ",G22," ",H22) | K22: 0 | L22: =+IFERROR(VLOOKUP($J22,'11 FORMULAS'!$B$51:$D$53,3,0),"") | N22: =+IFERROR(VLOOKUP($M22,'11 FORMULAS'!$B$54:$C$55,2,0),"") | S22: =+IFERROR($K22+$N22,"")
E23: 4 | I23: =+CONCATENATE(F23," ",G23," ",H23) | K23: 0 | L23: =+IFERROR(VLOOKUP($J23,'11 FORMULAS'!$B$51:$D$53,3,0),"") | N23: =+IFERROR(VLOOKUP($M23,'11 FORMULAS'!$B$54:$C$55,2,0),"") | S23: =+IFERROR($K23+$N23,"")
E24: 5 | I24: =+CONCATENATE(F24," ",G24," ",H24) | K24: 0 | L24: =+IFERROR(VLOOKUP($J24,'11 FORMULAS'!$B$51:$D$53,3,0),"") | N24: =+IFERROR(VLOOKUP($M24,'11 FORMULAS'!$B$54:$C$55,2,0),"") | S24: =+IFERROR($K24+$N24,"")
E25: 6 | I25: =+CONCATENATE(F25," ",G25," ",H25) | K25: 0 | L25: =+IFERROR(VLOOKUP($J25,'11 FORMULAS'!$B$51:$D$53,3,0),"") | N25: =+IFERROR(VLOOKUP($M25,'11 FORMULAS'!$B$54:$C$55,2,0),"") | S25: =+IFERROR($K25+$N25,"")
A26: ='2 CONTEXTO E IDENTIFICACIÓN'!A12 -> R13 | B26: =+'2 CONTEXTO E IDENTIFICACIÓN'!J12 -> Posibilidad de afectación económica y reputacional por registros incompletos, inconsistentes o inoportunos de los avances, indicadores y resultados del proceso de Fomento de la Asociatividad Solidaria en los sistemas de información y reportes a Planeación. a causa de deficiencias en el registro, control documental y seguimiento de la información reportada por los gestores territoriales, y a la falta de una fuente única y verificada de datos del proceso. | C26: =+'3 PROBABIL E IMPACTO INHERENTE'!E12 -> 0.6 | D26: =+'3 PROBABIL E IMPACTO INHERENTE'!M12 -> 0.8 | E26: 1 | F26: Supervisor / Profesional Técnico | G26: Verificar | H26: el cumplimiento de los requisitos técnicos de los entregables | I26: =+CONCATENATE(F26," ",G26," ",H26) -> Supervisor / Profesional Técnico Verificar el cumplimiento de los requisitos técnicos de los entregables | J26: Preventivo | K26: 0.5 | L26: =+IFERROR(VLOOKUP($J26,'11 FORMULAS'!$B$51:$D$53,3,0),"") -> Probabilidad | M26: Manual | N26: =+IFERROR(VLOOKUP($M26,'11 FORMULAS'!$B$54:$C$55,2,0),"") -> 0.15 | O26: Sistemas de información | P26: Diario | Q26: Con registro manual | R26: Interna | S26: =+IFERROR($K26+$N26,"") -> 0.65 | T26: =IF($L26='11 FORMULAS'!$D$51,$C$26-($C$26*$S26),$C$26) -> 0.21 | U26: =IF($L26='11 FORMULAS'!$D$53,$D$26-($D$26*$S26),$D$26) -> 0.8 | V26: =+IF(T27="","",T27) -> 0.21 | W26: =+IF(U27="","",U27) -> 0.28
E27: 2 | F27: Supervisor | G27: Rechazar | H27: los productos que no cumplen los requisitos establecidos | I27: =+CONCATENATE(F27," ",G27," ",H27) -> Supervisor Rechazar los productos que no cumplen los requisitos establecidos | J27: Correctivo | K27: 0.5 | L27: =+IFERROR(VLOOKUP($J27,'11 FORMULAS'!$B$51:$D$53,3,0),"") -> Impacto | M27: Manual | N27: =+IFERROR(VLOOKUP($M27,'11 FORMULAS'!$B$54:$C$55,2,0),"") -> 0.15 | O27: Otros Esquemas | P27: Diario | Q27: Con registro manual | R27: Interna | S27: =+IFERROR($K27+$N27,"") -> 0.65 | T27: =IF($L27='11 FORMULAS'!$D$51,T26-(T26*$S27),T26) -> 0.21 | U27: =IF($L27='11 FORMULAS'!$D$53,U26-(U26*$S27),U26) -> 0.28
E28: 3 | I28: =+CONCATENATE(F28," ",G28," ",H28) | K28: 0 | L28: =+IFERROR(VLOOKUP($J28,'11 FORMULAS'!$B$51:$D$53,3,0),"") | N28: =+IFERROR(VLOOKUP($M28,'11 FORMULAS'!$B$54:$C$55,2,0),"") | S28: =+IFERROR($K28+$N28,"")
E29: 4 | I29: =+CONCATENATE(F29," ",G29," ",H29) | K29: 0 | L29: =+IFERROR(VLOOKUP($J29,'11 FORMULAS'!$B$51:$D$53,3,0),"") | N29: =+IFERROR(VLOOKUP($M29,'11 FORMULAS'!$B$54:$C$55,2,0),"") | S29: =+IFERROR($K29+$N29,"")
E30: 5 | I30: =+CONCATENATE(F30," ",G30," ",H30) | K30: 0 | L30: =+IFERROR(VLOOKUP($J30,'11 FORMULAS'!$B$51:$D$53,3,0),"") | N30: =+IFERROR(VLOOKUP($M30,'11 FORMULAS'!$B$54:$C$55,2,0),"") | S30: =+IFERROR($K30+$N30,"")
E31: 6 | I31: =+CONCATENATE(F31," ",G31," ",H31) | K31: 0 | L31: =+IFERROR(VLOOKUP($J31,'11 FORMULAS'!$B$51:$D$53,3,0),"") | N31: =+IFERROR(VLOOKUP($M31,'11 FORMULAS'!$B$54:$C$55,2,0),"") | S31: =+IFERROR($K31+$N31,"")

Sheet 6 MAPA CALOR RESIDUAL
B1: =+'2 CONTEXTO E IDENTIFICACIÓN'!A1 -> MAPA DE RIESGOS | G1: =+'2 CONTEXTO E IDENTIFICACIÓN'!$I$4 -> Elaboración | H1: ='2 CONTEXTO E IDENTIFICACIÓN'!J4 -> 46259
C2: =+'2 CONTEXTO E IDENTIFICACIÓN'!A2 -> VERSIÓN: | D2: ='2 CONTEXTO E IDENTIFICACIÓN'!B2 -> 1 | G2: =+'2 CONTEXTO E IDENTIFICACIÓN'!$E$5 -> Vigencia: | H2: ='2 CONTEXTO E IDENTIFICACIÓN'!G5 -> 46266 | I2: Al | J2: ='2 CONTEXTO E IDENTIFICACIÓN'!J5 -> 46387
A4: ENTIDAD: | B4: ='2 CONTEXTO E IDENTIFICACIÓN'!B4 -> Unidad Administrativa Especial de Organizaciones Solidarias
A5: PROCESO: | B5: ='2 CONTEXTO E IDENTIFICACIÓN'!F4 -> Fomento de la Asociatividad Solidaria
I6: MAPA DE CALOR RIESGO RESIDUAL | T6: Impacto
E7: CALIFICACIÓN RIESGO RESIDUAL | K7: Impacto | T7: 0.2 | U7: 0.4 | V7: 0.6 | W7: 0.8 | X7: 1
A8: No. Riesgo | B8: RIESGO | C8: Probabilidad Residual | D8: Probabilidad Residual | E8: Probabilidad | F8: Impacto | G8: Severidad (Nivel de Riesgo) | K8: Leve | L8: Menor | M8: Moderado | N8: Mayor | O8: Catastrófico | T8: Leve | U8: Menor | V8: Moderado | W8: Mayor | X8: Catastrófico
A9: ='2 CONTEXTO E IDENTIFICACIÓN'!A9 -> R10 | B9: =+'2 CONTEXTO E IDENTIFICACIÓN'!J9 -> Posibilidad de afectación económica y reputacional por el incumplimiento de las actividades, tiempos y responsables establecidos en el proceso de Fomento de la Asociatividad Solidaria y sus cuatro procedimientos asociados. a causa de el proceso y los procedimientos vigentes se encuentran desactuaizados y no reflejan el modelo de ejecución actual con gestores territoriales contratistas (en lugar de convenios con cooperantes), generando vacíos normativos y ausencia de lineamientos claros para el equipo. | C9: =+'5 VALORACIÓN DEL CONTROL'!T9 -> 0.0735 | D9: =+'5 VALORACIÓN DEL CONTROL'!U9 -> 0.8 | E9: =+IF(C9=0,"",IF(C9<=$R$13,$S$13,IF(C9<=$R$12,$S$12,IF(C9<=$R$11,$S$11,IF(C9<=$R$10,$S$10,IF(C9<=$R$9,$S$9,"")))))) -> Muy Baja | F9: =+IF(D9=0,"",IF(D9<=$T$7,$T$8,IF(D9<=$U$7,$U$8,IF(D9<=$V$7,$V$8,IF(D9<=$W$7,$W$8,IF(D9<=$X$7,$X$8,"")))))) -> Mayor | G9: =+IF(E9=$S$9,IF(F9=$T$8,$T$9,IF(F9=$U$8,$U$9,IF(F9=$V$8,$V$9,IF(F9=$W$8,$W$9,IF(F9=$X$8,$X$9))))),IF(E9=$S$10,IF(F9=$T$8,$T$10,IF(F9=$U$8,$U$10,IF(F9=$V$8,$V$10,IF(F9=$W$8,$W$10,IF(F9=$X$8,$X$10))))),IF(E9=$S$11,IF(F9=$T$8,$T$11,IF(F9=$U$8,$U$11,IF(F9=$V$8,$V$11,IF(F9=$W$8,$W$11,IF(F9=$X$8,$X$11))))),IF(E9=$S$12,IF(F9=$T$8,$T$12,IF(F9=$U$8,$U$12,IF(F9=$V$8,$V$12,IF(F9=$W$8,$W$12,IF(F9=$X$8,$X$12))))),IF(E9=$S$13,IF(F9=$T$8,$T$13,IF(F9=$U$8,$U$13,IF(F9=$V$8,$V$13,IF(F9=$W$8,$W$13,IF(F9=$X$8,$X$13))))),""))))) -> Alto | I9: Probabilidad | J9: Muy Alta | K9: =+IF(AND(E9=$S$9,F9=$T$8),A9,"")&" "&IF(AND(E10=$S$9,F10=$T$8),A10,"")&" "&IF(AND(E11=$S$9,F11=$T$8),A11,"")&" "&IF(AND(E12=$S$9,F12=$T$8),A12,"")&" "&IF(AND(E13=$S$9,F13=$T$8),A13,"")&" "&IF(AND(E14=$S$9,F14=$T$8),A14,"")&" "&IF(AND(E15=$S$9,F15=$T$8),A15,"")&" "&IF(AND(E16=$S$9,F16=$T$8),A16,"")&" "&IF(AND(E17=$S$9,F17=$T$8),A17,"")&" "&IF(AND(E18=$S$9,F18=$T$8),A18,"")&" "&IF(AND(E19=$S$9,F19=$T$8),A19,"")&" "&IF(AND(E20=$S$9,F20=$T$8),A20,"")&" "&IF(AND(E21=$S$9,F21=$T$8),A21,"")&" "&IF(AND(E22=$S$9,F22=$T$8),A22,"")&" "&IF(AND(E23=$S$9,F23=$T$8),A23,"")&" "&IF(AND(E24=$S$9,F24=$T$8),A24,"")&" "&IF(AND(E25=$S$9,F25=$T$8),A25,"")&" "&IF(AND(E26=$S$9,F26=$T$8),A26,"")&" "&IF(AND(E27=$S$9,F27=$T$8),A27,"")&" "&IF(AND(E28=$S$9,F28=$T$8),A28,"") | L9: =+IF(AND(E9=$S$9,F9=$U$8),A9,"")&" "&IF(AND(E10=$S$9,F10=$U$8),A10,"")&" "&IF(AND(E11=$S$9,F11=$U$8),A11,"")&" "&IF(AND(E12=$S$9,F12=$U$8),A12,"")&" "&IF(AND(E13=$S$9,F13=$U$8),A13,"")&" "&IF(AND(E14=$S$9,F14=$U$8),A14,"")&" "&IF(AND(E15=$S$9,F15=$U$8),A15,"")&" "&IF(AND(E16=$S$9,F16=$U$8),A16,"")&" "&IF(AND(E17=$S$9,F17=$U$8),A17,"")&" "&IF(AND(E18=$S$9,F18=$U$8),A18,"")&" "&IF(AND(E19=$S$9,F19=$U$8),A19,"")&" "&IF(AND(E20=$S$9,F20=$U$8),A20,"")&" "&IF(AND(E21=$S$9,F21=$U$8),A21,"")&" "&IF(AND(E22=$S$9,F22=$U$8),A22,"")&" "&IF(AND(E23=$S$9,F23=$U$8),A23,"")&" "&IF(AND(E24=$S$9,F24=$U$8),A24,"")&" "&IF(AND(E25=$S$9,F25=$U$8),A25,"")&" "&IF(AND(E26=$S$9,F26=$U$8),A26,"")&" "&IF(AND(E27=$S$9,F27=$U$8),A27,"")&" "&IF(AND(E28=$S$9,F28=$U$8),A28,"") | M9: =+IF(AND(E9=$S$9,F9=$V$8),A9,"")&" "&IF(AND(E10=$S$9,F10=$V$8),A10,"")&" "&IF(AND(E11=$S$9,F11=$V$8),A11,"")&" "&IF(AND(E12=$S$9,F12=$V$8),A12,"")&" "&IF(AND(E13=$S$9,F13=$V$8),A13,"")&" "&IF(AND(E14=$S$9,F14=$V$8),A14,"")&" "&IF(AND(E15=$S$9,F15=$V$8),A15,"")&" "&IF(AND(E16=$S$9,F16=$V$8),A16,"")&" "&IF(AND(E17=$S$9,F17=$V$8),A17,"")&" "&IF(AND(E18=$S$9,F18=$V$8),A18,"")&" "&IF(AND(E19=$S$9,F19=$V$8),A19,"")&" "&IF(AND(E20=$S$9,F20=$V$8),A20,"")&" "&IF(AND(E21=$S$9,F21=$V$8),A21,"")&" "&IF(AND(E22=$S$9,F22=$V$8),A22,"")&" "&IF(AND(E23=$S$9,F23=$V$8),A23,"")&" "&IF(AND(E24=$S$9,F24=$V$8),A24,"")&" "&IF(AND(E25=$S$9,F25=$V$8),A25,"")&" "&IF(AND(E26=$S$9,F26=$V$8),A26,"")&" "&IF(AND(E27=$S$9,F27=$V$8),A27,"")&" "&IF(AND(E28=$S$9,F28=$V$8),A28,"") | N9: =+IF(AND(E9=$S$9,F9=$W$8),A9,"")&" "&IF(AND(E10=$S$9,F10=$W$8),A10,"")&" "&IF(AND(E11=$S$9,F11=$W$8),A11,"")&" "&IF(AND(E12=$S$9,F12=$W$8),A12,"")&" "&IF(AND(E13=$S$9,F13=$W$8),A13,"")&" "&IF(AND(E14=$S$9,F14=$W$8),A14,"")&" "&IF(AND(E15=$S$9,F15=$W$8),A15,"")&" "&IF(AND(E16=$S$9,F16=$W$8),A16,"")&" "&IF(AND(E17=$S$9,F17=$W$8),A17,"")&" "&IF(AND(E18=$S$9,F18=$W$8),A18,"")&" "&IF(AND(E19=$S$9,F19=$W$8),A19,"")&" "&IF(AND(E20=$S$9,F20=$W$8),A20,"")&" "&IF(AND(E21=$S$9,F21=$W$8),A21,"")&" "&IF(AND(E22=$S$9,F22=$W$8),A22,"")&" "&IF(AND(E23=$S$9,F23=$W$8),A23,"")&" "&IF(AND(E24=$S$9,F24=$W$8),A24,"")&" "&IF(AND(E25=$S$9,F25=$W$8),A25,"")&" "&IF(AND(E26=$S$9,F26=$W$8),A26,"")&" "&IF(AND(E27=$S$9,F27=$W$8),A27,"")&" "&IF(AND(E28=$S$9,F28=$W$8),A28,"") | O9: =+IF(AND(E9=$S$9,F9=$X$8),A9,"")&" "&IF(AND(E10=$S$9,F10=$X$8),A10,"")&" "&IF(AND(E11=$S$9,F11=$X$8),A11,"")&" "&IF(AND(E12=$S$9,F12=$X$8),A12,"")&" "&IF(AND(E13=$S$9,F13=$X$8),A13,"")&" "&IF(AND(E14=$S$9,F14=$X$8),A14,"")&" "&IF(AND(E15=$S$9,F15=$X$8),A15,"")&" "&IF(AND(E16=$S$9,F16=$X$8),A16,"")&" "&IF(AND(E17=$S$9,F17=$X$8),A17,"")&" "&IF(AND(E18=$S$9,F18=$X$8),A18,"")&" "&IF(AND(E19=$S$9,F19=$X$8),A19,"")&" "&IF(AND(E20=$S$9,F20=$X$8),A20,"")&" "&IF(AND(E21=$S$9,F21=$X$8),A21,"")&" "&IF(AND(E22=$S$9,F22=$X$8),A22,"")&" "&IF(AND(E23=$S$9,F23=$X$8),A23,"")&" "&IF(AND(E24=$S$9,F24=$X$8),A24,"")&" "&IF(AND(E25=$S$9,F25=$X$8),A25,"")&" "&IF(AND(E26=$S$9,F26=$X$8),A26,"")&" "&IF(AND(E27=$S$9,F27=$X$8),A27,"")&" "&IF(AND(E28=$S$9,F28=$X$8),A28,"") | Q9: Probabilidad | R9: 1 | S9: Muy Alta | T9: Alto | U9: Alto | V9: Alto | W9: Alto | X9: Extremo
A10: ='2 CONTEXTO E IDENTIFICACIÓN'!A10 -> R11 | B10: =+'2 CONTEXTO E IDENTIFICACIÓN'!J10 -> Posibilidad de efecto dañoso sobre el recurso público por la asignación de medios de producción o recursos de fortalecimiento a organizaciones cuya caracterización socioeconómica, productiva y de necesidades no fue diagnosticada de forma completa o verificada. a causa de ausencia de una metodología estandarizada y de instrumentos de verificación para que los gestores territoriales realicen la caracterización (diagnóstico económico, social y productivo) de las organizaciones antes de la entrega de medios de producción. | C10: =+'5 VALORACIÓN DEL CONTROL'!T15 -> 0.0735 | D10: =+'5 VALORACIÓN DEL CONTROL'!U15 -> 0.8 | E10: =+IF(C10=0,"",IF(C10<=$R$13,$S$13,IF(C10<=$R$12,$S$12,IF(C10<=$R$11,$S$11,IF(C10<=$R$10,$S$10,IF(C10<=$R$9,$S$9,"")))))) -> Muy Baja | F10: =+IF(D10=0,"",IF(D10<=$T$7,$T$8,IF(D10<=$U$7,$U$8,IF(D10<=$V$7,$V$8,IF(D10<=$W$7,$W$8,IF(D10<=$X$7,$X$8,"")))))) -> Mayor | G10: =+IF(E10=$S$9,IF(F10=$T$8,$T$9,IF(F10=$U$8,$U$9,IF(F10=$V$8,$V$9,IF(F10=$W$8,$W$9,IF(F10=$X$8,$X$9))))),IF(E10=$S$10,IF(F10=$T$8,$T$10,IF(F10=$U$8,$U$10,IF(F10=$V$8,$V$10,IF(F10=$W$8,$W$10,IF(F10=$X$8,$X$10))))),IF(E10=$S$11,IF(F10=$T$8,$T$11,IF(F10=$U$8,$U$11,IF(F10=$V$8,$V$11,IF(F10=$W$8,$W$11,IF(F10=$X$8,$X$11))))),IF(E10=$S$12,IF(F10=$T$8,$T$12,IF(F10=$U$8,$U$12,IF(F10=$V$8,$V$12,IF(F10=$W$8,$W$12,IF(F10=$X$8,$X$12))))),IF(E10=$S$13,IF(F10=$T$8,$T$13,IF(F10=$U$8,$U$13,IF(F10=$V$8,$V$13,IF(F10=$W$8,$W$13,IF(F10=$X$8,$X$13))))),""))))) -> Alto | J10: Alta | K10: =+IF(AND(E9=$S$10,F9=$T$8),A9,"")&" "&IF(AND(E10=$S$10,F10=$T$8),A10,"")&" "&IF(AND(E11=$S$10,F11=$T$8),A11,"")&" "&IF(AND(E12=$S$10,F12=$T$8),A12,"")&" "&IF(AND(E13=$S$10,F13=$T$8),A13,"")&" "&IF(AND(E14=$S$10,F14=$T$8),A14,"")&" "&IF(AND(E15=$S$10,F15=$T$8),A15,"")&" "&IF(AND(E16=$S$10,F16=$T$8),A16,"")&" "&IF(AND(E17=$S$10,F17=$T$8),A17,"")&" "&IF(AND(E18=$S$10,F18=$T$8),A18,"")&" "&IF(AND(E19=$S$10,F19=$T$8),A19,"")&" "&IF(AND(E20=$S$10,F20=$T$8),A20,"")&" "&IF(AND(E21=$S$10,F21=$T$8),A21,"")&" "&IF(AND(E22=$S$10,F22=$T$8),A22,"")&" "&IF(AND(E23=$S$10,F23=$T$8),A23,"")&" "&IF(AND(E24=$S$10,F24=$T$8),A24,"")&" "&IF(AND(E25=$S$10,F25=$T$8),A25,"")&" "&IF(AND(E26=$S$10,F26=$T$8),A26,"")&" "&IF(AND(E27=$S$10,F27=$T$8),A27,"")&" "&IF(AND(E28=$S$10,F28=$T$8),A28,"") | L10: =+IF(AND(E9=$S$10,F9=$U$8),A9,"")&" "&IF(AND(E10=$S$10,F10=$U$8),A10,"")&" "&IF(AND(E11=$S$10,F11=$U$8),A11,"")&" "&IF(AND(E12=$S$10,F12=$U$8),A12,"")&" "&IF(AND(E13=$S$10,F13=$U$8),A13,"")&" "&IF(AND(E14=$S$10,F14=$U$8),A14,"")&" "&IF(AND(E15=$S$10,F15=$U$8),A15,"")&" "&IF(AND(E16=$S$10,F16=$U$8),A16,"")&" "&IF(AND(E17=$S$10,F17=$U$8),A17,"")&" "&IF(AND(E18=$S$10,F18=$U$8),A18,"")&" "&IF(AND(E19=$S$10,F19=$U$8),A19,"")&" "&IF(AND(E20=$S$10,F20=$U$8),A20,"")&" "&IF(AND(E21=$S$10,F21=$U$8),A21,"")&" "&IF(AND(E22=$S$10,F22=$U$8),A22,"")&" "&IF(AND(E23=$S$10,F23=$U$8),A23,"")&" "&IF(AND(E24=$S$10,F24=$U$8),A24,"")&" "&IF(AND(E25=$S$10,F25=$U$8),A25,"")&" "&IF(AND(E26=$S$10,F26=$U$8),A26,"")&" "&IF(AND(E27=$S$10,F27=$U$8),A27,"")&" "&IF(AND(E28=$S$10,F28=$U$8),A28,"") | M10: =+IF(AND(E9=$S$10,F9=$V$8),A9,"")&" "&IF(AND(E10=$S$10,F10=$V$8),A10,"")&" "&IF(AND(E11=$S$10,F11=$V$8),A11,"")&" "&IF(AND(E12=$S$10,F12=$V$8),A12,"")&" "&IF(AND(E13=$S$10,F13=$V$8),A13,"")&" "&IF(AND(E14=$S$10,F14=$V$8),A14,"")&" "&IF(AND(E15=$S$10,F15=$V$8),A15,"")&" "&IF(AND(E16=$S$10,F16=$V$8),A16,"")&" "&IF(AND(E17=$S$10,F17=$V$8),A17,"")&" "&IF(AND(E18=$S$10,F18=$V$8),A18,"")&" "&IF(AND(E19=$S$10,F19=$V$8),A19,"")&" "&IF(AND(E20=$S$10,F20=$V$8),A20,"")&" "&IF(AND(E21=$S$10,F21=$V$8),A21,"")&" "&IF(AND(E22=$S$10,F22=$V$8),A22,"")&" "&IF(AND(E23=$S$10,F23=$V$8),A23,"")&" "&IF(AND(E24=$S$10,F24=$V$8),A24,"")&" "&IF(AND(E25=$S$10,F25=$V$8),A25,"")&" "&IF(AND(E26=$S$10,F26=$V$8),A26,"")&" "&IF(AND(E27=$S$10,F27=$V$8),A27,"")&" "&IF(AND(E28=$S$10,F28=$V$8),A28,"") | N10: =+IF(AND(E9=$S$10,F9=$W$8),A9,"")&" "&IF(AND(E10=$S$10,F10=$W$8),A10,"")&" "&IF(AND(E11=$S$10,F11=$W$8),A11,"")&" "&IF(AND(E12=$S$10,F12=$W$8),A12,"")&" "&IF(AND(E13=$S$10,F13=$W$8),A13,"")&" "&IF(AND(E14=$S$10,F14=$W$8),A14,"")&" "&IF(AND(E15=$S$10,F15=$W$8),A15,"")&" "&IF(AND(E16=$S$10,F16=$W$8),A16,"")&" "&IF(AND(E17=$S$10,F17=$W$8),A17,"")&" "&IF(AND(E18=$S$10,F18=$W$8),A18,"")&" "&IF(AND(E19=$S$10,F19=$W$8),A19,"")&" "&IF(AND(E20=$S$10,F20=$W$8),A20,"")&" "&IF(AND(E21=$S$10,F21=$W$8),A21,"")&" "&IF(AND(E22=$S$10,F22=$W$8),A22,"")&" "&IF(AND(E23=$S$10,F23=$W$8),A23,"")&" "&IF(AND(E24=$S$10,F24=$W$8),A24,"")&" "&IF(AND(E25=$S$10,F25=$W$8),A25,"")&" "&IF(AND(E26=$S$10,F26=$W$8),A26,"")&" "&IF(AND(E27=$S$10,F27=$W$8),A27,"")&" "&IF(AND(E28=$S$10,F28=$W$8),A28,"") | O10: =+IF(AND(E9=$S$10,F9=$X$8),A9,"")&" "&IF(AND(E10=$S$10,F10=$X$8),A10,"")&" "&IF(AND(E11=$S$10,F11=$X$8),A11,"")&" "&IF(AND(E12=$S$10,F12=$X$8),A12,"")&" "&IF(AND(E13=$S$10,F13=$X$8),A13,"")&" "&IF(AND(E14=$S$10,F14=$X$8),A14,"")&" "&IF(AND(E15=$S$10,F15=$X$8),A15,"")&" "&IF(AND(E16=$S$10,F16=$X$8),A16,"")&" "&IF(AND(E17=$S$10,F17=$X$8),A17,"")&" "&IF(AND(E18=$S$10,F18=$X$8),A18,"")&" "&IF(AND(E19=$S$10,F19=$X$8),A19,"")&" "&IF(AND(E20=$S$10,F20=$X$8),A20,"")&" "&IF(AND(E21=$S$10,F21=$X$8),A21,"")&" "&IF(AND(E22=$S$10,F22=$X$8),A22,"")&" "&IF(AND(E23=$S$10,F23=$X$8),A23,"")&" "&IF(AND(E24=$S$10,F24=$X$8),A24,"")&" "&IF(AND(E25=$S$10,F25=$X$8),A25,"")&" "&IF(AND(E26=$S$10,F26=$X$8),A26,"")&" "&IF(AND(E27=$S$10,F27=$X$8),A27,"")&" "&IF(AND(E28=$S$10,F28=$X$8),A28,"") | R10: 0.8 | S10: Alta | T10: Moderado | U10: Moderado | V10: Alto | W10: Alto | X10: Extremo
A11: ='2 CONTEXTO E IDENTIFICACIÓN'!A11 -> R12 | B11: =+'2 CONTEXTO E IDENTIFICACIÓN'!J11 -> Posibilidad de pérdida económica y reputacional por la selección o priorización indebida de organizaciones o beneficiarios para la entrega de medios de producción y recursos de fortalecimiento, sin sujeción a los criterios técnicos de caracterización y priorización territorial. a causa de ausencia de un procedimiento formal para la entrega de medios de producción, de controles cruzados y de una segunda instancia de aprobación, lo que facilita conflictos de interés no declarados o injerencia indebida de terceros en la decisión de a qué organización se destinan los recursos. | C11: =+'5 VALORACIÓN DEL CONTROL'!T21 -> 0.0735 | D11: =+'5 VALORACIÓN DEL CONTROL'!U21 -> 1 | E11: =+IF(C11=0,"",IF(C11<=$R$13,$S$13,IF(C11<=$R$12,$S$12,IF(C11<=$R$11,$S$11,IF(C11<=$R$10,$S$10,IF(C11<=$R$9,$S$9,"")))))) -> Muy Baja | F11: =+IF(D11=0,"",IF(D11<=$T$7,$T$8,IF(D11<=$U$7,$U$8,IF(D11<=$V$7,$V$8,IF(D11<=$W$7,$W$8,IF(D11<=$X$7,$X$8,"")))))) -> Catastrófico | G11: =+IF(E11=$S$9,IF(F11=$T$8,$T$9,IF(F11=$U$8,$U$9,IF(F11=$V$8,$V$9,IF(F11=$W$8,$W$9,IF(F11=$X$8,$X$9))))),IF(E11=$S$10,IF(F11=$T$8,$T$10,IF(F11=$U$8,$U$10,IF(F11=$V$8,$V$10,IF(F11=$W$8,$W$10,IF(F11=$X$8,$X$10))))),IF(E11=$S$11,IF(F11=$T$8,$T$11,IF(F11=$U$8,$U$11,IF(F11=$V$8,$V$11,IF(F11=$W$8,$W$11,IF(F11=$X$8,$X$11))))),IF(E11=$S$12,IF(F11=$T$8,$T$12,IF(F11=$U$8,$U$12,IF(F11=$V$8,$V$12,IF(F11=$W$8,$W$12,IF(F11=$X$8,$X$12))))),IF(E11=$S$13,IF(F11=$T$8,$T$13,IF(F11=$U$8,$U$13,IF(F11=$V$8,$V$13,IF(F11=$W$8,$W$13,IF(F11=$X$8,$X$13))))),""))))) -> Extremo | J11: Media | K11: =+IF(AND(E9=$S$11,F9=$T$8),A9,"")&" "&IF(AND(E10=$S$11,F10=$T$8),A10,"")&" "&IF(AND(E11=$S$11,F11=$T$8),A11,"")&" "&IF(AND(E12=$S$11,F12=$T$8),A12,"")&" "&IF(AND(E13=$S$11,F13=$T$8),A13,"")&" "&IF(AND(E14=$S$11,F14=$T$8),A14,"")&" "&IF(AND(E15=$S$11,F15=$T$8),A15,"")&" "&IF(AND(E16=$S$11,F16=$T$8),A16,"")&" "&IF(AND(E17=$S$11,F17=$T$8),A17,"")&" "&IF(AND(E18=$S$11,F18=$T$8),A18,"")&" "&IF(AND(E19=$S$11,F19=$T$8),A19,"")&" "&IF(AND(E20=$S$11,F20=$T$8),A20,"")&" "&IF(AND(E21=$S$11,F21=$T$8),A21,"")&" "&IF(AND(E22=$S$11,F22=$T$8),A22,"")&" "&IF(AND(E23=$S$11,F23=$T$8),A23,"")&" "&IF(AND(E24=$S$11,F24=$T$8),A24,"")&" "&IF(AND(E25=$S$11,F25=$T$8),A25,"")&" "&IF(AND(E26=$S$11,F26=$T$8),A26,"")&" "&IF(AND(E27=$S$11,F27=$T$8),A27,"")&" "&IF(AND(E28=$S$11,F28=$T$8),A28,"") | L11: =+IF(AND(E9=$S$11,F9=$U$8),A9,"")&" "&IF(AND(E10=$S$11,F10=$U$8),A10,"")&" "&IF(AND(E11=$S$11,F11=$U$8),A11,"")&" "&IF(AND(E12=$S$11,F12=$U$8),A12,"")&" "&IF(AND(E13=$S$11,F13=$U$8),A13,"")&" "&IF(AND(E14=$S$11,F14=$U$8),A14,"")&" "&IF(AND(E15=$S$11,F15=$U$8),A15,"")&" "&IF(AND(E16=$S$11,F16=$U$8),A16,"")&" "&IF(AND(E17=$S$11,F17=$U$8),A17,"")&" "&IF(AND(E18=$S$11,F18=$U$8),A18,"")&" "&IF(AND(E19=$S$11,F19=$U$8),A19,"")&" "&IF(AND(E20=$S$11,F20=$U$8),A20,"")&" "&IF(AND(E21=$S$11,F21=$U$8),A21,"")&" "&IF(AND(E22=$S$11,F22=$U$8),A22,"")&" "&IF(AND(E23=$S$11,F23=$U$8),A23,"")&" "&IF(AND(E24=$S$11,F24=$U$8),A24,"")&" "&IF(AND(E25=$S$11,F25=$U$8),A25,"")&" "&IF(AND(E26=$S$11,F26=$U$8),A26,"")&" "&IF(AND(E27=$S$11,F27=$U$8),A27,"")&" "&IF(AND(E28=$S$11,F28=$U$8),A28,"") | M11: =+IF(AND(E9=$S$11,F9=$V$8),A9,"")&" "&IF(AND(E10=$S$11,F10=$V$8),A10,"")&" "&IF(AND(E11=$S$11,F11=$V$8),A11,"")&" "&IF(AND(E12=$S$11,F12=$V$8),A12,"")&" "&IF(AND(E13=$S$11,F13=$V$8),A13,"")&" "&IF(AND(E14=$S$11,F14=$V$8),A14,"")&" "&IF(AND(E15=$S$11,F15=$V$8),A15,"")&" "&IF(AND(E16=$S$11,F16=$V$8),A16,"")&" "&IF(AND(E17=$S$11,F17=$V$8),A17,"")&" "&IF(AND(E18=$S$11,F18=$V$8),A18,"")&" "&IF(AND(E19=$S$11,F19=$V$8),A19,"")&" "&IF(AND(E20=$S$11,F20=$V$8),A20,"")&" "&IF(AND(E21=$S$11,F21=$V$8),A21,"")&" "&IF(AND(E22=$S$11,F22=$V$8),A22,"")&" "&IF(AND(E23=$S$11,F23=$V$8),A23,"")&" "&IF(AND(E24=$S$11,F24=$V$8),A24,"")&" "&IF(AND(E25=$S$11,F25=$V$8),A25,"")&" "&IF(AND(E26=$S$11,F26=$V$8),A26,"")&" "&IF(AND(E27=$S$11,F27=$V$8),A27,"")&" "&IF(AND(E28=$S$11,F28=$V$8),A28,"") | N11: =+IF(AND(E9=$S$11,F9=$W$8),A9,"")&" "&IF(AND(E10=$S$11,F10=$W$8),A10,"")&" "&IF(AND(E11=$S$11,F11=$W$8),A11,"")&" "&IF(AND(E12=$S$11,F12=$W$8),A12,"")&" "&IF(AND(E13=$S$11,F13=$W$8),A13,"")&" "&IF(AND(E14=$S$11,F14=$W$8),A14,"")&" "&IF(AND(E15=$S$11,F15=$W$8),A15,"")&" "&IF(AND(E16=$S$11,F16=$W$8),A16,"")&" "&IF(AND(E17=$S$11,F17=$W$8),A17,"")&" "&IF(AND(E18=$S$11,F18=$W$8),A18,"")&" "&IF(AND(E19=$S$11,F19=$W$8),A19,"")&" "&IF(AND(E20=$S$11,F20=$W$8),A20,"")&" "&IF(AND(E21=$S$11,F21=$W$8),A21,"")&" "&IF(AND(E22=$S$11,F22=$W$8),A22,"")&" "&IF(AND(E23=$S$11,F23=$W$8),A23,"")&" "&IF(AND(E24=$S$11,F24=$W$8),A24,"")&" "&IF(AND(E25=$S$11,F25=$W$8),A25,"")&" "&IF(AND(E26=$S$11,F26=$W$8),A26,"")&" "&IF(AND(E27=$S$11,F27=$W$8),A27,"")&" "&IF(AND(E28=$S$11,F28=$W$8),A28,"") | O11: =+IF(AND(E9=$S$11,F9=$X$8),A9,"")&" "&IF(AND(E10=$S$11,F10=$X$8),A10,"")&" "&IF(AND(E11=$S$11,F11=$X$8),A11,"")&" "&IF(AND(E12=$S$11,F12=$X$8),A12,"")&" "&IF(AND(E13=$S$11,F13=$X$8),A13,"")&" "&IF(AND(E14=$S$11,F14=$X$8),A14,"")&" "&IF(AND(E15=$S$11,F15=$X$8),A15,"")&" "&IF(AND(E16=$S$11,F16=$X$8),A16,"")&" "&IF(AND(E17=$S$11,F17=$X$8),A17,"")&" "&IF(AND(E18=$S$11,F18=$X$8),A18,"")&" "&IF(AND(E19=$S$11,F19=$X$8),A19,"")&" "&IF(AND(E20=$S$11,F20=$X$8),A20,"")&" "&IF(AND(E21=$S$11,F21=$X$8),A21,"")&" "&IF(AND(E22=$S$11,F22=$X$8),A22,"")&" "&IF(AND(E23=$S$11,F23=$X$8),A23,"")&" "&IF(AND(E24=$S$11,F24=$X$8),A24,"")&" "&IF(AND(E25=$S$11,F25=$X$8),A25,"")&" "&IF(AND(E26=$S$11,F26=$X$8),A26,"")&" "&IF(AND(E27=$S$11,F27=$X$8),A27,"")&" "&IF(AND(E28=$S$11,F28=$X$8),A28,"") | R11: 0.6 | S11: Media | T11: Moderado | U11: Moderado | V11: Moderado | W11: Alto | X11: Extremo
A12: ='2 CONTEXTO E IDENTIFICACIÓN'!A12 -> R13 | B12: =+'2 CONTEXTO E IDENTIFICACIÓN'!J12 -> Posibilidad de afectación económica y reputacional por registros incompletos, inconsistentes o inoportunos de los avances, indicadores y resultados del proceso de Fomento de la Asociatividad Solidaria en los sistemas de información y reportes a Planeación. a causa de deficiencias en el registro, control documental y seguimiento de la información reportada por los gestores territoriales, y a la falta de una fuente única y verificada de datos del proceso. | C12: =+'5 VALORACIÓN DEL CONTROL'!T27 -> 0.21 | D12: =+'5 VALORACIÓN DEL CONTROL'!U27 -> 0.28 | E12: =+IF(C12=0,"",IF(C12<=$R$13,$S$13,IF(C12<=$R$12,$S$12,IF(C12<=$R$11,$S$11,IF(C12<=$R$10,$S$10,IF(C12<=$R$9,$S$9,"")))))) -> Baja | F12: =+IF(D12=0,"",IF(D12<=$T$7,$T$8,IF(D12<=$U$7,$U$8,IF(D12<=$V$7,$V$8,IF(D12<=$W$7,$W$8,IF(D12<=$X$7,$X$8,"")))))) -> Menor | G12: =+IF(E12=$S$9,IF(F12=$T$8,$T$9,IF(F12=$U$8,$U$9,IF(F12=$V$8,$V$9,IF(F12=$W$8,$W$9,IF(F12=$X$8,$X$9))))),IF(E12=$S$10,IF(F12=$T$8,$T$10,IF(F12=$U$8,$U$10,IF(F12=$V$8,$V$10,IF(F12=$W$8,$W$10,IF(F12=$X$8,$X$10))))),IF(E12=$S$11,IF(F12=$T$8,$T$11,IF(F12=$U$8,$U$11,IF(F12=$V$8,$V$11,IF(F12=$W$8,$W$11,IF(F12=$X$8,$X$11))))),IF(E12=$S$12,IF(F12=$T$8,$T$12,IF(F12=$U$8,$U$12,IF(F12=$V$8,$V$12,IF(F12=$W$8,$W$12,IF(F12=$X$8,$X$12))))),IF(E12=$S$13,IF(F12=$T$8,$T$13,IF(F12=$U$8,$U$13,IF(F12=$V$8,$V$13,IF(F12=$W$8,$W$13,IF(F12=$X$8,$X$13))))),""))))) -> Moderado | J12: Baja | K12: =+IF(AND(E9=$S$12,F9=$T$8),A9,"")&" "&IF(AND(E10=$S$12,F10=$T$8),A10,"")&" "&IF(AND(E11=$S$12,F11=$T$8),A11,"")&" "&IF(AND(E12=$S$12,F12=$T$8),A12,"")&" "&IF(AND(E13=$S$12,F13=$T$8),A13,"")&" "&IF(AND(E14=$S$12,F14=$T$8),A14,"")&" "&IF(AND(E15=$S$12,F15=$T$8),A15,"")&" "&IF(AND(E16=$S$12,F16=$T$8),A16,"")&" "&IF(AND(E17=$S$12,F17=$T$8),A17,"")&" "&IF(AND(E18=$S$12,F18=$T$8),A18,"")&" "&IF(AND(E19=$S$12,F19=$T$8),A19,"")&" "&IF(AND(E20=$S$12,F20=$T$8),A20,"")&" "&IF(AND(E21=$S$12,F21=$T$8),A21,"")&" "&IF(AND(E22=$S$12,F22=$T$8),A22,"")&" "&IF(AND(E23=$S$12,F23=$T$8),A23,"")&" "&IF(AND(E24=$S$12,F24=$T$8),A24,"")&" "&IF(AND(E25=$S$12,F25=$T$8),A25,"")&" "&IF(AND(E26=$S$12,F26=$T$8),A26,"")&" "&IF(AND(E27=$S$12,F27=$T$8),A27,"")&" "&IF(AND(E28=$S$12,F28=$T$8),A28,"") | L12: =+IF(AND(E9=$S$12,F9=$U$8),A9,"")&" "&IF(AND(E10=$S$12,F10=$U$8),A10,"")&" "&IF(AND(E11=$S$12,F11=$U$8),A11,"")&" "&IF(AND(E12=$S$12,F12=$U$8),A12,"")&" "&IF(AND(E13=$S$12,F13=$U$8),A13,"")&" "&IF(AND(E14=$S$12,F14=$U$8),A14,"")&" "&IF(AND(E15=$S$12,F15=$U$8),A15,"")&" "&IF(AND(E16=$S$12,F16=$U$8),A16,"")&" "&IF(AND(E17=$S$12,F17=$U$8),A17,"")&" "&IF(AND(E18=$S$12,F18=$U$8),A18,"")&" "&IF(AND(E19=$S$12,F19=$U$8),A19,"")&" "&IF(AND(E20=$S$12,F20=$U$8),A20,"")&" "&IF(AND(E21=$S$12,F21=$U$8),A21,"")&" "&IF(AND(E22=$S$12,F22=$U$8),A22,"")&" "&IF(AND(E23=$S$12,F23=$U$8),A23,"")&" "&IF(AND(E24=$S$12,F24=$U$8),A24,"")&" "&IF(AND(E25=$S$12,F25=$U$8),A25,"")&" "&IF(AND(E26=$S$12,F26=$U$8),A26,"")&" "&IF(AND(E27=$S$12,F27=$U$8),A27,"")&" "&IF(AND(E28=$S$12,F28=$U$8),A28,"") -> R13 | M12: =+IF(AND(E9=$S$12,F9=$V$8),A9,"")&" "&IF(AND(E10=$S$12,F10=$V$8),A10,"")&" "&IF(AND(E11=$S$12,F11=$V$8),A11,"")&" "&IF(AND(E12=$S$12,F12=$V$8),A12,"")&" "&IF(AND(E13=$S$12,F13=$V$8),A13,"")&" "&IF(AND(E14=$S$12,F14=$V$8),A14,"")&" "&IF(AND(E15=$S$12,F15=$V$8),A15,"")&" "&IF(AND(E16=$S$12,F16=$V$8),A16,"")&" "&IF(AND(E17=$S$12,F17=$V$8),A17,"")&" "&IF(AND(E18=$S$12,F18=$V$8),A18,"")&" "&IF(AND(E19=$S$12,F19=$V$8),A19,"")&" "&IF(AND(E20=$S$12,F20=$V$8),A20,"")&" "&IF(AND(E21=$S$12,F21=$V$8),A21,"")&" "&IF(AND(E22=$S$12,F22=$V$8),A22,"")&" "&IF(AND(E23=$S$12,F23=$V$8),A23,"")&" "&IF(AND(E24=$S$12,F24=$V$8),A24,"")&" "&IF(AND(E25=$S$12,F25=$V$8),A25,"")&" "&IF(AND(E26=$S$12,F26=$V$8),A26,"")&" "&IF(AND(E27=$S$12,F27=$V$8),A27,"")&" "&IF(AND(E28=$S$12,F28=$V$8),A28,"") | N12: =+IF(AND(E9=$S$12,F9=$W$8),A9,"")&" "&IF(AND(E10=$S$12,F10=$W$8),A10,"")&" "&IF(AND(E11=$S$12,F11=$W$8),A11,"")&" "&IF(AND(E12=$S$12,F12=$W$8),A12,"")&" "&IF(AND(E13=$S$12,F13=$W$8),A13,"")&" "&IF(AND(E14=$S$12,F14=$W$8),A14,"")&" "&IF(AND(E15=$S$12,F15=$W$8),A15,"")&" "&IF(AND(E16=$S$12,F16=$W$8),A16,"")&" "&IF(AND(E17=$S$12,F17=$W$8),A17,"")&" "&IF(AND(E18=$S$12,F18=$W$8),A18,"")&" "&IF(AND(E19=$S$12,F19=$W$8),A19,"")&" "&IF(AND(E20=$S$12,F20=$W$8),A20,"")&" "&IF(AND(E21=$S$12,F21=$W$8),A21,"")&" "&IF(AND(E22=$S$12,F22=$W$8),A22,"")&" "&IF(AND(E23=$S$12,F23=$W$8),A23,"")&" "&IF(AND(E24=$S$12,F24=$W$8),A24,"")&" "&IF(AND(E25=$S$12,F25=$W$8),A25,"")&" "&IF(AND(E26=$S$12,F26=$W$8),A26,"")&" "&IF(AND(E27=$S$12,F27=$W$8),A27,"")&" "&IF(AND(E28=$S$12,F28=$W$8),A28,"") | O12: =+IF(AND(E9=$S$12,F9=$X$8),A9,"")&" "&IF(AND(E10=$S$12,F10=$X$8),A10,"")&" "&IF(AND(E11=$S$12,F11=$X$8),A11,"")&" "&IF(AND(E12=$S$12,F12=$X$8),A12,"")&" "&IF(AND(E13=$S$12,F13=$X$8),A13,"")&" "&IF(AND(E14=$S$12,F14=$X$8),A14,"")&" "&IF(AND(E15=$S$12,F15=$X$8),A15,"")&" "&IF(AND(E16=$S$12,F16=$X$8),A16,"")&" "&IF(AND(E17=$S$12,F17=$X$8),A17,"")&" "&IF(AND(E18=$S$12,F18=$X$8),A18,"")&" "&IF(AND(E19=$S$12,F19=$X$8),A19,"")&" "&IF(AND(E20=$S$12,F20=$X$8),A20,"")&" "&IF(AND(E21=$S$12,F21=$X$8),A21,"")&" "&IF(AND(E22=$S$12,F22=$X$8),A22,"")&" "&IF(AND(E23=$S$12,F23=$X$8),A23,"")&" "&IF(AND(E24=$S$12,F24=$X$8),A24,"")&" "&IF(AND(E25=$S$12,F25=$X$8),A25,"")&" "&IF(AND(E26=$S$12,F26=$X$8),A26,"")&" "&IF(AND(E27=$S$12,F27=$X$8),A27,"")&" "&IF(AND(E28=$S$12,F28=$X$8),A28,"") | R12: 0.4 | S12: Baja | T12: Bajo | U12: Moderado | V12: Moderado | W12: Alto | X12: Extremo
A13: ='2 CONTEXTO E IDENTIFICACIÓN'!A13 -> 0 | B13: =+'2 CONTEXTO E IDENTIFICACIÓN'!J13 -> 0 | C13: =+'5 VALORACIÓN DEL CONTROL'!T37 -> 0 | D13: =+'5 VALORACIÓN DEL CONTROL'!U37 -> 0 | E13: =+IF(C13=0,"",IF(C13<=$R$13,$S$13,IF(C13<=$R$12,$S$12,IF(C13<=$R$11,$S$11,IF(C13<=$R$10,$S$10,IF(C13<=$R$9,$S$9,"")))))) | F13: =+IF(D13=0,"",IF(D13<=$T$7,$T$8,IF(D13<=$U$7,$U$8,IF(D13<=$V$7,$V$8,IF(D13<=$W$7,$W$8,IF(D13<=$X$7,$X$8,"")))))) | G13: =+IF(E13=$S$9,IF(F13=$T$8,$T$9,IF(F13=$U$8,$U$9,IF(F13=$V$8,$V$9,IF(F13=$W$8,$W$9,IF(F13=$X$8,$X$9))))),IF(E13=$S$10,IF(F13=$T$8,$T$10,IF(F13=$U$8,$U$10,IF(F13=$V$8,$V$10,IF(F13=$W$8,$W$10,IF(F13=$X$8,$X$10))))),IF(E13=$S$11,IF(F13=$T$8,$T$11,IF(F13=$U$8,$U$11,IF(F13=$V$8,$V$11,IF(F13=$W$8,$W$11,IF(F13=$X$8,$X$11))))),IF(E13=$S$12,IF(F13=$T$8,$T$12,IF(F13=$U$8,$U$12,IF(F13=$V$8,$V$12,IF(F13=$W$8,$W$12,IF(F13=$X$8,$X$12))))),IF(E13=$S$13,IF(F13=$T$8,$T$13,IF(F13=$U$8,$U$13,IF(F13=$V$8,$V$13,IF(F13=$W$8,$W$13,IF(F13=$X$8,$X$13))))),""))))) | J13: Muy Baja | K13: =+IF(AND(E9=$S$13,F9=$T$8),A9,"")&" "&IF(AND(E10=$S$13,F10=$T$8),A10,"")&" "&IF(AND(E11=$S$13,F11=$T$8),A11,"")&" "&IF(AND(E12=$S$13,F12=$T$8),A12,"")&" "&IF(AND(E13=$S$13,F13=$T$8),A13,"")&" "&IF(AND(E14=$S$13,F14=$T$8),A14,"")&" "&IF(AND(E15=$S$13,F15=$T$8),A15,"")&" "&IF(AND(E16=$S$13,F16=$T$8),A16,"")&" "&IF(AND(E17=$S$13,F17=$T$8),A17,"")&" "&IF(AND(E18=$S$13,F18=$T$8),A18,"")&" "&IF(AND(E19=$S$13,F19=$T$8),A19,"")&" "&IF(AND(E20=$S$13,F20=$T$8),A20,"")&" "&IF(AND(E21=$S$13,F21=$T$8),A21,"")&" "&IF(AND(E22=$S$13,F22=$T$8),A22,"")&" "&IF(AND(E23=$S$13,F23=$T$8),A23,"")&" "&IF(AND(E24=$S$13,F24=$T$8),A24,"")&" "&IF(AND(E25=$S$13,F25=$T$8),A25,"")&" "&IF(AND(E26=$S$13,F26=$T$8),A26,"")&" "&IF(AND(E27=$S$13,F27=$T$8),A27,"")&" "&IF(AND(E28=$S$13,F28=$T$8),A28,"") | L13: =+IF(AND(E9=$S$13,F9=$U$8),A9,"")&" "&IF(AND(E10=$S$13,F10=$U$8),A10,"")&" "&IF(AND(E11=$S$13,F11=$U$8),A11,"")&" "&IF(AND(E12=$S$13,F12=$U$8),A12,"")&" "&IF(AND(E13=$S$13,F13=$U$8),A13,"")&" "&IF(AND(E14=$S$13,F14=$U$8),A14,"")&" "&IF(AND(E15=$S$13,F15=$U$8),A15,"")&" "&IF(AND(E16=$S$13,F16=$U$8),A16,"")&" "&IF(AND(E17=$S$13,F17=$U$8),A17,"")&" "&IF(AND(E18=$S$13,F18=$U$8),A18,"")&" "&IF(AND(E19=$S$13,F19=$U$8),A19,"")&" "&IF(AND(E20=$S$13,F20=$U$8),A20,"")&" "&IF(AND(E21=$S$13,F21=$U$8),A21,"")&" "&IF(AND(E22=$S$13,F22=$U$8),A22,"")&" "&IF(AND(E23=$S$13,F23=$U$8),A23,"")&" "&IF(AND(E24=$S$13,F24=$U$8),A24,"")&" "&IF(AND(E25=$S$13,F25=$U$8),A25,"")&" "&IF(AND(E26=$S$13,F26=$U$8),A26,"")&" "&IF(AND(E27=$S$13,F27=$U$8),A27,"")&" "&IF(AND(E28=$S$13,F28=$U$8),A28,"") | M13: =+IF(AND(E9=$S$13,F9=$V$8),A9,"")&" "&IF(AND(E10=$S$13,F10=$V$8),A10,"")&" "&IF(AND(E11=$S$13,F11=$V$8),A11,"")&" "&IF(AND(E12=$S$13,F12=$V$8),A12,"")&" "&IF(AND(E13=$S$13,F13=$V$8),A13,"")&" "&IF(AND(E14=$S$13,F14=$V$8),A14,"")&" "&IF(AND(E15=$S$13,F15=$V$8),A15,"")&" "&IF(AND(E16=$S$13,F16=$V$8),A16,"")&" "&IF(AND(E17=$S$13,F17=$V$8),A17,"")&" "&IF(AND(E18=$S$13,F18=$V$8),A18,"")&" "&IF(AND(E19=$S$13,F19=$V$8),A19,"")&" "&IF(AND(E20=$S$13,F20=$V$8),A20,"")&" "&IF(AND(E21=$S$13,F21=$V$8),A21,"")&" "&IF(AND(E22=$S$13,F22=$V$8),A22,"")&" "&IF(AND(E23=$S$13,F23=$V$8),A23,"")&" "&IF(AND(E24=$S$13,F24=$V$8),A24,"")&" "&IF(AND(E25=$S$13,F25=$V$8),A25,"")&" "&IF(AND(E26=$S$13,F26=$V$8),A26,"")&" "&IF(AND(E27=$S$13,F27=$V$8),A27,"")&" "&IF(AND(E28=$S$13,F28=$V$8),A28,"") | N13: =+IF(AND(E9=$S$13,F9=$W$8),A9,"")&" "&IF(AND(E10=$S$13,F10=$W$8),A10,"")&" "&IF(AND(E11=$S$13,F11=$W$8),A11,"")&" "&IF(AND(E12=$S$13,F12=$W$8),A12,"")&" "&IF(AND(E13=$S$13,F13=$W$8),A13,"")&" "&IF(AND(E14=$S$13,F14=$W$8),A14,"")&" "&IF(AND(E15=$S$13,F15=$W$8),A15,"")&" "&IF(AND(E16=$S$13,F16=$W$8),A16,"")&" "&IF(AND(E17=$S$13,F17=$W$8),A17,"")&" "&IF(AND(E18=$S$13,F18=$W$8),A18,"")&" "&IF(AND(E19=$S$13,F19=$W$8),A19,"")&" "&IF(AND(E20=$S$13,F20=$W$8),A20,"")&" "&IF(AND(E21=$S$13,F21=$W$8),A21,"")&" "&IF(AND(E22=$S$13,F22=$W$8),A22,"")&" "&IF(AND(E23=$S$13,F23=$W$8),A23,"")&" "&IF(AND(E24=$S$13,F24=$W$8),A24,"")&" "&IF(AND(E25=$S$13,F25=$W$8),A25,"")&" "&IF(AND(E26=$S$13,F26=$W$8),A26,"")&" "&IF(AND(E27=$S$13,F27=$W$8),A27,"")&" "&IF(AND(E28=$S$13,F28=$W$8),A28,"") -> R10 R11 | O13: =+IF(AND(E9=$S$13,F9=$X$8),A9,"")&" "&IF(AND(E10=$S$13,F10=$X$8),A10,"")&" "&IF(AND(E11=$S$13,F11=$X$8),A11,"")&" "&IF(AND(E12=$S$13,F12=$X$8),A12,"")&" "&IF(AND(E13=$S$13,F13=$X$8),A13,"")&" "&IF(AND(E14=$S$13,F14=$X$8),A14,"")&" "&IF(AND(E15=$S$13,F15=$X$8),A15,"")&" "&IF(AND(E16=$S$13,F16=$X$8),A16,"")&" "&IF(AND(E17=$S$13,F17=$X$8),A17,"")&" "&IF(AND(E18=$S$13,F18=$X$8),A18,"")&" "&IF(AND(E19=$S$13,F19=$X$8),A19,"")&" "&IF(AND(E20=$S$13,F20=$X$8),A20,"")&" "&IF(AND(E21=$S$13,F21=$X$8),A21,"")&" "&IF(AND(E22=$S$13,F22=$X$8),A22,"")&" "&IF(AND(E23=$S$13,F23=$X$8),A23,"")&" "&IF(AND(E24=$S$13,F24=$X$8),A24,"")&" "&IF(AND(E25=$S$13,F25=$X$8),A25,"")&" "&IF(AND(E26=$S$13,F26=$X$8),A26,"")&" "&IF(AND(E27=$S$13,F27=$X$8),A27,"")&" "&IF(AND(E28=$S$13,F28=$X$8),A28,"") -> R12 | R13: 0.2 | S13: Muy Baja | T13: Bajo | U13: Bajo | V13: Moderado | W13: Alto | X13: Extremo
A14: ='2 CONTEXTO E IDENTIFICACIÓN'!A14 -> 0 | B14: =+'2 CONTEXTO E IDENTIFICACIÓN'!J14 -> 0 | C14: =+'5 VALORACIÓN DEL CONTROL'!T43 -> 0 | D14: =+'5 VALORACIÓN DEL CONTROL'!U43 -> 0 | E14: =+IF(C14=0,"",IF(C14<=$R$13,$S$13,IF(C14<=$R$12,$S$12,IF(C14<=$R$11,$S$11,IF(C14<=$R$10,$S$10,IF(C14<=$R$9,$S$9,"")))))) | F14: =+IF(D14=0,"",IF(D14<=$T$7,$T$8,IF(D14<=$U$7,$U$8,IF(D14<=$V$7,$V$8,IF(D14<=$W$7,$W$8,IF(D14<=$X$7,$X$8,"")))))) | G14: =+IF(E14=$S$9,IF(F14=$T$8,$T$9,IF(F14=$U$8,$U$9,IF(F14=$V$8,$V$9,IF(F14=$W$8,$W$9,IF(F14=$X$8,$X$9))))),IF(E14=$S$10,IF(F14=$T$8,$T$10,IF(F14=$U$8,$U$10,IF(F14=$V$8,$V$10,IF(F14=$W$8,$W$10,IF(F14=$X$8,$X$10))))),IF(E14=$S$11,IF(F14=$T$8,$T$11,IF(F14=$U$8,$U$11,IF(F14=$V$8,$V$11,IF(F14=$W$8,$W$11,IF(F14=$X$8,$X$11))))),IF(E14=$S$12,IF(F14=$T$8,$T$12,IF(F14=$U$8,$U$12,IF(F14=$V$8,$V$12,IF(F14=$W$8,$W$12,IF(F14=$X$8,$X$12))))),IF(E14=$S$13,IF(F14=$T$8,$T$13,IF(F14=$U$8,$U$13,IF(F14=$V$8,$V$13,IF(F14=$W$8,$W$13,IF(F14=$X$8,$X$13))))),"")))))
A15: ='2 CONTEXTO E IDENTIFICACIÓN'!A15 -> 0 | B15: =+'2 CONTEXTO E IDENTIFICACIÓN'!J15 -> 0 | C15: =+'5 VALORACIÓN DEL CONTROL'!T49 -> 0 | D15: =+'5 VALORACIÓN DEL CONTROL'!U49 -> 0 | E15: =+IF(C15=0,"",IF(C15<=$R$13,$S$13,IF(C15<=$R$12,$S$12,IF(C15<=$R$11,$S$11,IF(C15<=$R$10,$S$10,IF(C15<=$R$9,$S$9,"")))))) | F15: =+IF(D15=0,"",IF(D15<=$T$7,$T$8,IF(D15<=$U$7,$U$8,IF(D15<=$V$7,$V$8,IF(D15<=$W$7,$W$8,IF(D15<=$X$7,$X$8,"")))))) | G15: =+IF(E15=$S$9,IF(F15=$T$8,$T$9,IF(F15=$U$8,$U$9,IF(F15=$V$8,$V$9,IF(F15=$W$8,$W$9,IF(F15=$X$8,$X$9))))),IF(E15=$S$10,IF(F15=$T$8,$T$10,IF(F15=$U$8,$U$10,IF(F15=$V$8,$V$10,IF(F15=$W$8,$W$10,IF(F15=$X$8,$X$10))))),IF(E15=$S$11,IF(F15=$T$8,$T$11,IF(F15=$U$8,$U$11,IF(F15=$V$8,$V$11,IF(F15=$W$8,$W$11,IF(F15=$X$8,$X$11))))),IF(E15=$S$12,IF(F15=$T$8,$T$12,IF(F15=$U$8,$U$12,IF(F15=$V$8,$V$12,IF(F15=$W$8,$W$12,IF(F15=$X$8,$X$12))))),IF(E15=$S$13,IF(F15=$T$8,$T$13,IF(F15=$U$8,$U$13,IF(F15=$V$8,$V$13,IF(F15=$W$8,$W$13,IF(F15=$X$8,$X$13))))),""))))) | T15: NIVELES DE RIESGO
A16: ='2 CONTEXTO E IDENTIFICACIÓN'!A16 -> 0 | B16: =+'2 CONTEXTO E IDENTIFICACIÓN'!J16 -> 0 | C16: =+'5 VALORACIÓN DEL CONTROL'!T55 -> 0 | D16: =+'5 VALORACIÓN DEL CONTROL'!U55 -> 0 | E16: =+IF(C16=0,"",IF(C16<=$R$13,$S$13,IF(C16<=$R$12,$S$12,IF(C16<=$R$11,$S$11,IF(C16<=$R$10,$S$10,IF(C16<=$R$9,$S$9,"")))))) | F16: =+IF(D16=0,"",IF(D16<=$T$7,$T$8,IF(D16<=$U$7,$U$8,IF(D16<=$V$7,$V$8,IF(D16<=$W$7,$W$8,IF(D16<=$X$7,$X$8,"")))))) | G16: =+IF(E16=$S$9,IF(F16=$T$8,$T$9,IF(F16=$U$8,$U$9,IF(F16=$V$8,$V$9,IF(F16=$W$8,$W$9,IF(F16=$X$8,$X$9))))),IF(E16=$S$10,IF(F16=$T$8,$T$10,IF(F16=$U$8,$U$10,IF(F16=$V$8,$V$10,IF(F16=$W$8,$W$10,IF(F16=$X$8,$X$10))))),IF(E16=$S$11,IF(F16=$T$8,$T$11,IF(F16=$U$8,$U$11,IF(F16=$V$8,$V$11,IF(F16=$W$8,$W$11,IF(F16=$X$8,$X$11))))),IF(E16=$S$12,IF(F16=$T$8,$T$12,IF(F16=$U$8,$U$12,IF(F16=$V$8,$V$12,IF(F16=$W$8,$W$12,IF(F16=$X$8,$X$12))))),IF(E16=$S$13,IF(F16=$T$8,$T$13,IF(F16=$U$8,$U$13,IF(F16=$V$8,$V$13,IF(F16=$W$8,$W$13,IF(F16=$X$8,$X$13))))),""))))) | T16: Extremo
A17: ='2 CONTEXTO E IDENTIFICACIÓN'!A17 -> 0 | B17: =+'2 CONTEXTO E IDENTIFICACIÓN'!J17 -> 0 | C17: =+'5 VALORACIÓN DEL CONTROL'!T61 -> 0 | D17: =+'5 VALORACIÓN DEL CONTROL'!U61 -> 0 | E17: =+IF(C17=0,"",IF(C17<=$R$13,$S$13,IF(C17<=$R$12,$S$12,IF(C17<=$R$11,$S$11,IF(C17<=$R$10,$S$10,IF(C17<=$R$9,$S$9,"")))))) | F17: =+IF(D17=0,"",IF(D17<=$T$7,$T$8,IF(D17<=$U$7,$U$8,IF(D17<=$V$7,$V$8,IF(D17<=$W$7,$W$8,IF(D17<=$X$7,$X$8,"")))))) | G17: =+IF(E17=$S$9,IF(F17=$T$8,$T$9,IF(F17=$U$8,$U$9,IF(F17=$V$8,$V$9,IF(F17=$W$8,$W$9,IF(F17=$X$8,$X$9))))),IF(E17=$S$10,IF(F17=$T$8,$T$10,IF(F17=$U$8,$U$10,IF(F17=$V$8,$V$10,IF(F17=$W$8,$W$10,IF(F17=$X$8,$X$10))))),IF(E17=$S$11,IF(F17=$T$8,$T$11,IF(F17=$U$8,$U$11,IF(F17=$V$8,$V$11,IF(F17=$W$8,$W$11,IF(F17=$X$8,$X$11))))),IF(E17=$S$12,IF(F17=$T$8,$T$12,IF(F17=$U$8,$U$12,IF(F17=$V$8,$V$12,IF(F17=$W$8,$W$12,IF(F17=$X$8,$X$12))))),IF(E17=$S$13,IF(F17=$T$8,$T$13,IF(F17=$U$8,$U$13,IF(F17=$V$8,$V$13,IF(F17=$W$8,$W$13,IF(F17=$X$8,$X$13))))),""))))) | T17: Alto
A18: ='2 CONTEXTO E IDENTIFICACIÓN'!A18 -> 0 | B18: =+'2 CONTEXTO E IDENTIFICACIÓN'!J18 -> 0 | C18: =+'5 VALORACIÓN DEL CONTROL'!T67 -> 0 | D18: =+'5 VALORACIÓN DEL CONTROL'!U67 -> 0 | E18: =+IF(C18=0,"",IF(C18<=$R$13,$S$13,IF(C18<=$R$12,$S$12,IF(C18<=$R$11,$S$11,IF(C18<=$R$10,$S$10,IF(C18<=$R$9,$S$9,"")))))) | F18: =+IF(D18=0,"",IF(D18<=$T$7,$T$8,IF(D18<=$U$7,$U$8,IF(D18<=$V$7,$V$8,IF(D18<=$W$7,$W$8,IF(D18<=$X$7,$X$8,"")))))) | G18: =+IF(E18=$S$9,IF(F18=$T$8,$T$9,IF(F18=$U$8,$U$9,IF(F18=$V$8,$V$9,IF(F18=$W$8,$W$9,IF(F18=$X$8,$X$9))))),IF(E18=$S$10,IF(F18=$T$8,$T$10,IF(F18=$U$8,$U$10,IF(F18=$V$8,$V$10,IF(F18=$W$8,$W$10,IF(F18=$X$8,$X$10))))),IF(E18=$S$11,IF(F18=$T$8,$T$11,IF(F18=$U$8,$U$11,IF(F18=$V$8,$V$11,IF(F18=$W$8,$W$11,IF(F18=$X$8,$X$11))))),IF(E18=$S$12,IF(F18=$T$8,$T$12,IF(F18=$U$8,$U$12,IF(F18=$V$8,$V$12,IF(F18=$W$8,$W$12,IF(F18=$X$8,$X$12))))),IF(E18=$S$13,IF(F18=$T$8,$T$13,IF(F18=$U$8,$U$13,IF(F18=$V$8,$V$13,IF(F18=$W$8,$W$13,IF(F18=$X$8,$X$13))))),""))))) | T18: Moderado
A19: ='2 CONTEXTO E IDENTIFICACIÓN'!A19 -> 0 | B19: =+'2 CONTEXTO E IDENTIFICACIÓN'!J19 -> 0 | C19: =+'5 VALORACIÓN DEL CONTROL'!T73 -> 0 | D19: =+'5 VALORACIÓN DEL CONTROL'!U73 -> 0 | E19: =+IF(C19=0,"",IF(C19<=$R$13,$S$13,IF(C19<=$R$12,$S$12,IF(C19<=$R$11,$S$11,IF(C19<=$R$10,$S$10,IF(C19<=$R$9,$S$9,"")))))) | F19: =+IF(D19=0,"",IF(D19<=$T$7,$T$8,IF(D19<=$U$7,$U$8,IF(D19<=$V$7,$V$8,IF(D19<=$W$7,$W$8,IF(D19<=$X$7,$X$8,"")))))) | G19: =+IF(E19=$S$9,IF(F19=$T$8,$T$9,IF(F19=$U$8,$U$9,IF(F19=$V$8,$V$9,IF(F19=$W$8,$W$9,IF(F19=$X$8,$X$9))))),IF(E19=$S$10,IF(F19=$T$8,$T$10,IF(F19=$U$8,$U$10,IF(F19=$V$8,$V$10,IF(F19=$W$8,$W$10,IF(F19=$X$8,$X$10))))),IF(E19=$S$11,IF(F19=$T$8,$T$11,IF(F19=$U$8,$U$11,IF(F19=$V$8,$V$11,IF(F19=$W$8,$W$11,IF(F19=$X$8,$X$11))))),IF(E19=$S$12,IF(F19=$T$8,$T$12,IF(F19=$U$8,$U$12,IF(F19=$V$8,$V$12,IF(F19=$W$8,$W$12,IF(F19=$X$8,$X$12))))),IF(E19=$S$13,IF(F19=$T$8,$T$13,IF(F19=$U$8,$U$13,IF(F19=$V$8,$V$13,IF(F19=$W$8,$W$13,IF(F19=$X$8,$X$13))))),""))))) | T19: Bajo
A20: ='2 CONTEXTO E IDENTIFICACIÓN'!A20 -> 0 | B20: =+'2 CONTEXTO E IDENTIFICACIÓN'!J20 -> 0 | C20: =+'5 VALORACIÓN DEL CONTROL'!T79 -> 0 | D20: =+'5 VALORACIÓN DEL CONTROL'!U79 -> 0 | E20: =+IF(C20=0,"",IF(C20<=$R$13,$S$13,IF(C20<=$R$12,$S$12,IF(C20<=$R$11,$S$11,IF(C20<=$R$10,$S$10,IF(C20<=$R$9,$S$9,"")))))) | F20: =+IF(D20=0,"",IF(D20<=$T$7,$T$8,IF(D20<=$U$7,$U$8,IF(D20<=$V$7,$V$8,IF(D20<=$W$7,$W$8,IF(D20<=$X$7,$X$8,"")))))) | G20: =+IF(E20=$S$9,IF(F20=$T$8,$T$9,IF(F20=$U$8,$U$9,IF(F20=$V$8,$V$9,IF(F20=$W$8,$W$9,IF(F20=$X$8,$X$9))))),IF(E20=$S$10,IF(F20=$T$8,$T$10,IF(F20=$U$8,$U$10,IF(F20=$V$8,$V$10,IF(F20=$W$8,$W$10,IF(F20=$X$8,$X$10))))),IF(E20=$S$11,IF(F20=$T$8,$T$11,IF(F20=$U$8,$U$11,IF(F20=$V$8,$V$11,IF(F20=$W$8,$W$11,IF(F20=$X$8,$X$11))))),IF(E20=$S$12,IF(F20=$T$8,$T$12,IF(F20=$U$8,$U$12,IF(F20=$V$8,$V$12,IF(F20=$W$8,$W$12,IF(F20=$X$8,$X$12))))),IF(E20=$S$13,IF(F20=$T$8,$T$13,IF(F20=$U$8,$U$13,IF(F20=$V$8,$V$13,IF(F20=$W$8,$W$13,IF(F20=$X$8,$X$13))))),"")))))
A21: ='2 CONTEXTO E IDENTIFICACIÓN'!A21 -> 0 | B21: =+'2 CONTEXTO E IDENTIFICACIÓN'!J21 -> 0 | C21: =+'5 VALORACIÓN DEL CONTROL'!T85 -> 0 | D21: =+'5 VALORACIÓN DEL CONTROL'!U85 -> 0 | E21: =+IF(C21=0,"",IF(C21<=$R$13,$S$13,IF(C21<=$R$12,$S$12,IF(C21<=$R$11,$S$11,IF(C21<=$R$10,$S$10,IF(C21<=$R$9,$S$9,"")))))) | F21: =+IF(D21=0,"",IF(D21<=$T$7,$T$8,IF(D21<=$U$7,$U$8,IF(D21<=$V$7,$V$8,IF(D21<=$W$7,$W$8,IF(D21<=$X$7,$X$8,"")))))) | G21: =+IF(E21=$S$9,IF(F21=$T$8,$T$9,IF(F21=$U$8,$U$9,IF(F21=$V$8,$V$9,IF(F21=$W$8,$W$9,IF(F21=$X$8,$X$9))))),IF(E21=$S$10,IF(F21=$T$8,$T$10,IF(F21=$U$8,$U$10,IF(F21=$V$8,$V$10,IF(F21=$W$8,$W$10,IF(F21=$X$8,$X$10))))),IF(E21=$S$11,IF(F21=$T$8,$T$11,IF(F21=$U$8,$U$11,IF(F21=$V$8,$V$11,IF(F21=$W$8,$W$11,IF(F21=$X$8,$X$11))))),IF(E21=$S$12,IF(F21=$T$8,$T$12,IF(F21=$U$8,$U$12,IF(F21=$V$8,$V$12,IF(F21=$W$8,$W$12,IF(F21=$X$8,$X$12))))),IF(E21=$S$13,IF(F21=$T$8,$T$13,IF(F21=$U$8,$U$13,IF(F21=$V$8,$V$13,IF(F21=$W$8,$W$13,IF(F21=$X$8,$X$13))))),"")))))
A22: ='2 CONTEXTO E IDENTIFICACIÓN'!A22 -> 0 | B22: =+'2 CONTEXTO E IDENTIFICACIÓN'!J22 -> 0 | C22: =+'5 VALORACIÓN DEL CONTROL'!T91 -> 0 | D22: =+'5 VALORACIÓN DEL CONTROL'!U91 -> 0 | E22: =+IF(C22=0,"",IF(C22<=$R$13,$S$13,IF(C22<=$R$12,$S$12,IF(C22<=$R$11,$S$11,IF(C22<=$R$10,$S$10,IF(C22<=$R$9,$S$9,"")))))) | F22: =+IF(D22=0,"",IF(D22<=$T$7,$T$8,IF(D22<=$U$7,$U$8,IF(D22<=$V$7,$V$8,IF(D22<=$W$7,$W$8,IF(D22<=$X$7,$X$8,"")))))) | G22: =+IF(E22=$S$9,IF(F22=$T$8,$T$9,IF(F22=$U$8,$U$9,IF(F22=$V$8,$V$9,IF(F22=$W$8,$W$9,IF(F22=$X$8,$X$9))))),IF(E22=$S$10,IF(F22=$T$8,$T$10,IF(F22=$U$8,$U$10,IF(F22=$V$8,$V$10,IF(F22=$W$8,$W$10,IF(F22=$X$8,$X$10))))),IF(E22=$S$11,IF(F22=$T$8,$T$11,IF(F22=$U$8,$U$11,IF(F22=$V$8,$V$11,IF(F22=$W$8,$W$11,IF(F22=$X$8,$X$11))))),IF(E22=$S$12,IF(F22=$T$8,$T$12,IF(F22=$U$8,$U$12,IF(F22=$V$8,$V$12,IF(F22=$W$8,$W$12,IF(F22=$X$8,$X$12))))),IF(E22=$S$13,IF(F22=$T$8,$T$13,IF(F22=$U$8,$U$13,IF(F22=$V$8,$V$13,IF(F22=$W$8,$W$13,IF(F22=$X$8,$X$13))))),"")))))
A23: ='2 CONTEXTO E IDENTIFICACIÓN'!A23 -> 0 | B23: =+'2 CONTEXTO E IDENTIFICACIÓN'!J23 -> 0 | C23: =+'5 VALORACIÓN DEL CONTROL'!T97 -> 0 | D23: =+'5 VALORACIÓN DEL CONTROL'!U97 -> 0 | E23: =+IF(C23=0,"",IF(C23<=$R$13,$S$13,IF(C23<=$R$12,$S$12,IF(C23<=$R$11,$S$11,IF(C23<=$R$10,$S$10,IF(C23<=$R$9,$S$9,"")))))) | F23: =+IF(D23=0,"",IF(D23<=$T$7,$T$8,IF(D23<=$U$7,$U$8,IF(D23<=$V$7,$V$8,IF(D23<=$W$7,$W$8,IF(D23<=$X$7,$X$8,"")))))) | G23: =+IF(E23=$S$9,IF(F23=$T$8,$T$9,IF(F23=$U$8,$U$9,IF(F23=$V$8,$V$9,IF(F23=$W$8,$W$9,IF(F23=$X$8,$X$9))))),IF(E23=$S$10,IF(F23=$T$8,$T$10,IF(F23=$U$8,$U$10,IF(F23=$V$8,$V$10,IF(F23=$W$8,$W$10,IF(F23=$X$8,$X$10))))),IF(E23=$S$11,IF(F23=$T$8,$T$11,IF(F23=$U$8,$U$11,IF(F23=$V$8,$V$11,IF(F23=$W$8,$W$11,IF(F23=$X$8,$X$11))))),IF(E23=$S$12,IF(F23=$T$8,$T$12,IF(F23=$U$8,$U$12,IF(F23=$V$8,$V$12,IF(F23=$W$8,$W$12,IF(F23=$X$8,$X$12))))),IF(E23=$S$13,IF(F23=$T$8,$T$13,IF(F23=$U$8,$U$13,IF(F23=$V$8,$V$13,IF(F23=$W$8,$W$13,IF(F23=$X$8,$X$13))))),"")))))
A24: ='2 CONTEXTO E IDENTIFICACIÓN'!A24 -> 0 | B24: =+'2 CONTEXTO E IDENTIFICACIÓN'!J24 -> 0 | C24: =+'5 VALORACIÓN DEL CONTROL'!T103 -> 0 | D24: =+'5 VALORACIÓN DEL CONTROL'!U103 -> 0 | E24: =+IF(C24=0,"",IF(C24<=$R$13,$S$13,IF(C24<=$R$12,$S$12,IF(C24<=$R$11,$S$11,IF(C24<=$R$10,$S$10,IF(C24<=$R$9,$S$9,"")))))) | F24: =+IF(D24=0,"",IF(D24<=$T$7,$T$8,IF(D24<=$U$7,$U$8,IF(D24<=$V$7,$V$8,IF(D24<=$W$7,$W$8,IF(D24<=$X$7,$X$8,"")))))) | G24: =+IF(E24=$S$9,IF(F24=$T$8,$T$9,IF(F24=$U$8,$U$9,IF(F24=$V$8,$V$9,IF(F24=$W$8,$W$9,IF(F24=$X$8,$X$9))))),IF(E24=$S$10,IF(F24=$T$8,$T$10,IF(F24=$U$8,$U$10,IF(F24=$V$8,$V$10,IF(F24=$W$8,$W$10,IF(F24=$X$8,$X$10))))),IF(E24=$S$11,IF(F24=$T$8,$T$11,IF(F24=$U$8,$U$11,IF(F24=$V$8,$V$11,IF(F24=$W$8,$W$11,IF(F24=$X$8,$X$11))))),IF(E24=$S$12,IF(F24=$T$8,$T$12,IF(F24=$U$8,$U$12,IF(F24=$V$8,$V$12,IF(F24=$W$8,$W$12,IF(F24=$X$8,$X$12))))),IF(E24=$S$13,IF(F24=$T$8,$T$13,IF(F24=$U$8,$U$13,IF(F24=$V$8,$V$13,IF(F24=$W$8,$W$13,IF(F24=$X$8,$X$13))))),"")))))
A25: ='2 CONTEXTO E IDENTIFICACIÓN'!A25 -> 0 | B25: =+'2 CONTEXTO E IDENTIFICACIÓN'!J25 -> 0 | C25: =+'5 VALORACIÓN DEL CONTROL'!T109 -> 0 | D25: =+'5 VALORACIÓN DEL CONTROL'!U109 -> 0 | E25: =+IF(C25=0,"",IF(C25<=$R$13,$S$13,IF(C25<=$R$12,$S$12,IF(C25<=$R$11,$S$11,IF(C25<=$R$10,$S$10,IF(C25<=$R$9,$S$9,"")))))) | F25: =+IF(D25=0,"",IF(D25<=$T$7,$T$8,IF(D25<=$U$7,$U$8,IF(D25<=$V$7,$V$8,IF(D25<=$W$7,$W$8,IF(D25<=$X$7,$X$8,"")))))) | G25: =+IF(E25=$S$9,IF(F25=$T$8,$T$9,IF(F25=$U$8,$U$9,IF(F25=$V$8,$V$9,IF(F25=$W$8,$W$9,IF(F25=$X$8,$X$9))))),IF(E25=$S$10,IF(F25=$T$8,$T$10,IF(F25=$U$8,$U$10,IF(F25=$V$8,$V$10,IF(F25=$W$8,$W$10,IF(F25=$X$8,$X$10))))),IF(E25=$S$11,IF(F25=$T$8,$T$11,IF(F25=$U$8,$U$11,IF(F25=$V$8,$V$11,IF(F25=$W$8,$W$11,IF(F25=$X$8,$X$11))))),IF(E25=$S$12,IF(F25=$T$8,$T$12,IF(F25=$U$8,$U$12,IF(F25=$V$8,$V$12,IF(F25=$W$8,$W$12,IF(F25=$X$8,$X$12))))),IF(E25=$S$13,IF(F25=$T$8,$T$13,IF(F25=$U$8,$U$13,IF(F25=$V$8,$V$13,IF(F25=$W$8,$W$13,IF(F25=$X$8,$X$13))))),"")))))
A26: ='2 CONTEXTO E IDENTIFICACIÓN'!A26 -> 0 | B26: =+'2 CONTEXTO E IDENTIFICACIÓN'!J26 -> 0 | C26: =+'5 VALORACIÓN DEL CONTROL'!T115 -> 0 | D26: =+'5 VALORACIÓN DEL CONTROL'!U115 -> 0 | E26: =+IF(C26=0,"",IF(C26<=$R$13,$S$13,IF(C26<=$R$12,$S$12,IF(C26<=$R$11,$S$11,IF(C26<=$R$10,$S$10,IF(C26<=$R$9,$S$9,"")))))) | F26: =+IF(D26=0,"",IF(D26<=$T$7,$T$8,IF(D26<=$U$7,$U$8,IF(D26<=$V$7,$V$8,IF(D26<=$W$7,$W$8,IF(D26<=$X$7,$X$8,"")))))) | G26: =+IF(E26=$S$9,IF(F26=$T$8,$T$9,IF(F26=$U$8,$U$9,IF(F26=$V$8,$V$9,IF(F26=$W$8,$W$9,IF(F26=$X$8,$X$9))))),IF(E26=$S$10,IF(F26=$T$8,$T$10,IF(F26=$U$8,$U$10,IF(F26=$V$8,$V$10,IF(F26=$W$8,$W$10,IF(F26=$X$8,$X$10))))),IF(E26=$S$11,IF(F26=$T$8,$T$11,IF(F26=$U$8,$U$11,IF(F26=$V$8,$V$11,IF(F26=$W$8,$W$11,IF(F26=$X$8,$X$11))))),IF(E26=$S$12,IF(F26=$T$8,$T$12,IF(F26=$U$8,$U$12,IF(F26=$V$8,$V$12,IF(F26=$W$8,$W$12,IF(F26=$X$8,$X$12))))),IF(E26=$S$13,IF(F26=$T$8,$T$13,IF(F26=$U$8,$U$13,IF(F26=$V$8,$V$13,IF(F26=$W$8,$W$13,IF(F26=$X$8,$X$13))))),"")))))
A27: ='2 CONTEXTO E IDENTIFICACIÓN'!A27 -> 0 | B27: =+'2 CONTEXTO E IDENTIFICACIÓN'!J27 -> 0 | C27: =+'5 VALORACIÓN DEL CONTROL'!T121 -> 0 | D27: =+'5 VALORACIÓN DEL CONTROL'!U121 -> 0 | E27: =+IF(C27=0,"",IF(C27<=$R$13,$S$13,IF(C27<=$R$12,$S$12,IF(C27<=$R$11,$S$11,IF(C27<=$R$10,$S$10,IF(C27<=$R$9,$S$9,"")))))) | F27: =+IF(D27=0,"",IF(D27<=$T$7,$T$8,IF(D27<=$U$7,$U$8,IF(D27<=$V$7,$V$8,IF(D27<=$W$7,$W$8,IF(D27<=$X$7,$X$8,"")))))) | G27: =+IF(E27=$S$9,IF(F27=$T$8,$T$9,IF(F27=$U$8,$U$9,IF(F27=$V$8,$V$9,IF(F27=$W$8,$W$9,IF(F27=$X$8,$X$9))))),IF(E27=$S$10,IF(F27=$T$8,$T$10,IF(F27=$U$8,$U$10,IF(F27=$V$8,$V$10,IF(F27=$W$8,$W$10,IF(F27=$X$8,$X$10))))),IF(E27=$S$11,IF(F27=$T$8,$T$11,IF(F27=$U$8,$U$11,IF(F27=$V$8,$V$11,IF(F27=$W$8,$W$11,IF(F27=$X$8,$X$11))))),IF(E27=$S$12,IF(F27=$T$8,$T$12,IF(F27=$U$8,$U$12,IF(F27=$V$8,$V$12,IF(F27=$W$8,$W$12,IF(F27=$X$8,$X$12))))),IF(E27=$S$13,IF(F27=$T$8,$T$13,IF(F27=$U$8,$U$13,IF(F27=$V$8,$V$13,IF(F27=$W$8,$W$13,IF(F27=$X$8,$X$13))))),"")))))
A28: ='2 CONTEXTO E IDENTIFICACIÓN'!A28 -> 0 | B28: =+'2 CONTEXTO E IDENTIFICACIÓN'!J28 -> 0 | C28: =+'5 VALORACIÓN DEL CONTROL'!T127 -> 0 | D28: =+'5 VALORACIÓN DEL CONTROL'!U127 -> 0 | E28: =+IF(C28=0,"",IF(C28<=$R$13,$S$13,IF(C28<=$R$12,$S$12,IF(C28<=$R$11,$S$11,IF(C28<=$R$10,$S$10,IF(C28<=$R$9,$S$9,"")))))) | F28: =+IF(D28=0,"",IF(D28<=$T$7,$T$8,IF(D28<=$U$7,$U$8,IF(D28<=$V$7,$V$8,IF(D28<=$W$7,$W$8,IF(D28<=$X$7,$X$8,"")))))) | G28: =+IF(E28=$S$9,IF(F28=$T$8,$T$9,IF(F28=$U$8,$U$9,IF(F28=$V$8,$V$9,IF(F28=$W$8,$W$9,IF(F28=$X$8,$X$9))))),IF(E28=$S$10,IF(F28=$T$8,$T$10,IF(F28=$U$8,$U$10,IF(F28=$V$8,$V$10,IF(F28=$W$8,$W$10,IF(F28=$X$8,$X$10))))),IF(E28=$S$11,IF(F28=$T$8,$T$11,IF(F28=$U$8,$U$11,IF(F28=$V$8,$V$11,IF(F28=$W$8,$W$11,IF(F28=$X$8,$X$11))))),IF(E28=$S$12,IF(F28=$T$8,$T$12,IF(F28=$U$8,$U$12,IF(F28=$V$8,$V$12,IF(F28=$W$8,$W$12,IF(F28=$X$8,$X$12))))),IF(E28=$S$13,IF(F28=$T$8,$T$13,IF(F28=$U$8,$U$13,IF(F28=$V$8,$V$13,IF(F28=$W$8,$W$13,IF(F28=$X$8,$X$13))))),"")))))

Sheet 7 MAPA CALOR INHEREN Y RESIDUAL
B1: =+'2 CONTEXTO E IDENTIFICACIÓN'!A1 -> MAPA DE RIESGOS | J1: =+'2 CONTEXTO E IDENTIFICACIÓN'!$I$4 -> Elaboración | K1: ='2 CONTEXTO E IDENTIFICACIÓN'!J4 -> 46259
E2: =+'2 CONTEXTO E IDENTIFICACIÓN'!A2 -> VERSIÓN: | F2: ='2 CONTEXTO E IDENTIFICACIÓN'!B2 -> 1 | J2: =+'2 CONTEXTO E IDENTIFICACIÓN'!$E$5 -> Vigencia: | K2: ='2 CONTEXTO E IDENTIFICACIÓN'!G5 -> 46266 | L2: Al | M2: ='2 CONTEXTO E IDENTIFICACIÓN'!J5 -> 46387
A4: ENTIDAD: | B4: ='2 CONTEXTO E IDENTIFICACIÓN'!B4 -> Unidad Administrativa Especial de Organizaciones Solidarias
A5: PROCESO: | B5: ='2 CONTEXTO E IDENTIFICACIÓN'!F4 -> Fomento de la Asociatividad Solidaria
A7: MAPA DE CALOR RIESGO INHERENTE | I7: MAPA DE CALOR RIESGO RESIDUAL | T7: Impacto
C8: Impacto | K8: Impacto | T8: 0.2 | U8: 0.4 | V8: 0.6 | W8: 0.8 | X8: 1
C9: Leve | D9: Menor | E9: Moderado | F9: Mayor | G9: Catastrófico | K9: Leve | L9: Menor | M9: Moderado | N9: Mayor | O9: Catastrófico | T9: Leve | U9: Menor | V9: Moderado | W9: Mayor | X9: Catastrófico
A10: Probabilidad | B10: Muy Alta | C10: =+'4 MAPA CALOR INHERENTE'!I9 | D10: =+'4 MAPA CALOR INHERENTE'!J9 | E10: =+'4 MAPA CALOR INHERENTE'!K9 | F10: =+'4 MAPA CALOR INHERENTE'!L9 | G10: =+'4 MAPA CALOR INHERENTE'!M9 | I10: Probabilidad | J10: Muy Alta | K10: =+'6 MAPA CALOR RESIDUAL'!K9 | L10: =+'6 MAPA CALOR RESIDUAL'!L9 | M10: =+'6 MAPA CALOR RESIDUAL'!M9 | N10: =+'6 MAPA CALOR RESIDUAL'!N9 | O10: =+'6 MAPA CALOR RESIDUAL'!O9 | Q10: Probabilidad | R10: 1 | S10: Muy Alta | T10: Alto | U10: Alto | V10: Alto | W10: Alto | X10: Extremo
B11: Alta | C11: =+'4 MAPA CALOR INHERENTE'!I10 | D11: =+'4 MAPA CALOR INHERENTE'!J10 | E11: =+'4 MAPA CALOR INHERENTE'!K10 | F11: =+'4 MAPA CALOR INHERENTE'!L10 | G11: =+'4 MAPA CALOR INHERENTE'!M10 | J11: Alta | K11: =+'6 MAPA CALOR RESIDUAL'!K10 | L11: =+'6 MAPA CALOR RESIDUAL'!L10 | M11: =+'6 MAPA CALOR RESIDUAL'!M10 | N11: =+'6 MAPA CALOR RESIDUAL'!N10 | O11: =+'6 MAPA CALOR RESIDUAL'!O10 | R11: 0.8 | S11: Alta | T11: Moderado | U11: Moderado | V11: Alto | W11: Alto | X11: Extremo
B12: Media | C12: =+'4 MAPA CALOR INHERENTE'!I11 | D12: =+'4 MAPA CALOR INHERENTE'!J11 | E12: =+'4 MAPA CALOR INHERENTE'!K11 | F12: =+'4 MAPA CALOR INHERENTE'!L11 -> R10 R11 R13 | G12: =+'4 MAPA CALOR INHERENTE'!M11 -> R12 | J12: Media | K12: =+'6 MAPA CALOR RESIDUAL'!K11 | L12: =+'6 MAPA CALOR RESIDUAL'!L11 | M12: =+'6 MAPA CALOR RESIDUAL'!M11 | N12: =+'6 MAPA CALOR RESIDUAL'!N11 | O12: =+'6 MAPA CALOR RESIDUAL'!O11 | R12: 0.6 | S12: Media | T12: Moderado | U12: Moderado | V12: Moderado | W12: Alto | X12: Extremo
B13: Baja | C13: =+'4 MAPA CALOR INHERENTE'!I12 | D13: =+'4 MAPA CALOR INHERENTE'!J12 | E13: =+'4 MAPA CALOR INHERENTE'!K12 | F13: =+'4 MAPA CALOR INHERENTE'!L12 | G13: =+'4 MAPA CALOR INHERENTE'!M12 | J13: Baja | K13: =+'6 MAPA CALOR RESIDUAL'!K12 | L13: =+'6 MAPA CALOR RESIDUAL'!L12 -> R13 | M13: =+'6 MAPA CALOR RESIDUAL'!M12 | N13: =+'6 MAPA CALOR RESIDUAL'!N12 | O13: =+'6 MAPA CALOR RESIDUAL'!O12 | R13: 0.4 | S13: Baja | T13: Bajo | U13: Moderado | V13: Moderado | W13: Alto | X13: Extremo
B14: Muy Baja | C14: =+'4 MAPA CALOR INHERENTE'!I13 | D14: =+'4 MAPA CALOR INHERENTE'!J13 | E14: =+'4 MAPA CALOR INHERENTE'!K13 | F14: =+'4 MAPA CALOR INHERENTE'!L13 | G14: =+'4 MAPA CALOR INHERENTE'!M13 | J14: Muy Baja | K14: =+'6 MAPA CALOR RESIDUAL'!K13 | L14: =+'6 MAPA CALOR RESIDUAL'!L13 | M14: =+'6 MAPA CALOR RESIDUAL'!M13 | N14: =+'6 MAPA CALOR RESIDUAL'!N13 -> R10 R11 | O14: =+'6 MAPA CALOR RESIDUAL'!O13 -> R12 | R14: 0.2 | S14: Muy Baja | T14: Bajo | U14: Bajo | V14: Moderado | W14: Alto | X14: Extremo
T16: NIVELES DE RIESGO
T17: Extremo
T18: Alto
T19: Moderado
T20: Bajo

Sheet 8 MAPA RIESGOS
B1: =+'2 CONTEXTO E IDENTIFICACIÓN'!A1 -> MAPA DE RIESGOS | F1: =+'2 CONTEXTO E IDENTIFICACIÓN'!$I$4 -> Elaboración | G1: ='2 CONTEXTO E IDENTIFICACIÓN'!J4 -> 46259
C2: =+'2 CONTEXTO E IDENTIFICACIÓN'!A2 -> VERSIÓN: | D2: ='2 CONTEXTO E IDENTIFICACIÓN'!B2 -> 1 | F2: =+'2 CONTEXTO E IDENTIFICACIÓN'!$E$5 -> Vigencia: | G2: ='2 CONTEXTO E IDENTIFICACIÓN'!G5 -> 46266 | H2: Al | I2: ='2 CONTEXTO E IDENTIFICACIÓN'!J5 -> 46387
A4: ENTIDAD: | B4: ='2 CONTEXTO E IDENTIFICACIÓN'!B4 -> Unidad Administrativa Especial de Organizaciones Solidarias
A5: PROCESO: | B5: ='2 CONTEXTO E IDENTIFICACIÓN'!F4 -> Fomento de la Asociatividad Solidaria | AF5: Impacto
E7: CALIFICACIÓN RIESGO INHERENTE | J7: CALIFICACIÓN RIESGO RESIDUAL | Q7: Plan de Acción | U7: Seguimientos por parte del Líder del Proceso | AF7: 0.2 | AG7: 0.4 | AH7: 0.6 | AI7: 0.8 | AJ7: 1
A8: No. DEL RIESGO | B8: RIESGO | C8: % Probabilidad Inherente | D8: % Impacto Inherente | E8: PROBABILIDAD | F8: IMPACTO | G8: SEVERIDAD (NIVEL DE RIESGO) | H8: % Probabilidad Residual | I8: % Impacto Residual | J8: PROBABILIDAD | K8: IMPACTO | L8: SEVERIDAD (NIVEL DE RIESGO) | M8: ¿Requiere Plan de Acción? | N8: Tratamiento | O8: Determine el tratamiento a seguir | P8: Definición del Tratamiento | Q8: Descripción de la Acción, basado en el análisis de causas | R8: Responsable (Cargo) | S8: Fecha de Inicio | T8: Fecha de Finalización | U8: Seguimiento 1 (Fecha y avance) | V8: Seguimiento 2 (Fecha y avance) | W8: Seguimiento 3 ... (Fecha y avance) | X8: Verificación por parte de segunda línea de defensa o quien haga sus veces (Fecha y Descripción) | Y8: Verificación por parte de la Oficina de Control Interno o quien haga sus veces (Fecha y Descripción) | Z8: Estado | AF8: Leve | AG8: Menor | AH8: Moderado | AI8: Mayor | AJ8: Catastrófico
A9: ='2 CONTEXTO E IDENTIFICACIÓN'!A9 -> R10 | B9: =+'2 CONTEXTO E IDENTIFICACIÓN'!J9 -> Posibilidad de afectación económica y reputacional por el incumplimiento de las actividades, tiempos y responsables establecidos en el proceso de Fomento de la Asociatividad Solidaria y sus cuatro procedimientos asociados. a causa de el proceso y los procedimientos vigentes se encuentran desactuaizados y no reflejan el modelo de ejecución actual con gestores territoriales contratistas (en lugar de convenios con cooperantes), generando vacíos normativos y ausencia de lineamientos claros para el equipo. | C9: =+'3 PROBABIL E IMPACTO INHERENTE'!E9 -> 0.6 | D9: =+'3 PROBABIL E IMPACTO INHERENTE'!M9 -> 0.8 | E9: =+'4 MAPA CALOR INHERENTE'!C9 -> Media | F9: =+'4 MAPA CALOR INHERENTE'!D9 -> Mayor | G9: =+'4 MAPA CALOR INHERENTE'!E9 -> Alto | H9: =+'5 VALORACIÓN DEL CONTROL'!T9 -> 0.0735 | I9: =+'5 VALORACIÓN DEL CONTROL'!U9 -> 0.8 | J9: =+'6 MAPA CALOR RESIDUAL'!E9 -> Muy Baja | K9: =+'6 MAPA CALOR RESIDUAL'!F9 -> Mayor | L9: =+'6 MAPA CALOR RESIDUAL'!G9 -> Alto | M9: =+IF($N9="","",IF($N9=$AG$16,$AH$16,IF($N9=$AG$19,$AH$19))) -> Requiere Plan de Acción | N9: =+IF(L9="","",IF(OR(L9=$AF$16,L9=$AF$17,L9=$AF$18),$AG$16,IF(L9=$AF$19,$AG$19))) -> Reducir_mitigar_Transferir_Evitar | O9: Reducir_Mitigar | P9: =+IF($M9="","",IF($M9=$AH$19,$AG$19,$O9)) -> Reducir_Mitigar | Q9: Actualizar el proceso y los cuatro procedimientos de Fomento de la Asociatividad Solidaria conforme al modelo de ejecución vigente (gestores territoriales) y socializarlos con el equipo; implementar lista de chequeo mensual de cumplimiento. | R9: Líder del Grupo de Fomento de la Asociatividad Solidaria | S9: 46266 | T9: 46387 | U9: 31/12/2026: Verificación de la aplicación de la metodología y avance del plan de acción. | V9: 30/04/2027: Revisión de expedientes y cumplimiento de la lista de verificación. | W9: 31/08/2027: Validación del cierre del plan y evaluación de resultados. | X9: 15/10/2026: Revisión del cumplimiento del plan de acción y emisión de recomendaciones por Planeación o segunda línea de defensa. | Y9: 15/12/2026: Verificación de la eficacia del control durante auditoría o seguimiento de Control Interno. | Z9: Sin Iniciar | AC9: Probabilidad | AD9: 1 | AE9: Muy Alta | AF9: Alto | AG9: Alto | AH9: Alto | AI9: Alto | AJ9: Extremo
A10: ='2 CONTEXTO E IDENTIFICACIÓN'!A10 -> R11 | B10: =+'2 CONTEXTO E IDENTIFICACIÓN'!J10 -> Posibilidad de efecto dañoso sobre el recurso público por la asignación de medios de producción o recursos de fortalecimiento a organizaciones cuya caracterización socioeconómica, productiva y de necesidades no fue diagnosticada de forma completa o verificada. a causa de ausencia de una metodología estandarizada y de instrumentos de verificación para que los gestores territoriales realicen la caracterización (diagnóstico económico, social y productivo) de las organizaciones antes de la entrega de medios de producción. | C10: =+'3 PROBABIL E IMPACTO INHERENTE'!E10 -> 0.6 | D10: =+'3 PROBABIL E IMPACTO INHERENTE'!M10 -> 0.8 | E10: =+'4 MAPA CALOR INHERENTE'!C10 -> Media | F10: =+'4 MAPA CALOR INHERENTE'!D10 -> Mayor | G10: =+'4 MAPA CALOR INHERENTE'!E10 -> Alto | H10: =+'5 VALORACIÓN DEL CONTROL'!T15 -> 0.0735 | I10: =+'5 VALORACIÓN DEL CONTROL'!U15 -> 0.8 | J10: =+IF(H10=0,"",IF(H10<=$AD$13,$AE$13,IF(H10<=$AD$12,$AE$12,IF(H10<=$AD$11,$AE$11,IF(H10<=$AD$10,$AE$10,IF(H10<=$AD$9,$AE$9,"")))))) -> Muy Baja | K10: =+IF(I10=0,"",IF(I10<=$AF$7,$AF$8,IF(I10<=$AG$7,$AG$8,IF(I10<=$AH$7,$AH$8,IF(I10<=$AI$7,$AI$8,IF(I10<=$AJ$7,$AJ$8,"")))))) -> Mayor | L10: =+IF(J10=$AE$9,IF(K10=$AF$8,$AF$9,IF(K10=$AG$8,$AG$9,IF(K10=$AH$8,$AH$9,IF(K10=$AI$8,$AI$9,IF(K10=$AJ$8,$AJ$9))))),IF(J10=$AE$10,IF(K10=$AF$8,$AF$10,IF(K10=$AG$8,$AG$10,IF(K10=$AH$8,$AH$10,IF(K10=$AI$8,$AI$10,IF(K10=$AJ$8,$AJ$10))))),IF(J10=$AE$11,IF(K10=$AF$8,$AF$11,IF(K10=$AG$8,$AG$11,IF(K10=$AH$8,$AH$11,IF(K10=$AI$8,$AI$11,IF(K10=$AJ$8,$AJ$11))))),IF(J10=$AE$12,IF(K10=$AF$8,$AF$12,IF(K10=$AG$8,$AG$12,IF(K10=$AH$8,$AH$12,IF(K10=$AI$8,$AI$12,IF(K10=$AJ$8,$AJ$12))))),IF(J10=$AE$13,IF(K10=$AF$8,$AF$13,IF(K10=$AG$8,$AG$13,IF(K10=$AH$8,$AH$13,IF(K10=$AI$8,$AI$13,IF(K10=$AJ$8,$AJ$13))))),""))))) -> Alto | M10: =+IF($N10="","",IF($N10=$AG$16,$AH$16,IF($N10=$AG$19,$AH$19))) -> Requiere Plan de Acción | N10: =+IF(L10="","",IF(OR(L10=$AF$16,L10=$AF$17,L10=$AF$18),$AG$16,IF(L10=$AF$19,$AG$19))) -> Reducir_mitigar_Transferir_Evitar | O10: Reducir_Mitigar | P10: =+IF($M10="","",IF($M10=$AH$19,$AG$19,$O10)) -> Reducir_Mitigar | Q10: Diseñar y aplicar un formato único de caracterización socioeconómica, productiva y de necesidades, con validación por un segundo responsable antes de aprobar la entrega de medios de producción. | R10: Líder del Grupo de Fomento de la Asociatividad Solidaria | S10: 46266 | T10: 46387 | U10: 31/12/2026: Seguimiento a la implementación de formatos estandarizados. | V10: 30/04/2027: Revisión del cumplimiento de los lineamientos metodológicos. | W10: 31/08/2027: Evaluación del cumplimiento del plan de acción. | X10: 15/10/2026: Verificación del cumplimiento metodológico y recomendaciones de mejora. | Y10: 15/12/2026: Validación de la eficacia del plan durante auditoría interna. | Z10: Sin Iniciar | AD10: 0.8 | AE10: Alta | AF10: Moderado | AG10: Moderado | AH10: Alto | AI10: Alto | AJ10: Extremo
A11: ='2 CONTEXTO E IDENTIFICACIÓN'!A11 -> R12 | B11: =+'2 CONTEXTO E IDENTIFICACIÓN'!J11 -> Posibilidad de pérdida económica y reputacional por la selección o priorización indebida de organizaciones o beneficiarios para la entrega de medios de producción y recursos de fortalecimiento, sin sujeción a los criterios técnicos de caracterización y priorización territorial. a causa de ausencia de un procedimiento formal para la entrega de medios de producción, de controles cruzados y de una segunda instancia de aprobación, lo que facilita conflictos de interés no declarados o injerencia indebida de terceros en la decisión de a qué organización se destinan los recursos. | C11: =+'3 PROBABIL E IMPACTO INHERENTE'!E11 -> 0.6 | D11: =+'3 PROBABIL E IMPACTO INHERENTE'!M11 -> 1 | E11: =+'4 MAPA CALOR INHERENTE'!C11 -> Media | F11: =+'4 MAPA CALOR INHERENTE'!D11 -> Catastrófico | G11: =+'4 MAPA CALOR INHERENTE'!E11 -> Extremo | H11: =+'5 VALORACIÓN DEL CONTROL'!T21 -> 0.0735 | I11: =+'5 VALORACIÓN DEL CONTROL'!U21 -> 1 | J11: =+IF(H11=0,"",IF(H11<=$AD$13,$AE$13,IF(H11<=$AD$12,$AE$12,IF(H11<=$AD$11,$AE$11,IF(H11<=$AD$10,$AE$10,IF(H11<=$AD$9,$AE$9,"")))))) -> Muy Baja | K11: =+IF(I11=0,"",IF(I11<=$AF$7,$AF$8,IF(I11<=$AG$7,$AG$8,IF(I11<=$AH$7,$AH$8,IF(I11<=$AI$7,$AI$8,IF(I11<=$AJ$7,$AJ$8,"")))))) -> Catastrófico | L11: =+IF(J11=$AE$9,IF(K11=$AF$8,$AF$9,IF(K11=$AG$8,$AG$9,IF(K11=$AH$8,$AH$9,IF(K11=$AI$8,$AI$9,IF(K11=$AJ$8,$AJ$9))))),IF(J11=$AE$10,IF(K11=$AF$8,$AF$10,IF(K11=$AG$8,$AG$10,IF(K11=$AH$8,$AH$10,IF(K11=$AI$8,$AI$10,IF(K11=$AJ$8,$AJ$10))))),IF(J11=$AE$11,IF(K11=$AF$8,$AF$11,IF(K11=$AG$8,$AG$11,IF(K11=$AH$8,$AH$11,IF(K11=$AI$8,$AI$11,IF(K11=$AJ$8,$AJ$11))))),IF(J11=$AE$12,IF(K11=$AF$8,$AF$12,IF(K11=$AG$8,$AG$12,IF(K11=$AH$8,$AH$12,IF(K11=$AI$8,$AI$12,IF(K11=$AJ$8,$AJ$12))))),IF(J11=$AE$13,IF(K11=$AF$8,$AF$13,IF(K11=$AG$8,$AG$13,IF(K11=$AH$8,$AH$13,IF(K11=$AI$8,$AI$13,IF(K11=$AJ$8,$AJ$13))))),""))))) -> Extremo | M11: =+IF($N11="","",IF($N11=$AG$16,$AH$16,IF($N11=$AG$19,$AH$19))) -> Requiere Plan de Acción | N11: =+IF(L11="","",IF(OR(L11=$AF$16,L11=$AF$17,L11=$AF$18),$AG$16,IF(L11=$AF$19,$AG$19))) -> Reducir_mitigar_Transferir_Evitar | O11: Reducir_Mitigar | P11: =+IF($M11="","",IF($M11=$AH$19,$AG$19,$O11)) -> Reducir_Mitigar | Q11: Formalizar el procedimiento de entrega de medios de producción y recursos de fortalecimiento, con aprobación por comité, declaración de conflicto de intereses y trazabilidad documental de cada entrega. | R11: Profesional Especializado responsable del proceso | S11: 46266 | T11: 46387 | U11: 31/12/2026: Revisión del avance de las actividades de fortalecimiento. | V11: 30/04/2027: Seguimiento a indicadores y cumplimiento del cronograma. | W11: 31/08/2027: Evaluación de resultados y cierre del plan. | X11: 15/10/2026: Revisión del cumplimiento de las actividades por segunda línea de defensa. | Y11: 15/12/2026: Auditoría al proceso para verificar la eficacia del plan. | Z11: Sin Iniciar | AD11: 0.6 | AE11: Media | AF11: Moderado | AG11: Moderado | AH11: Moderado | AI11: Alto | AJ11: Extremo
A12: ='2 CONTEXTO E IDENTIFICACIÓN'!A12 -> R13 | B12: =+'2 CONTEXTO E IDENTIFICACIÓN'!J12 -> Posibilidad de afectación económica y reputacional por registros incompletos, inconsistentes o inoportunos de los avances, indicadores y resultados del proceso de Fomento de la Asociatividad Solidaria en los sistemas de información y reportes a Planeación. a causa de deficiencias en el registro, control documental y seguimiento de la información reportada por los gestores territoriales, y a la falta de una fuente única y verificada de datos del proceso. | C12: =+'3 PROBABIL E IMPACTO INHERENTE'!E12 -> 0.6 | D12: =+'3 PROBABIL E IMPACTO INHERENTE'!M12 -> 0.8 | E12: =+'4 MAPA CALOR INHERENTE'!C12 -> Media | F12: =+'4 MAPA CALOR INHERENTE'!D12 -> Mayor | G12: =+'4 MAPA CALOR INHERENTE'!E12 -> Alto | H12: =+'5 VALORACIÓN DEL CONTROL'!T27 -> 0.21 | I12: =+'5 VALORACIÓN DEL CONTROL'!U27 -> 0.28 | J12: =+IF(H12=0,"",IF(H12<=$AD$13,$AE$13,IF(H12<=$AD$12,$AE$12,IF(H12<=$AD$11,$AE$11,IF(H12<=$AD$10,$AE$10,IF(H12<=$AD$9,$AE$9,"")))))) -> Baja | K12: =+IF(I12=0,"",IF(I12<=$AF$7,$AF$8,IF(I12<=$AG$7,$AG$8,IF(I12<=$AH$7,$AH$8,IF(I12<=$AI$7,$AI$8,IF(I12<=$AJ$7,$AJ$8,"")))))) -> Menor | L12: =+IF(J12=$AE$9,IF(K12=$AF$8,$AF$9,IF(K12=$AG$8,$AG$9,IF(K12=$AH$8,$AH$9,IF(K12=$AI$8,$AI$9,IF(K12=$AJ$8,$AJ$9))))),IF(J12=$AE$10,IF(K12=$AF$8,$AF$10,IF(K12=$AG$8,$AG$10,IF(K12=$AH$8,$AH$10,IF(K12=$AI$8,$AI$10,IF(K12=$AJ$8,$AJ$10))))),IF(J12=$AE$11,IF(K12=$AF$8,$AF$11,IF(K12=$AG$8,$AG$11,IF(K12=$AH$8,$AH$11,IF(K12=$AI$8,$AI$11,IF(K12=$AJ$8,$AJ$11))))),IF(J12=$AE$12,IF(K12=$AF$8,$AF$12,IF(K12=$AG$8,$AG$12,IF(K12=$AH$8,$AH$12,IF(K12=$AI$8,$AI$12,IF(K12=$AJ$8,$AJ$12))))),IF(J12=$AE$13,IF(K12=$AF$8,$AF$13,IF(K12=$AG$8,$AG$13,IF(K12=$AH$8,$AH$13,IF(K12=$AI$8,$AI$13,IF(K12=$AJ$8,$AJ$13))))),""))))) -> Moderado | M12: =+IF($N12="","",IF($N12=$AG$16,$AH$16,IF($N12=$AG$19,$AH$19))) -> Requiere Plan de Acción | N12: =+IF(L12="","",IF(OR(L12=$AF$16,L12=$AF$17,L12=$AF$18),$AG$16,IF(L12=$AF$19,$AG$19))) -> Reducir_mitigar_Transferir_Evitar | O12: Reducir_Mitigar | P12: =+IF($M12="","",IF($M12=$AH$19,$AG$19,$O12)) -> Reducir_Mitigar | Q12: Definir una fuente única de reporte y una lista de chequeo de validación cruzada de la información antes de su consolidación y envío a Planeación. | R12: Profesional Especializado / Supervisor de convenio (cuando aplique) | S12: 46266 | T12: 46387 | U12: 31/12/2026: Seguimiento a la aplicación de listas de chequeo. | V12: 30/04/2027: Revisión de resultados de la validación técnica. | W12: 31/08/2027: Evaluación del cumplimiento del plan de acción. | X12: 15/10/2026: Verificación del cumplimiento de los controles de calidad. | Y12: 15/12/2026: Revisión por Control Interno de la eficacia del control implementado. | Z12: Sin Iniciar | AD12: 0.4 | AE12: Baja | AF12: Bajo | AG12: Moderado | AH12: Moderado | AI12: Alto | AJ12: Extremo
A13: ='2 CONTEXTO E IDENTIFICACIÓN'!A13 -> 0 | B13: =+'2 CONTEXTO E IDENTIFICACIÓN'!J13 -> 0 | C13: =+'3 PROBABIL E IMPACTO INHERENTE'!E13 | D13: =+'3 PROBABIL E IMPACTO INHERENTE'!M13 | E13: =+'4 MAPA CALOR INHERENTE'!C13 | F13: =+'4 MAPA CALOR INHERENTE'!D13 | G13: =+'4 MAPA CALOR INHERENTE'!E13 | H13: =+'5 VALORACIÓN DEL CONTROL'!T37 -> 0 | I13: =+'5 VALORACIÓN DEL CONTROL'!U37 -> 0 | J13: =+IF(H13=0,"",IF(H13<=$AD$13,$AE$13,IF(H13<=$AD$12,$AE$12,IF(H13<=$AD$11,$AE$11,IF(H13<=$AD$10,$AE$10,IF(H13<=$AD$9,$AE$9,"")))))) | K13: =+IF(I13=0,"",IF(I13<=$AF$7,$AF$8,IF(I13<=$AG$7,$AG$8,IF(I13<=$AH$7,$AH$8,IF(I13<=$AI$7,$AI$8,IF(I13<=$AJ$7,$AJ$8,"")))))) | L13: =+IF(J13=$AE$9,IF(K13=$AF$8,$AF$9,IF(K13=$AG$8,$AG$9,IF(K13=$AH$8,$AH$9,IF(K13=$AI$8,$AI$9,IF(K13=$AJ$8,$AJ$9))))),IF(J13=$AE$10,IF(K13=$AF$8,$AF$10,IF(K13=$AG$8,$AG$10,IF(K13=$AH$8,$AH$10,IF(K13=$AI$8,$AI$10,IF(K13=$AJ$8,$AJ$10))))),IF(J13=$AE$11,IF(K13=$AF$8,$AF$11,IF(K13=$AG$8,$AG$11,IF(K13=$AH$8,$AH$11,IF(K13=$AI$8,$AI$11,IF(K13=$AJ$8,$AJ$11))))),IF(J13=$AE$12,IF(K13=$AF$8,$AF$12,IF(K13=$AG$8,$AG$12,IF(K13=$AH$8,$AH$12,IF(K13=$AI$8,$AI$12,IF(K13=$AJ$8,$AJ$12))))),IF(J13=$AE$13,IF(K13=$AF$8,$AF$13,IF(K13=$AG$8,$AG$13,IF(K13=$AH$8,$AH$13,IF(K13=$AI$8,$AI$13,IF(K13=$AJ$8,$AJ$13))))),""))))) | M13: =+IF($N13="","",IF($N13=$AG$16,$AH$16,IF($N13=$AG$19,$AH$19))) | N13: =+IF(L13="","",IF(OR(L13=$AF$16,L13=$AF$17,L13=$AF$18),$AG$16,IF(L13=$AF$19,$AG$19))) | P13: =+IF($M13="","",IF($M13=$AH$19,$AG$19,$O13)) | AD13: 0.2 | AE13: Muy Baja | AF13: Bajo | AG13: Bajo | AH13: Moderado | AI13: Alto | AJ13: Extremo
A14: ='2 CONTEXTO E IDENTIFICACIÓN'!A14 -> 0 | B14: =+'2 CONTEXTO E IDENTIFICACIÓN'!J14 -> 0 | C14: =+'3 PROBABIL E IMPACTO INHERENTE'!E14 | D14: =+'3 PROBABIL E IMPACTO INHERENTE'!M14 | E14: =+'4 MAPA CALOR INHERENTE'!C14 | F14: =+'4 MAPA CALOR INHERENTE'!D14 | G14: =+'4 MAPA CALOR INHERENTE'!E14 | H14: =+'5 VALORACIÓN DEL CONTROL'!T43 -> 0 | I14: =+'5 VALORACIÓN DEL CONTROL'!U43 -> 0 | J14: =+IF(H14=0,"",IF(H14<=$AD$13,$AE$13,IF(H14<=$AD$12,$AE$12,IF(H14<=$AD$11,$AE$11,IF(H14<=$AD$10,$AE$10,IF(H14<=$AD$9,$AE$9,"")))))) | K14: =+IF(I14=0,"",IF(I14<=$AF$7,$AF$8,IF(I14<=$AG$7,$AG$8,IF(I14<=$AH$7,$AH$8,IF(I14<=$AI$7,$AI$8,IF(I14<=$AJ$7,$AJ$8,"")))))) | L14: =+IF(J14=$AE$9,IF(K14=$AF$8,$AF$9,IF(K14=$AG$8,$AG$9,IF(K14=$AH$8,$AH$9,IF(K14=$AI$8,$AI$9,IF(K14=$AJ$8,$AJ$9))))),IF(J14=$AE$10,IF(K14=$AF$8,$AF$10,IF(K14=$AG$8,$AG$10,IF(K14=$AH$8,$AH$10,IF(K14=$AI$8,$AI$10,IF(K14=$AJ$8,$AJ$10))))),IF(J14=$AE$11,IF(K14=$AF$8,$AF$11,IF(K14=$AG$8,$AG$11,IF(K14=$AH$8,$AH$11,IF(K14=$AI$8,$AI$11,IF(K14=$AJ$8,$AJ$11))))),IF(J14=$AE$12,IF(K14=$AF$8,$AF$12,IF(K14=$AG$8,$AG$12,IF(K14=$AH$8,$AH$12,IF(K14=$AI$8,$AI$12,IF(K14=$AJ$8,$AJ$12))))),IF(J14=$AE$13,IF(K14=$AF$8,$AF$13,IF(K14=$AG$8,$AG$13,IF(K14=$AH$8,$AH$13,IF(K14=$AI$8,$AI$13,IF(K14=$AJ$8,$AJ$13))))),""))))) | M14: =+IF($N14="","",IF($N14=$AG$16,$AH$16,IF($N14=$AG$19,$AH$19))) | N14: =+IF(L14="","",IF(OR(L14=$AF$16,L14=$AF$17,L14=$AF$18),$AG$16,IF(L14=$AF$19,$AG$19))) | P14: =+IF($M14="","",IF($M14=$AH$19,$AG$19,$O14))
A15: ='2 CONTEXTO E IDENTIFICACIÓN'!A15 -> 0 | B15: =+'2 CONTEXTO E IDENTIFICACIÓN'!J15 -> 0 | C15: =+'3 PROBABIL E IMPACTO INHERENTE'!E15 | D15: =+'3 PROBABIL E IMPACTO INHERENTE'!M15 | E15: =+'4 MAPA CALOR INHERENTE'!C15 | F15: =+'4 MAPA CALOR INHERENTE'!D15 | G15: =+'4 MAPA CALOR INHERENTE'!E15 | H15: =+'5 VALORACIÓN DEL CONTROL'!T49 -> 0 | I15: =+'5 VALORACIÓN DEL CONTROL'!U49 -> 0 | J15: =+IF(H15=0,"",IF(H15<=$AD$13,$AE$13,IF(H15<=$AD$12,$AE$12,IF(H15<=$AD$11,$AE$11,IF(H15<=$AD$10,$AE$10,IF(H15<=$AD$9,$AE$9,"")))))) | K15: =+IF(I15=0,"",IF(I15<=$AF$7,$AF$8,IF(I15<=$AG$7,$AG$8,IF(I15<=$AH$7,$AH$8,IF(I15<=$AI$7,$AI$8,IF(I15<=$AJ$7,$AJ$8,"")))))) | L15: =+IF(J15=$AE$9,IF(K15=$AF$8,$AF$9,IF(K15=$AG$8,$AG$9,IF(K15=$AH$8,$AH$9,IF(K15=$AI$8,$AI$9,IF(K15=$AJ$8,$AJ$9))))),IF(J15=$AE$10,IF(K15=$AF$8,$AF$10,IF(K15=$AG$8,$AG$10,IF(K15=$AH$8,$AH$10,IF(K15=$AI$8,$AI$10,IF(K15=$AJ$8,$AJ$10))))),IF(J15=$AE$11,IF(K15=$AF$8,$AF$11,IF(K15=$AG$8,$AG$11,IF(K15=$AH$8,$AH$11,IF(K15=$AI$8,$AI$11,IF(K15=$AJ$8,$AJ$11))))),IF(J15=$AE$12,IF(K15=$AF$8,$AF$12,IF(K15=$AG$8,$AG$12,IF(K15=$AH$8,$AH$12,IF(K15=$AI$8,$AI$12,IF(K15=$AJ$8,$AJ$12))))),IF(J15=$AE$13,IF(K15=$AF$8,$AF$13,IF(K15=$AG$8,$AG$13,IF(K15=$AH$8,$AH$13,IF(K15=$AI$8,$AI$13,IF(K15=$AJ$8,$AJ$13))))),""))))) | M15: =+IF($N15="","",IF($N15=$AG$16,$AH$16,IF($N15=$AG$19,$AH$19))) | N15: =+IF(L15="","",IF(OR(L15=$AF$16,L15=$AF$17,L15=$AF$18),$AG$16,IF(L15=$AF$19,$AG$19))) | P15: =+IF($M15="","",IF($M15=$AH$19,$AG$19,$O15)) | AF15: NIVELES DE RIESGO | AG15: Tratamiento | AH15: ¿Requiere Plan de Acción? | AJ15: Reducir_mitigar_Transferir_Evitar
A16: ='2 CONTEXTO E IDENTIFICACIÓN'!A16 -> 0 | B16: =+'2 CONTEXTO E IDENTIFICACIÓN'!J16 -> 0 | C16: =+'3 PROBABIL E IMPACTO INHERENTE'!E16 | D16: =+'3 PROBABIL E IMPACTO INHERENTE'!M16 | E16: =+'4 MAPA CALOR INHERENTE'!C16 | F16: =+'4 MAPA CALOR INHERENTE'!D16 | G16: =+'4 MAPA CALOR INHERENTE'!E16 | H16: =+'5 VALORACIÓN DEL CONTROL'!T55 -> 0 | I16: =+'5 VALORACIÓN DEL CONTROL'!U55 -> 0 | J16: =+IF(H16=0,"",IF(H16<=$AD$13,$AE$13,IF(H16<=$AD$12,$AE$12,IF(H16<=$AD$11,$AE$11,IF(H16<=$AD$10,$AE$10,IF(H16<=$AD$9,$AE$9,"")))))) | K16: =+IF(I16=0,"",IF(I16<=$AF$7,$AF$8,IF(I16<=$AG$7,$AG$8,IF(I16<=$AH$7,$AH$8,IF(I16<=$AI$7,$AI$8,IF(I16<=$AJ$7,$AJ$8,"")))))) | L16: =+IF(J16=$AE$9,IF(K16=$AF$8,$AF$9,IF(K16=$AG$8,$AG$9,IF(K16=$AH$8,$AH$9,IF(K16=$AI$8,$AI$9,IF(K16=$AJ$8,$AJ$9))))),IF(J16=$AE$10,IF(K16=$AF$8,$AF$10,IF(K16=$AG$8,$AG$10,IF(K16=$AH$8,$AH$10,IF(K16=$AI$8,$AI$10,IF(K16=$AJ$8,$AJ$10))))),IF(J16=$AE$11,IF(K16=$AF$8,$AF$11,IF(K16=$AG$8,$AG$11,IF(K16=$AH$8,$AH$11,IF(K16=$AI$8,$AI$11,IF(K16=$AJ$8,$AJ$11))))),IF(J16=$AE$12,IF(K16=$AF$8,$AF$12,IF(K16=$AG$8,$AG$12,IF(K16=$AH$8,$AH$12,IF(K16=$AI$8,$AI$12,IF(K16=$AJ$8,$AJ$12))))),IF(J16=$AE$13,IF(K16=$AF$8,$AF$13,IF(K16=$AG$8,$AG$13,IF(K16=$AH$8,$AH$13,IF(K16=$AI$8,$AI$13,IF(K16=$AJ$8,$AJ$13))))),""))))) | M16: =+IF($N16="","",IF($N16=$AG$16,$AH$16,IF($N16=$AG$19,$AH$19))) | N16: =+IF(L16="","",IF(OR(L16=$AF$16,L16=$AF$17,L16=$AF$18),$AG$16,IF(L16=$AF$19,$AG$19))) | P16: =+IF($M16="","",IF($M16=$AH$19,$AG$19,$O16)) | AF16: Extremo | AG16: Reducir_mitigar_Transferir_Evitar | AH16: Requiere Plan de Acción | AJ16: Reducir_Mitigar
A17: ='2 CONTEXTO E IDENTIFICACIÓN'!A17 -> 0 | B17: =+'2 CONTEXTO E IDENTIFICACIÓN'!J17 -> 0 | C17: =+'3 PROBABIL E IMPACTO INHERENTE'!E17 | D17: =+'3 PROBABIL E IMPACTO INHERENTE'!M17 | E17: =+'4 MAPA CALOR INHERENTE'!C17 | F17: =+'4 MAPA CALOR INHERENTE'!D17 | G17: =+'4 MAPA CALOR INHERENTE'!E17 | H17: =+'5 VALORACIÓN DEL CONTROL'!T61 -> 0 | I17: =+'5 VALORACIÓN DEL CONTROL'!U61 -> 0 | J17: =+IF(H17=0,"",IF(H17<=$AD$13,$AE$13,IF(H17<=$AD$12,$AE$12,IF(H17<=$AD$11,$AE$11,IF(H17<=$AD$10,$AE$10,IF(H17<=$AD$9,$AE$9,"")))))) | K17: =+IF(I17=0,"",IF(I17<=$AF$7,$AF$8,IF(I17<=$AG$7,$AG$8,IF(I17<=$AH$7,$AH$8,IF(I17<=$AI$7,$AI$8,IF(I17<=$AJ$7,$AJ$8,"")))))) | L17: =+IF(J17=$AE$9,IF(K17=$AF$8,$AF$9,IF(K17=$AG$8,$AG$9,IF(K17=$AH$8,$AH$9,IF(K17=$AI$8,$AI$9,IF(K17=$AJ$8,$AJ$9))))),IF(J17=$AE$10,IF(K17=$AF$8,$AF$10,IF(K17=$AG$8,$AG$10,IF(K17=$AH$8,$AH$10,IF(K17=$AI$8,$AI$10,IF(K17=$AJ$8,$AJ$10))))),IF(J17=$AE$11,IF(K17=$AF$8,$AF$11,IF(K17=$AG$8,$AG$11,IF(K17=$AH$8,$AH$11,IF(K17=$AI$8,$AI$11,IF(K17=$AJ$8,$AJ$11))))),IF(J17=$AE$12,IF(K17=$AF$8,$AF$12,IF(K17=$AG$8,$AG$12,IF(K17=$AH$8,$AH$12,IF(K17=$AI$8,$AI$12,IF(K17=$AJ$8,$AJ$12))))),IF(J17=$AE$13,IF(K17=$AF$8,$AF$13,IF(K17=$AG$8,$AG$13,IF(K17=$AH$8,$AH$13,IF(K17=$AI$8,$AI$13,IF(K17=$AJ$8,$AJ$13))))),""))))) | M17: =+IF($N17="","",IF($N17=$AG$16,$AH$16,IF($N17=$AG$19,$AH$19))) | N17: =+IF(L17="","",IF(OR(L17=$AF$16,L17=$AF$17,L17=$AF$18),$AG$16,IF(L17=$AF$19,$AG$19))) | P17: =+IF($M17="","",IF($M17=$AH$19,$AG$19,$O17)) | AF17: Alto | AG17: Reducir_mitigar_Transferir_Evitar | AH17: Requiere Plan de Acción | AJ17: Reducir_Transferir
A18: ='2 CONTEXTO E IDENTIFICACIÓN'!A18 -> 0 | B18: =+'2 CONTEXTO E IDENTIFICACIÓN'!J18 -> 0 | C18: =+'3 PROBABIL E IMPACTO INHERENTE'!E18 | D18: =+'3 PROBABIL E IMPACTO INHERENTE'!M18 | E18: =+'4 MAPA CALOR INHERENTE'!C18 | F18: =+'4 MAPA CALOR INHERENTE'!D18 | G18: =+'4 MAPA CALOR INHERENTE'!E18 | H18: =+'5 VALORACIÓN DEL CONTROL'!T67 -> 0 | I18: =+'5 VALORACIÓN DEL CONTROL'!U67 -> 0 | J18: =+IF(H18=0,"",IF(H18<=$AD$13,$AE$13,IF(H18<=$AD$12,$AE$12,IF(H18<=$AD$11,$AE$11,IF(H18<=$AD$10,$AE$10,IF(H18<=$AD$9,$AE$9,"")))))) | K18: =+IF(I18=0,"",IF(I18<=$AF$7,$AF$8,IF(I18<=$AG$7,$AG$8,IF(I18<=$AH$7,$AH$8,IF(I18<=$AI$7,$AI$8,IF(I18<=$AJ$7,$AJ$8,"")))))) | L18: =+IF(J18=$AE$9,IF(K18=$AF$8,$AF$9,IF(K18=$AG$8,$AG$9,IF(K18=$AH$8,$AH$9,IF(K18=$AI$8,$AI$9,IF(K18=$AJ$8,$AJ$9))))),IF(J18=$AE$10,IF(K18=$AF$8,$AF$10,IF(K18=$AG$8,$AG$10,IF(K18=$AH$8,$AH$10,IF(K18=$AI$8,$AI$10,IF(K18=$AJ$8,$AJ$10))))),IF(J18=$AE$11,IF(K18=$AF$8,$AF$11,IF(K18=$AG$8,$AG$11,IF(K18=$AH$8,$AH$11,IF(K18=$AI$8,$AI$11,IF(K18=$AJ$8,$AJ$11))))),IF(J18=$AE$12,IF(K18=$AF$8,$AF$12,IF(K18=$AG$8,$AG$12,IF(K18=$AH$8,$AH$12,IF(K18=$AI$8,$AI$12,IF(K18=$AJ$8,$AJ$12))))),IF(J18=$AE$13,IF(K18=$AF$8,$AF$13,IF(K18=$AG$8,$AG$13,IF(K18=$AH$8,$AH$13,IF(K18=$AI$8,$AI$13,IF(K18=$AJ$8,$AJ$13))))),""))))) | M18: =+IF($N18="","",IF($N18=$AG$16,$AH$16,IF($N18=$AG$19,$AH$19))) | N18: =+IF(L18="","",IF(OR(L18=$AF$16,L18=$AF$17,L18=$AF$18),$AG$16,IF(L18=$AF$19,$AG$19))) | P18: =+IF($M18="","",IF($M18=$AH$19,$AG$19,$O18)) | AF18: Moderado | AG18: Reducir_mitigar_Transferir_Evitar | AH18: Requiere Plan de Acción | AJ18: Evitar
A19: ='2 CONTEXTO E IDENTIFICACIÓN'!A19 -> 0 | B19: =+'2 CONTEXTO E IDENTIFICACIÓN'!J19 -> 0 | C19: =+'3 PROBABIL E IMPACTO INHERENTE'!E19 | D19: =+'3 PROBABIL E IMPACTO INHERENTE'!M19 | E19: =+'4 MAPA CALOR INHERENTE'!C19 | F19: =+'4 MAPA CALOR INHERENTE'!D19 | G19: =+'4 MAPA CALOR INHERENTE'!E19 | H19: =+'5 VALORACIÓN DEL CONTROL'!T73 -> 0 | I19: =+'5 VALORACIÓN DEL CONTROL'!U73 -> 0 | J19: =+IF(H19=0,"",IF(H19<=$AD$13,$AE$13,IF(H19<=$AD$12,$AE$12,IF(H19<=$AD$11,$AE$11,IF(H19<=$AD$10,$AE$10,IF(H19<=$AD$9,$AE$9,"")))))) | K19: =+IF(I19=0,"",IF(I19<=$AF$7,$AF$8,IF(I19<=$AG$7,$AG$8,IF(I19<=$AH$7,$AH$8,IF(I19<=$AI$7,$AI$8,IF(I19<=$AJ$7,$AJ$8,"")))))) | L19: =+IF(J19=$AE$9,IF(K19=$AF$8,$AF$9,IF(K19=$AG$8,$AG$9,IF(K19=$AH$8,$AH$9,IF(K19=$AI$8,$AI$9,IF(K19=$AJ$8,$AJ$9))))),IF(J19=$AE$10,IF(K19=$AF$8,$AF$10,IF(K19=$AG$8,$AG$10,IF(K19=$AH$8,$AH$10,IF(K19=$AI$8,$AI$10,IF(K19=$AJ$8,$AJ$10))))),IF(J19=$AE$11,IF(K19=$AF$8,$AF$11,IF(K19=$AG$8,$AG$11,IF(K19=$AH$8,$AH$11,IF(K19=$AI$8,$AI$11,IF(K19=$AJ$8,$AJ$11))))),IF(J19=$AE$12,IF(K19=$AF$8,$AF$12,IF(K19=$AG$8,$AG$12,IF(K19=$AH$8,$AH$12,IF(K19=$AI$8,$AI$12,IF(K19=$AJ$8,$AJ$12))))),IF(J19=$AE$13,IF(K19=$AF$8,$AF$13,IF(K19=$AG$8,$AG$13,IF(K19=$AH$8,$AH$13,IF(K19=$AI$8,$AI$13,IF(K19=$AJ$8,$AJ$13))))),""))))) | M19: =+IF($N19="","",IF($N19=$AG$16,$AH$16,IF($N19=$AG$19,$AH$19))) | N19: =+IF(L19="","",IF(OR(L19=$AF$16,L19=$AF$17,L19=$AF$18),$AG$16,IF(L19=$AF$19,$AG$19))) | P19: =+IF($M19="","",IF($M19=$AH$19,$AG$19,$O19)) | AF19: Bajo | AG19: Aceptar | AH19: No requiere Plan de Acción
A20: ='2 CONTEXTO E IDENTIFICACIÓN'!A20 -> 0 | B20: =+'2 CONTEXTO E IDENTIFICACIÓN'!J20 -> 0 | C20: =+'3 PROBABIL E IMPACTO INHERENTE'!E20 | D20: =+'3 PROBABIL E IMPACTO INHERENTE'!M20 | E20: =+'4 MAPA CALOR INHERENTE'!C20 | F20: =+'4 MAPA CALOR INHERENTE'!D20 | G20: =+'4 MAPA CALOR INHERENTE'!E20 | H20: =+'5 VALORACIÓN DEL CONTROL'!T79 -> 0 | I20: =+'5 VALORACIÓN DEL CONTROL'!U79 -> 0 | J20: =+IF(H20=0,"",IF(H20<=$AD$13,$AE$13,IF(H20<=$AD$12,$AE$12,IF(H20<=$AD$11,$AE$11,IF(H20<=$AD$10,$AE$10,IF(H20<=$AD$9,$AE$9,"")))))) | K20: =+IF(I20=0,"",IF(I20<=$AF$7,$AF$8,IF(I20<=$AG$7,$AG$8,IF(I20<=$AH$7,$AH$8,IF(I20<=$AI$7,$AI$8,IF(I20<=$AJ$7,$AJ$8,"")))))) | L20: =+IF(J20=$AE$9,IF(K20=$AF$8,$AF$9,IF(K20=$AG$8,$AG$9,IF(K20=$AH$8,$AH$9,IF(K20=$AI$8,$AI$9,IF(K20=$AJ$8,$AJ$9))))),IF(J20=$AE$10,IF(K20=$AF$8,$AF$10,IF(K20=$AG$8,$AG$10,IF(K20=$AH$8,$AH$10,IF(K20=$AI$8,$AI$10,IF(K20=$AJ$8,$AJ$10))))),IF(J20=$AE$11,IF(K20=$AF$8,$AF$11,IF(K20=$AG$8,$AG$11,IF(K20=$AH$8,$AH$11,IF(K20=$AI$8,$AI$11,IF(K20=$AJ$8,$AJ$11))))),IF(J20=$AE$12,IF(K20=$AF$8,$AF$12,IF(K20=$AG$8,$AG$12,IF(K20=$AH$8,$AH$12,IF(K20=$AI$8,$AI$12,IF(K20=$AJ$8,$AJ$12))))),IF(J20=$AE$13,IF(K20=$AF$8,$AF$13,IF(K20=$AG$8,$AG$13,IF(K20=$AH$8,$AH$13,IF(K20=$AI$8,$AI$13,IF(K20=$AJ$8,$AJ$13))))),""))))) | M20: =+IF($N20="","",IF($N20=$AG$16,$AH$16,IF($N20=$AG$19,$AH$19))) | N20: =+IF(L20="","",IF(OR(L20=$AF$16,L20=$AF$17,L20=$AF$18),$AG$16,IF(L20=$AF$19,$AG$19))) | P20: =+IF($M20="","",IF($M20=$AH$19,$AG$19,$O20))
A21: ='2 CONTEXTO E IDENTIFICACIÓN'!A21 -> 0 | B21: =+'2 CONTEXTO E IDENTIFICACIÓN'!J21 -> 0 | C21: =+'3 PROBABIL E IMPACTO INHERENTE'!E21 | D21: =+'3 PROBABIL E IMPACTO INHERENTE'!M21 | E21: =+'4 MAPA CALOR INHERENTE'!C21 | F21: =+'4 MAPA CALOR INHERENTE'!D21 | G21: =+'4 MAPA CALOR INHERENTE'!E21 | H21: =+'5 VALORACIÓN DEL CONTROL'!T85 -> 0 | I21: =+'5 VALORACIÓN DEL CONTROL'!U85 -> 0 | J21: =+IF(H21=0,"",IF(H21<=$AD$13,$AE$13,IF(H21<=$AD$12,$AE$12,IF(H21<=$AD$11,$AE$11,IF(H21<=$AD$10,$AE$10,IF(H21<=$AD$9,$AE$9,"")))))) | K21: =+IF(I21=0,"",IF(I21<=$AF$7,$AF$8,IF(I21<=$AG$7,$AG$8,IF(I21<=$AH$7,$AH$8,IF(I21<=$AI$7,$AI$8,IF(I21<=$AJ$7,$AJ$8,"")))))) | L21: =+IF(J21=$AE$9,IF(K21=$AF$8,$AF$9,IF(K21=$AG$8,$AG$9,IF(K21=$AH$8,$AH$9,IF(K21=$AI$8,$AI$9,IF(K21=$AJ$8,$AJ$9))))),IF(J21=$AE$10,IF(K21=$AF$8,$AF$10,IF(K21=$AG$8,$AG$10,IF(K21=$AH$8,$AH$10,IF(K21=$AI$8,$AI$10,IF(K21=$AJ$8,$AJ$10))))),IF(J21=$AE$11,IF(K21=$AF$8,$AF$11,IF(K21=$AG$8,$AG$11,IF(K21=$AH$8,$AH$11,IF(K21=$AI$8,$AI$11,IF(K21=$AJ$8,$AJ$11))))),IF(J21=$AE$12,IF(K21=$AF$8,$AF$12,IF(K21=$AG$8,$AG$12,IF(K21=$AH$8,$AH$12,IF(K21=$AI$8,$AI$12,IF(K21=$AJ$8,$AJ$12))))),IF(J21=$AE$13,IF(K21=$AF$8,$AF$13,IF(K21=$AG$8,$AG$13,IF(K21=$AH$8,$AH$13,IF(K21=$AI$8,$AI$13,IF(K21=$AJ$8,$AJ$13))))),""))))) | M21: =+IF($N21="","",IF($N21=$AG$16,$AH$16,IF($N21=$AG$19,$AH$19))) | N21: =+IF(L21="","",IF(OR(L21=$AF$16,L21=$AF$17,L21=$AF$18),$AG$16,IF(L21=$AF$19,$AG$19))) | P21: =+IF($M21="","",IF($M21=$AH$19,$AG$19,$O21))
A22: ='2 CONTEXTO E IDENTIFICACIÓN'!A22 -> 0 | B22: =+'2 CONTEXTO E IDENTIFICACIÓN'!J22 -> 0 | C22: =+'3 PROBABIL E IMPACTO INHERENTE'!E22 | D22: =+'3 PROBABIL E IMPACTO INHERENTE'!M22 | E22: =+'4 MAPA CALOR INHERENTE'!C22 | F22: =+'4 MAPA CALOR INHERENTE'!D22 | G22: =+'4 MAPA CALOR INHERENTE'!E22 | H22: =+'5 VALORACIÓN DEL CONTROL'!T91 -> 0 | I22: =+'5 VALORACIÓN DEL CONTROL'!U91 -> 0 | J22: =+IF(H22=0,"",IF(H22<=$AD$13,$AE$13,IF(H22<=$AD$12,$AE$12,IF(H22<=$AD$11,$AE$11,IF(H22<=$AD$10,$AE$10,IF(H22<=$AD$9,$AE$9,"")))))) | K22: =+IF(I22=0,"",IF(I22<=$AF$7,$AF$8,IF(I22<=$AG$7,$AG$8,IF(I22<=$AH$7,$AH$8,IF(I22<=$AI$7,$AI$8,IF(I22<=$AJ$7,$AJ$8,"")))))) | L22: =+IF(J22=$AE$9,IF(K22=$AF$8,$AF$9,IF(K22=$AG$8,$AG$9,IF(K22=$AH$8,$AH$9,IF(K22=$AI$8,$AI$9,IF(K22=$AJ$8,$AJ$9))))),IF(J22=$AE$10,IF(K22=$AF$8,$AF$10,IF(K22=$AG$8,$AG$10,IF(K22=$AH$8,$AH$10,IF(K22=$AI$8,$AI$10,IF(K22=$AJ$8,$AJ$10))))),IF(J22=$AE$11,IF(K22=$AF$8,$AF$11,IF(K22=$AG$8,$AG$11,IF(K22=$AH$8,$AH$11,IF(K22=$AI$8,$AI$11,IF(K22=$AJ$8,$AJ$11))))),IF(J22=$AE$12,IF(K22=$AF$8,$AF$12,IF(K22=$AG$8,$AG$12,IF(K22=$AH$8,$AH$12,IF(K22=$AI$8,$AI$12,IF(K22=$AJ$8,$AJ$12))))),IF(J22=$AE$13,IF(K22=$AF$8,$AF$13,IF(K22=$AG$8,$AG$13,IF(K22=$AH$8,$AH$13,IF(K22=$AI$8,$AI$13,IF(K22=$AJ$8,$AJ$13))))),""))))) | M22: =+IF($N22="","",IF($N22=$AG$16,$AH$16,IF($N22=$AG$19,$AH$19))) | N22: =+IF(L22="","",IF(OR(L22=$AF$16,L22=$AF$17,L22=$AF$18),$AG$16,IF(L22=$AF$19,$AG$19))) | P22: =+IF($M22="","",IF($M22=$AH$19,$AG$19,$O22))
